Workbook
Name __bla1: [1]leads!$H$7
Name __can430: 40.73
Name __can435: 43.3
Name __cur1: [2]r!$F$30
Name __l1: [3]leads!$A$3:$E$108
Name __l12: #REF!
Name __l12: #REF!
Name __l2: [2]r!$F$29
Name __l3: #REF!
Name __l3: #REF!
Name __l4: [4]Sheet1!$W$2:$Y$103
Name __l5: #REF!
Name __l5: #REF!
Name __l6: [2]r!$F$4
Name __l7: [5]r!$F$4
Name __l8: [2]r!$F$2
Name __l9: [2]r!$F$3
Name __mm1: [6]r!$F$4
Name __mm11: [2]r!$F$4
Name __mm111: [5]r!$F$4
Name __pc2: #REF!
Name __pc2: #REF!
Name __pv2: #REF!
Name __pv2: #REF!
Name __rr3: [7]v!$A$2:$E$51
Name __rrr1: [7]r!$B$1:$I$145
Name __ss12: [8]rdamdata!$J$8
Name __ss20: [8]rdamdata!$J$7
Name __ss40: [8]rdamdata!$J$6
Name __var1: #REF!
Name __var1: #REF!
Name __var4: #REF!
Name __var4: #REF!
Name _bla1: [1]leads!$H$7
Name _can430: 40.73
Name _can435: 43.3
Name _cur1: [2]r!$F$30
Name _l1: [3]leads!$A$3:$E$108
Name _l12: #REF!
Name _l12: #REF!
Name _l2: [2]r!$F$29
Name _l3: #REF!
Name _l3: #REF!
Name _l4: [4]Sheet1!$W$2:$Y$103
Name _l5: #REF!
Name _l5: #REF!
Name _l6: [2]r!$F$4
Name _l7: [5]r!$F$4
Name _l8: [2]r!$F$2
Name _l9: [2]r!$F$3
Name _mm1: [6]r!$F$4
Name _mm11: [2]r!$F$4
Name _mm111: [5]r!$F$4
Name _pc2: #REF!
Name _pc2: #REF!
Name _pv2: #REF!
Name _pv2: #REF!
Name _rr3: [7]v!$A$2:$E$51
Name _rrr1: [7]r!$B$1:$I$145
Name _ss12: [8]rdamdata!$J$8

Sheet 0000000000000

Sheet COVER
A1: fffffffffffffffffffffffffffffffffffffffffffffffffffffffffffffffffffffffffffffffffffffffffffffffffffffffffffffffffffffffffffffffffffffffffffffffffffffffffffffffffffffffffffffffffffffffffffffffffffffffffffffffffffffffffffffffffffffffffffffffffffffffffffffffffffffffffffffffffffffffffffffffffffffffffffffffffffffffffffffffffffffffffffffffffffffffffffffffffffffffffffffffffffffffffffffffffffffffffffffffffffffffffffffffffffffffffffffffffffff | B1: fffffffffffffffffffffffffffffffffffffffffffffffffffffffffffffffffffffffffffffffffffffffffffffffffffffffffffffffffffffffffffffffffffffffffffffffffffffffffffffffffffffffffffffffffffffffffffffffffffffffffffffffffffffffffffffffffffffffffffffffffffffffffffffffffffffffffffffffffffffffffffffffffffffffffffffffffffffffffffffffffffffffffffffffffffffffffffffffffffffffffffffffffffffffffffffffffffffff | K1: ffffffffffffffffffffffffffffffffffffffffffffffffffffffffffffffffffffffffffffffffffffffffffffffffffffffffffffffffffffffffffffffffffffffffffffffffffffffffffffffffffffffffffffffffffffffffffffffffffffffffffffffffffffffffffffffffffffffffffffffffffffffffffffffffffffffffffffffffffffffffffffffffffffffffffffffffffffffffffffffffffffffffffffffffffffffffffffffffffffffffffffffff
B18: PANCHAYATI RAJ ENGINEERING DEPARTMENT
B20: LINE ESTIMATE
C23: NAME OF THE WORK | F23: : | G23: ='lead 24-25'!C2 -> Completion of incomplete Anganwadi building in Paletipalli village of P.C.Palli Mandal.
C25: ESTIMATE COST Rs | F25: : | G25: ='lead 24-25'!K4 -> 15.00 Lakhs
C27: GRANT | F27: : | G27: PROPOSED UNDER ZPGF GRANT
C29: NAME OF THE MANDAL | F29: : | G29: P.C.PALLI
C31: NAME OF SUB.DIVISION. | F31: : | G31: KANIGIRI
C33: NAME OF THE DIVISION | F33: : | G33: KANDUKUR
C35: NAME OF CIRCLE | F35: : | G35: ONGOLE
C37: SCHOOL CODE | F37: : | G37: 805181
A40: ffffffffffffffffffffffffffffffffffffffffffffffffffffffffffffffffffffffffffffffffffffffffffffffffffffffffffffffffffffffffffffffffffffffffffffffffffffffffffffffffffffffffffffffffffffffffffffffffffffffffffffffffffffffffffffffffffffffffffffffffffffffffffffffffffffffffffffffffffffffffffffffffffffffffffffffffffffffffffffffffffffffffffffffffffffffffffffffffffffffffffffffff

Sheet SPE
A1: SPECIFICATION REPORT
A3: Specification Report to accompany the estimate for the work "
A4: ='lead 24-25'!C2 -> Completion of incomplete Anganwadi building in Paletipalli village of P.C.Palli Mandal.
F5: Estt. Rs. | H5: ='lead 24-25'!K4 -> 15.00 Lakhs
A7: The above building has been proposed for Rs 15.00 lakhs under ZPGF Grant vide RC.No. P5/326 /2025 Dt 13.02.2025 of the Chief Executive Officer, Zilla Parishad, Prakasam District, Ongole . Hence the estimate is preapred with the following provisions.
A8: 1 | B8: Dismantling Cement Concrete
A9: 1 | B9: Dismantling Tiles
A10: 2 | B10: Scraping Plaster Cement Mortar
A11: 1 | B11: Earthwork in excavation for structures
A12: 2 | B12: S&F 1200mm dia hume pipes
A13: 3 | B13: S&F high polished granite stone for cupboards
A14: 3 | B14: S&F Vitrified tiles stone for cupboards
A15: 1 | B15: Plain Cement Concrete (1:4:8)
A16: 3 | B16: Filling Basement with Selected earth in trenches
A17: 4 | B17: RCC M-20 Grade for Column footings
A18: 5 | B18: RCC M-20 Grade for Columns
A19: 6 | B19: RCC M-20 Grade for plinth beam
... A64: 11 | B64: S&F of Sanitatin itmes like Water closet, Wash basin, Taps, Health Faucet
A65: Necessary provisions are made for QC Charges at 0.5%, GST charges @ 18%, Seigneorage charges, are shown in the estimate
A66: The estimate is prepared as per the current schedule of rates for the year 2024-25 and the work shall be executed as per APSS.
E69: ='lead 24-25'!$H$32 -> Deputy Executive Engineer | H69: ='lead 24-25'!$K$32 -> Assistant Engineer
E70: ='lead 24-25'!$H$33 -> PRI Sub Division | H70: ='lead 24-25'!$K$33 -> Mandal Praja parishad
E71: ='lead 24-25'!$H$34 -> Kanigiri | H71: ='lead 24-25'!$K$34 -> P.C.Palli

Sheet ESTIMATE
A1: LINE ESTIMATE
A2: Name of the work | C2: ='lead 24-25'!C2:L2 -> Completion of incomplete Anganwadi building in Paletipalli village of P.C.Palli Mandal.
I3: Est.Rs. | L3: ='lead 24-25'!K4 -> 15.00 Lakhs
A4: S.No | B4: Description of Item | C4: No | F4: Measurements | I4: Quantity | K4: Rate | L4: Per | M4: Amount
F5: L | G5: B | H5: D
A6: 1 | B6: 2 | C6: 3 | F6: 4 | G6: 5 | H6: 6 | I6: 7 | K6: 8 | L6: 9 | M6: 10
B7: GROUND FLOOR
A8: 1 | B8: Clearing light jungle including up-rooting and removing of Juliflora stumps.
B9: Site Clearence | C9: 1 | D9: x | E9: 1 | F9: 11 | G9: 10 | H9: 0 | I9: =ROUND(IF(AND(F9:H9),C9*E9*F9*G9*H9,IF(AND(F9,G9),C9*E9*F9*G9,IF(AND(F9,H9),C9*E9*F9*H9,IF(AND(G9,H9),C9*E9*G9*H9,IF(F9,C9*E9*F9,IF(G9,C9*E9*G9,IF(H9,C9*E9*H9,C9*E9))))))),2) -> 110 | J9: Sqm
I10: =SUM(I9:I9) -> 110 | J10: Sqm
B11: Deduct Voids @ 40% | I11: =-ROUND(I10*40%,2) -> -44 | J11: Sqm
J12: Sqm | K12: ='DATA 2024-25'!G66 -> 6.06 | L12: 1Sqm | M12: =ROUND(I12*K12,0) -> 0
A13: 1 | B13: Dismantling of existing structures comprising of cement concrete including T&P and scaffolding wherever necessary, sorting the dismantled material, disposal of unserviceable material and stacking the serviceable material with all lifts and lead of 1000 m as per Technical Specification Clause 202 MORD / MORTH | O13: =N1714 -> 0
B14: Flooring bed concrete
B15: Hall | C15: 1 | D15: x | E15: 1 | F15: 4.8 | G15: 3.3 | H15: 0.1 | I15: =ROUND(IF(AND(F15:H15),C15*E15*F15*G15*H15,IF(AND(F15,G15),C15*E15*F15*G15,IF(AND(F15,H15),C15*E15*F15*H15,IF(AND(G15,H15),C15*E15*G15*H15,IF(F15,C15*E15*F15,IF(G15,C15*E15*G15,IF(H15,C15*E15*H15,C15*E15))))))),2) -> 1.58 | J15: Cum
B16: DPO room | C16: 1 | D16: x | E16: 1 | F16: 3.3 | G16: 3.3 | H16: 0.1 | I16: =ROUND(IF(AND(F16:H16),C16*E16*F16*G16*H16,IF(AND(F16,G16),C16*E16*F16*G16,IF(AND(F16,H16),C16*E16*F16*H16,IF(AND(G16,H16),C16*E16*G16*H16,IF(F16,C16*E16*F16,IF(G16,C16*E16*G16,IF(H16,C16*E16*H16,C16*E16))))))),2) -> 1.09 | J16: Cum
B17: Tiolet | C17: 1 | D17: x | E17: 1 | F17: 3.3 | G17: 1.8 | H17: 0.1 | I17: =ROUND(IF(AND(F17:H17),C17*E17*F17*G17*H17,IF(AND(F17,G17),C17*E17*F17*G17,IF(AND(F17,H17),C17*E17*F17*H17,IF(AND(G17,H17),C17*E17*G17*H17,IF(F17,C17*E17*F17,IF(G17,C17*E17*G17,IF(H17,C17*E17*H17,C17*E17))))))),2) -> 0.59 | J17: Cum
J19: Cum | K19: ='DATA 2024-25'!G49 -> 795.94 | L19: 1Cum | M19: =ROUND(I19*K19,0) -> 0
A20: 1 | B20: Dismantling of existing structures like Flooring including disposal of unserviceable material and stacking the serviceable material with all lifts and lead of 1000 m as per Technical Specification Clause 202 MORD / MORTH | O20: =N1721 -> 0
B21: Flooring bed concrete
B22: Hall | C22: 1 | D22: x | E22: 1 | F22: 4.8 | G22: 3.3 | H22: 0.1 | I22: =ROUND(IF(AND(F22:H22),C22*E22*F22*G22*H22,IF(AND(F22,G22),C22*E22*F22*G22,IF(AND(F22,H22),C22*E22*F22*H22,IF(AND(G22,H22),C22*E22*G22*H22,IF(F22,C22*E22*F22,IF(G22,C22*E22*G22,IF(H22,C22*E22*H22,C22*E22))))))),2) -> 1.58 | J22: Cum
B23: DPO room | C23: 1 | D23: x | E23: 1 | F23: 3.3 | G23: 3.3 | H23: 0.1 | I23: =ROUND(IF(AND(F23:H23),C23*E23*F23*G23*H23,IF(AND(F23,G23),C23*E23*F23*G23,IF(AND(F23,H23),C23*E23*F23*H23,IF(AND(G23,H23),C23*E23*G23*H23,IF(F23,C23*E23*F23,IF(G23,C23*E23*G23,IF(H23,C23*E23*H23,C23*E23))))))),2) -> 1.09 | J23: Cum
B24: Tiolet | C24: 1 | D24: x | E24: 1 | F24: 3.3 | G24: 1.8 | H24: 0.1 | I24: =ROUND(IF(AND(F24:H24),C24*E24*F24*G24*H24,IF(AND(F24,G24),C24*E24*F24*G24,IF(AND(F24,H24),C24*E24*F24*H24,IF(AND(G24,H24),C24*E24*G24*H24,IF(F24,C24*E24*F24,IF(G24,C24*E24*G24,IF(H24,C24*E24*H24,C24*E24))))))),2) -> 0.59 | J24: Cum
J26: Cum | K26: ='DATA 2024-25'!G61 -> 487.06 | L26: 1Cum | M26: =ROUND(I26*K26,0) -> 0
A27: 1 | B27: Earthwork in excavation for structures as per drawing and technical specifications Clause 305.1 including setting out, construction of shoring and bracing, removal of stumps and other deleterious material and disposal upto a lead of 50 m, dressing of sides and bottom and backfilling in trenches with excavated suitable material as per Technical Specification 305 MORD / 304 MORTH | O27: =N1718 -> 40165
B28: For Columns | C28: 1 | D28: x | E28: 12 | F28: 1.5 | G28: 1.5 | H28: 1.2 | I28: =ROUND(IF(AND(F28:H28),C28*E28*F28*G28*H28,IF(AND(F28,G28),C28*E28*F28*G28,IF(AND(F28,H28),C28*E28*F28*H28,IF(AND(G28,H28),C28*E28*G28*H28,IF(F28,C28*E28*F28,IF(G28,C28*E28*G28,IF(H28,C28*E28*H28,C28*E28))))))),2) -> 32.4 | J28: Cum
B29: Long walls | C29: 1 | D29: x | E29: 3 | F29: 8.61 | G29: 0.38 | H29: 0.1 | I29: =ROUND(IF(AND(F29:H29),C29*E29*F29*G29*H29,IF(AND(F29,G29),C29*E29*F29*G29,IF(AND(F29,H29),C29*E29*F29*H29,IF(AND(G29,H29),C29*E29*G29*H29,IF(F29,C29*E29*F29,IF(G29,C29*E29*G29,IF(H29,C29*E29*H29,C29*E29))))))),2) -> 0.98 | J29: Cum
B30: Short walls | C30: 1 | D30: x | E30: 2 | F30: 4.73 | G30: 0.38 | H30: 0.1 | I30: =ROUND(IF(AND(F30:H30),C30*E30*F30*G30*H30,IF(AND(F30,G30),C30*E30*F30*G30,IF(AND(F30,H30),C30*E30*F30*H30,IF(AND(G30,H30),C30*E30*G30*H30,IF(F30,C30*E30*F30,IF(G30,C30*E30*G30,IF(H30,C30*E30*H30,C30*E30))))))),2) -> 0.36 | J30: Cum
B31: Verandah | C31: 1 | D31: x | E31: 2 | F31: 1.2 | G31: 0.38 | H31: 0.1 | I31: =ROUND(IF(AND(F31:H31),C31*E31*F31*G31*H31,IF(AND(F31,G31),C31*E31*F31*G31,IF(AND(F31,H31),C31*E31*F31*H31,IF(AND(G31,H31),C31*E31*G31*H31,IF(F31,C31*E31*F31,IF(G31,C31*E31*G31,IF(H31,C31*E31*H31,C31*E31))))))),2) -> 0.09 | J31: Cum
J33: Cum | K33: ='DATA 2024-25'!G72 -> 246.07 | L33: 1Cum | M33: =ROUND(I33*K33,0) -> 0
A34: 1 | B34: Plain Cement Concrete (1:4:8) proportion Nominal mix for foundations using 40mm size SS-5 metal including c/c of all materials & labour charges, machine mixing & laying concrete in foundations ramming etc complete for Bed Concrete (APSS No 402)
B35: For Columns | C35: 1 | D35: x | E35: 12 | F35: 1.5 | G35: 1.5 | H35: 0.15 | J35: Cum
B36: Long walls | C36: 1 | D36: x | E36: 3 | F36: 8.61 | G36: 0.38 | H36: 0.1 | J36: Cum
B37: Short walls | C37: 1 | D37: x | E37: 2 | F37: 4.73 | G37: 0.38 | H37: 0.1 | J37: Cum
B38: Verandah | C38: 1 | D38: x | E38: 2 | F38: 1.2 | G38: 0.38 | H38: 0.1 | J38: Cum
B39: Hall | C39: 1 | D39: x | E39: 1 | F39: 6.25 | G39: 5 | H39: 0.1 | I39: =ROUND(IF(AND(F39:H39),C39*E39*F39*G39*H39,IF(AND(F39,G39),C39*E39*F39*G39,IF(AND(F39,H39),C39*E39*F39*H39,IF(AND(G39,H39),C39*E39*G39*H39,IF(F39,C39*E39*F39,IF(G39,C39*E39*G39,IF(H39,C39*E39*H39,C39*E39))))))),2) -> 3.13 | J39: Cum
B40: Store room + kitchen | C40: 1 | D40: x | E40: 1 | F40: 1.6 | G40: 5 | H40: 0.1 | I40: =ROUND(IF(AND(F40:H40),C40*E40*F40*G40*H40,IF(AND(F40,G40),C40*E40*F40*G40,IF(AND(F40,H40),C40*E40*F40*H40,IF(AND(G40,H40),C40*E40*G40*H40,IF(F40,C40*E40*F40,IF(G40,C40*E40*G40,IF(H40,C40*E40*H40,C40*E40))))))),2) -> 0.8 | J40: Cum
B41: Verandah | C41: 1 | D41: x | E41: 1 | F41: 1.35 | G41: 8.08 | H41: 0.1 | I41: =ROUND(IF(AND(F41:H41),C41*E41*F41*G41*H41,IF(AND(F41,G41),C41*E41*F41*G41,IF(AND(F41,H41),C41*E41*F41*H41,IF(AND(G41,H41),C41*E41*G41*H41,IF(F41,C41*E41*F41,IF(G41,C41*E41*G41,IF(H41,C41*E41*H41,C41*E41))))))),2) -> 1.09 | J41: Cum
B42: Steps | C42: 1 | D42: x | E42: 1 | F42: 1.15 | G42: 1.2 | H42: 0.1 | I42: =ROUND(IF(AND(F42:H42),C42*E42*F42*G42*H42,IF(AND(F42,G42),C42*E42*F42*G42,IF(AND(F42,H42),C42*E42*F42*H42,IF(AND(G42,H42),C42*E42*G42*H42,IF(F42,C42*E42*F42,IF(G42,C42*E42*G42,IF(H42,C42*E42*H42,C42*E42))))))),2) -> 0.14 | J42: Cum
C43: 1 | D43: x | E43: 1 | F43: 2.95 | G43: 0.97 | H43: 0.1 | I43: =ROUND(IF(AND(F43:H43),C43*E43*F43*G43*H43,IF(AND(F43,G43),C43*E43*F43*G43,IF(AND(F43,H43),C43*E43*F43*H43,IF(AND(G43,H43),C43*E43*G43*H43,IF(F43,C43*E43*F43,IF(G43,C43*E43*G43,IF(H43,C43*E43*H43,C43*E43))))))),2) -> 0.29 | J43: Cum
I45: =SUM(I35:I44) -> 5.45 | J45: Cum | K45: ='DATA 2024-25'!G121 -> 5252.57 | L45: 1Cum | M45: =ROUND(I45*K45,0) -> 28627
A46: 4 | B46: Plain Cement Concrete (1:5:10) proportion Nominal mix for foundations using 40mm size SS-5 metal including cost and conveyance of all materials and curing charges, labour charges, machine mixing and laying concrete in foundations ramming etc complete for Bed Concrete (APSS No 402)
B47: Al round the Building | C47: 1 | D47: x | E47: 1 | F47: 27.98 | G47: 0.75 | H47: 0.15 | I47: =ROUND(IF(AND(F47:H47),C47*E47*F47*G47*H47,IF(AND(F47,G47),C47*E47*F47*G47,IF(AND(F47,H47),C47*E47*F47*H47,IF(AND(G47,H47),C47*E47*G47*H47,IF(F47,C47*E47*F47,IF(G47,C47*E47*G47,IF(H47,C47*E47*H47,C47*E47))))))),2) -> 3.15 | J47: Cum
B48: Deduction for Column's | C48: 1 | D48: x | E48: 8 | F48: 2.1 | G48: 0.75 | H48: 0.15 | I48: =-ROUND(IF(AND(F48:H48),C48*E48*F48*G48*H48,IF(AND(F48,G48),C48*E48*F48*G48,IF(AND(F48,H48),C48*E48*F48*H48,IF(AND(G48,H48),C48*E48*G48*H48,IF(F48,C48*E48*F48,IF(G48,C48*E48*G48,IF(H48,C48*E48*H48,C48*E48))))))),2) -> -1.89 | J48: Cum
B49: Under plinth beam
B50: Short wall | C50: 1 | D50: x | E50: 2 | F50: 5.26 | G50: 0.38 | H50: 0.15 | I50: =ROUND(IF(AND(F50:H50),C50*E50*F50*G50*H50,IF(AND(F50,G50),C50*E50*F50*G50,IF(AND(F50,H50),C50*E50*F50*H50,IF(AND(G50,H50),C50*E50*G50*H50,IF(F50,C50*E50*F50,IF(G50,C50*E50*G50,IF(H50,C50*E50*H50,C50*E50))))))),2) -> 0.6 | J50: Cum
B51: Deduct for Columns | C51: 1 | D51: x | E51: 1 | F51: 0.23 | G51: 0.38 | H51: 0.15 | I51: =-ROUND(IF(AND(F51:H51),C51*E51*F51*G51*H51,IF(AND(F51,G51),C51*E51*F51*G51,IF(AND(F51,H51),C51*E51*F51*H51,IF(AND(G51,H51),C51*E51*G51*H51,IF(F51,C51*E51*F51,IF(G51,C51*E51*G51,IF(H51,C51*E51*H51,C51*E51))))))),2) -> -0.01 | J51: Cum
B52: for Flooring bed
B53: Hall | C53: 1 | D53: x | E53: 1 | F53: 5.48 | G53: 8.05 | H53: 0.1 | I53: =ROUND(IF(AND(F53:H53),C53*E53*F53*G53*H53,IF(AND(F53,G53),C53*E53*F53*G53,IF(AND(F53,H53),C53*E53*F53*H53,IF(AND(G53,H53),C53*E53*G53*H53,IF(F53,C53*E53*F53,IF(G53,C53*E53*G53,IF(H53,C53*E53*H53,C53*E53))))))),2) -> 4.41 | J53: Cum
B54: duduct Plinth beam | C54: 1 | D54: x | E54: 2 | F54: 5.48 | G54: 0.23 | H54: 0.1 | I54: =-ROUND(IF(AND(F54:H54),C54*E54*F54*G54*H54,IF(AND(F54,G54),C54*E54*F54*G54,IF(AND(F54,H54),C54*E54*F54*H54,IF(AND(G54,H54),C54*E54*G54*H54,IF(F54,C54*E54*F54,IF(G54,C54*E54*G54,IF(H54,C54*E54*H54,C54*E54))))))),2) -> -0.25 | J54: Cum
J56: Cum | K56: ='DATA 2024-25'!G133 -> 4486.44 | L56: 1Cum | M56: =ROUND(I56*K56,0) -> 0
A57: 4 | B57: Filling Basement with Selected earth by watering and ramming including all operational, incidental and including c/c of material and labour charges etc complete for finished item of the work (APSS No 309& 310) per 1 Cum
B58: Qty.p.18 of M.B.No.134/A/ZP/20
C59: 1 | D59: x | E59: 1 | F59: 7.41 | G59: 9.08 | H59: 0.9 | I59: =ROUND(IF(AND(F59:H59),C59*E59*F59*G59*H59,IF(AND(F59,G59),C59*E59*F59*G59,IF(AND(F59,H59),C59*E59*F59*H59,IF(AND(G59,H59),C59*E59*G59*H59,IF(F59,C59*E59*F59,IF(G59,C59*E59*G59,IF(H59,C59*E59*H59,C59*E59))))))),2) -> 60.55 | J59: Cum
C60: 1 | D60: x | E60: 2 | F60: 0.23 | G60: 0.38 | H60: 0.9 | I60: =-ROUND(IF(AND(F60:H60),C60*E60*F60*G60*H60,IF(AND(F60,G60),C60*E60*F60*G60,IF(AND(F60,H60),C60*E60*F60*H60,IF(AND(G60,H60),C60*E60*G60*H60,IF(F60,C60*E60*F60,IF(G60,C60*E60*G60,IF(H60,C60*E60*H60,C60*E60))))))),2) -> -0.16 | J60: Cum
J62: Cum | K62: ='DATA 2024-25'!G91 -> 440.28 | L62: 1Cum | M62: =ROUND(I62*K62,0) -> 0
A63: 4 | B63: Filling Basement with Gravel by watering and ramming including all operational, incidental and including c/c of material and labour charges etc complete for finished item of the work (APSS No 309& 310) per 1 Cum
B64: Qty.p.69 of M.B.No.103-A/2016-17
B65: Back side stair | C65: 1 | D65: x | E65: 1 | F65: 2.72 | G65: 0.77 | H65: 1.25 | I65: =ROUND(IF(AND(F65:H65),C65*E65*F65*G65*H65,IF(AND(F65,G65),C65*E65*F65*G65,IF(AND(F65,H65),C65*E65*F65*H65,IF(AND(G65,H65),C65*E65*G65*H65,IF(F65,C65*E65*F65,IF(G65,C65*E65*G65,IF(H65,C65*E65*H65,C65*E65))))))),2) -> 2.62 | J65: Cum
B66: Front ramp | C66: 1 | D66: x | E66: 1 | F66: 3.16 | G66: 1.27 | H66: =(0.1+0.77)/2 -> 0.435 | I66: =ROUND(IF(AND(F66:H66),C66*E66*F66*G66*H66,IF(AND(F66,G66),C66*E66*F66*G66,IF(AND(F66,H66),C66*E66*F66*H66,IF(AND(G66,H66),C66*E66*G66*H66,IF(F66,C66*E66*F66,IF(G66,C66*E66*G66,IF(H66,C66*E66*H66,C66*E66))))))),2) -> 1.75 | J66: Cum
B67: Extra ramp | C67: 1 | D67: x | E67: 1 | F67: 0.77 | G67: 1.27 | H67: 0.5 | I67: =ROUND(IF(AND(F67:H67),C67*E67*F67*G67*H67,IF(AND(F67,G67),C67*E67*F67*G67,IF(AND(F67,H67),C67*E67*F67*H67,IF(AND(G67,H67),C67*E67*G67*H67,IF(F67,C67*E67*F67,IF(G67,C67*E67*G67,IF(H67,C67*E67*H67,C67*E67))))))),2) -> 0.49 | J67: Cum
B68: Front verandah | C68: 1 | D68: x | E68: 1 | F68: 4.99 | G68: 2.2 | H68: 1.05 | I68: =ROUND(IF(AND(F68:H68),C68*E68*F68*G68*H68,IF(AND(F68,G68),C68*E68*F68*G68,IF(AND(F68,H68),C68*E68*F68*H68,IF(AND(G68,H68),C68*E68*G68*H68,IF(F68,C68*E68*F68,IF(G68,C68*E68*G68,IF(H68,C68*E68*H68,C68*E68))))))),2) -> 11.53 | J68: Cum
B69: Stone, Platform | C69: 1 | D69: x | E69: 1 | F69: 2.89 | G69: 1.17 | H69: 0.9 | I69: =ROUND(IF(AND(F69:H69),C69*E69*F69*G69*H69,IF(AND(F69,G69),C69*E69*F69*G69,IF(AND(F69,H69),C69*E69*F69*H69,IF(AND(G69,H69),C69*E69*G69*H69,IF(F69,C69*E69*F69,IF(G69,C69*E69*G69,IF(H69,C69*E69*H69,C69*E69))))))),2) -> 3.04 | J69: Cum
B70: Stone Ramp | C70: 1 | D70: x | E70: 1 | F70: 1.72 | G70: 1.17 | H70: =(0.2+0.9)/2 -> 0.55 | I70: =ROUND(IF(AND(F70:H70),C70*E70*F70*G70*H70,IF(AND(F70,G70),C70*E70*F70*G70,IF(AND(F70,H70),C70*E70*F70*H70,IF(AND(G70,H70),C70*E70*G70*H70,IF(F70,C70*E70*F70,IF(G70,C70*E70*G70,IF(H70,C70*E70*H70,C70*E70))))))),2) -> 1.11 | J70: Cum
J72: Cum | K72: ='DATA 2024-25'!G99 -> 461.28 | L72: 1Cum | M72: =ROUND(I72*K72,0) -> 0
A73: 2 | B73: Filling with Sand in trenches, sides of foundations & basement by watering and ramming including all operational, incidental, labour charges, hire charges of T&P etc complete including cost and conveyance of material and labour charges etc complete for finished item of the work (APSS No 309& 310) per 1 Cum
D74: x | E74: 1 | F74: 6.25 | G74: 5 | H74: 0.95 | I74: =ROUND(IF(AND(F74:H74),C74*E74*F74*G74*H74,IF(AND(F74,G74),C74*E74*F74*G74,IF(AND(F74,H74),C74*E74*F74*H74,IF(AND(G74,H74),C74*E74*G74*H74,IF(F74,C74*E74*F74,IF(G74,C74*E74*G74,IF(H74,C74*E74*H74,C74*E74))))))),2) -> 0 | J74: Cum
D75: x | E75: 1 | F75: 1.6 | G75: 5 | H75: 0.95 | I75: =ROUND(IF(AND(F75:H75),C75*E75*F75*G75*H75,IF(AND(F75,G75),C75*E75*F75*G75,IF(AND(F75,H75),C75*E75*F75*H75,IF(AND(G75,H75),C75*E75*G75*H75,IF(F75,C75*E75*F75,IF(G75,C75*E75*G75,IF(H75,C75*E75*H75,C75*E75))))))),2) -> 0 | J75: Cum
D76: x | E76: 1 | F76: 1.35 | G76: 8.08 | H76: 0.95 | I76: =ROUND(IF(AND(F76:H76),C76*E76*F76*G76*H76,IF(AND(F76,G76),C76*E76*F76*G76,IF(AND(F76,H76),C76*E76*F76*H76,IF(AND(G76,H76),C76*E76*G76*H76,IF(F76,C76*E76*F76,IF(G76,C76*E76*G76,IF(H76,C76*E76*H76,C76*E76))))))),2) -> 0 | J76: Cum
D77: x | E77: 1 | F77: 1.5 | G77: 0.3 | H77: 0.3 | I77: =-ROUND(IF(AND(F77:H77),C77*E77*F77*G77*H77,IF(AND(F77,G77),C77*E77*F77*G77,IF(AND(F77,H77),C77*E77*F77*H77,IF(AND(G77,H77),C77*E77*G77*H77,IF(F77,C77*E77*F77,IF(G77,C77*E77*G77,IF(H77,C77*E77*H77,C77*E77))))))),2) -> 0 | J77: Cum
B78: steps | C78: 1 | D78: x | E78: 1 | F78: 1.15 | G78: 0.97 | H78: 0.6 | I78: =ROUND(IF(AND(F78:H78),C78*E78*F78*G78*H78,IF(AND(F78,G78),C78*E78*F78*G78,IF(AND(F78,H78),C78*E78*F78*H78,IF(AND(G78,H78),C78*E78*G78*H78,IF(F78,C78*E78*F78,IF(G78,C78*E78*G78,IF(H78,C78*E78*H78,C78*E78))))))),2) -> 0.67 | J78: Cum
B79: Ramp portion | C79: 1 | D79: x | E79: 1 | F79: 2.95 | G79: 0.97 | H79: 0.3 | I79: =ROUND(IF(AND(F79:H79),C79*E79*F79*G79*H79,IF(AND(F79,G79),C79*E79*F79*G79,IF(AND(F79,H79),C79*E79*F79*H79,IF(AND(G79,H79),C79*E79*G79*H79,IF(F79,C79*E79*F79,IF(G79,C79*E79*G79,IF(H79,C79*E79*H79,C79*E79))))))),2) -> 0.86 | J79: Cum
I81: =SUM(I74:I80) -> 1.53 | J81: Cum | K81: ='DATA 2024-25'!G83 -> 150.05 | L81: 1Cum | M81: =ROUND(I81*K81,0) -> 230
A82: 4 | B82: Filling in foundation with excavated soil as per drawing and technical specification Clause 305.3.9 MORD & 304 MORTH.
B83: For Columns | C83: 1 | D83: x | E83: 12 | F83: 1.5 | G83: 1.5 | H83: 1.2 | I83: =ROUND(IF(AND(F83:H83),C83*E83*F83*G83*H83,IF(AND(F83,G83),C83*E83*F83*G83,IF(AND(F83,H83),C83*E83*F83*H83,IF(AND(G83,H83),C83*E83*G83*H83,IF(F83,C83*E83*F83,IF(G83,C83*E83*G83,IF(H83,C83*E83*H83,C83*E83))))))),2) -> 32.4 | J83: Cum
B84: Deductions
B85: PCC (1:4:8) | C85: 1 | D85: x | E85: 12 | F85: 1.5 | G85: 1.5 | H85: 0.15 | I85: =-ROUND(IF(AND(F85:H85),C85*E85*F85*G85*H85,IF(AND(F85,G85),C85*E85*F85*G85,IF(AND(F85,H85),C85*E85*F85*H85,IF(AND(G85,H85),C85*E85*G85*H85,IF(F85,C85*E85*F85,IF(G85,C85*E85*G85,IF(H85,C85*E85*H85,C85*E85))))))),2) -> -4.05 | J85: Cum
B86: For Columns footings | C86: 1 | D86: x | E86: 8 | F86: 1.5 | G86: 1.5 | H86: 0.25 | I86: =-ROUND(IF(AND(F86:H86),C86*E86*F86*G86*H86,IF(AND(F86,G86),C86*E86*F86*G86,IF(AND(F86,H86),C86*E86*F86*H86,IF(AND(G86,H86),C86*E86*G86*H86,IF(F86,C86*E86*F86,IF(G86,C86*E86*G86,IF(H86,C86*E86*H86,C86*E86))))))),2) -> -4.5 | J86: Cum
C87: 1 | D87: x | E87: 4 | F87: 1.2 | G87: 1.2 | H87: 0.25 | I87: =-ROUND(IF(AND(F87:H87),C87*E87*F87*G87*H87,IF(AND(F87,G87),C87*E87*F87*G87,IF(AND(F87,H87),C87*E87*F87*H87,IF(AND(G87,H87),C87*E87*G87*H87,IF(F87,C87*E87*F87,IF(G87,C87*E87*G87,IF(H87,C87*E87*H87,C87*E87))))))),2) -> -1.44 | J87: Cum
B88: Columns | C88: 1 | D88: x | E88: 8 | F88: 0.23 | G88: 0.3 | H88: 1.25 | I88: =-ROUND(IF(AND(F88:H88),C88*E88*F88*G88*H88,IF(AND(F88,G88),C88*E88*F88*G88,IF(AND(F88,H88),C88*E88*F88*H88,IF(AND(G88,H88),C88*E88*G88*H88,IF(F88,C88*E88*F88,IF(G88,C88*E88*G88,IF(H88,C88*E88*H88,C88*E88))))))),2) -> -0.69 | J88: Cum
C89: 1 | D89: x | E89: 4 | F89: 0.23 | G89: 0.23 | H89: 1.25 | I89: =-ROUND(IF(AND(F89:H89),C89*E89*F89*G89*H89,IF(AND(F89,G89),C89*E89*F89*G89,IF(AND(F89,H89),C89*E89*F89*H89,IF(AND(G89,H89),C89*E89*G89*H89,IF(F89,C89*E89*F89,IF(G89,C89*E89*G89,IF(H89,C89*E89*H89,C89*E89))))))),2) -> -0.26 | J89: Cum
J91: Cum | K91: ='DATA 2024-25'!G107 -> 365.84 | L91: 1Cum | M91: =ROUND(I91*K91,0) -> 0
A92: 5 | B92: Reinforced Cement Concrete M20 Nominal mix (Cement: Sand: Metal) corresponding Table 9 of IS 456 using 20mm size graded machine crushed hard granite metal from approved quarry including c/c of all materials like Cement, Sand, coarse aggregate, water etc to site, all marerials including labour charges such as machine mixing, laying concrete, curing etc complete but excluding cost of steel and its fabrication charges for finished item of work for column footings
B93: For Columns footings | C93: 1 | D93: x | E93: 8 | F93: 1.5 | G93: 1.5 | H93: 0.25 | I93: =ROUND(IF(AND(F93:H93),C93*E93*F93*G93*H93,IF(AND(F93,G93),C93*E93*F93*G93,IF(AND(F93,H93),C93*E93*F93*H93,IF(AND(G93,H93),C93*E93*G93*H93,IF(F93,C93*E93*F93,IF(G93,C93*E93*G93,IF(H93,C93*E93*H93,C93*E93))))))),2) -> 4.5 | J93: Cum
C94: 1 | D94: x | E94: 4 | F94: 1.2 | G94: 1.2 | H94: 0.25 | I94: =ROUND(IF(AND(F94:H94),C94*E94*F94*G94*H94,IF(AND(F94,G94),C94*E94*F94*G94,IF(AND(F94,H94),C94*E94*F94*H94,IF(AND(G94,H94),C94*E94*G94*H94,IF(F94,C94*E94*F94,IF(G94,C94*E94*G94,IF(H94,C94*E94*H94,C94*E94))))))),2) -> 1.44 | J94: Cum
J96: Cum | K96: ='DATA 2024-25'!G155 -> 9863.95 | L96: 1Cum | M96: =ROUND(I96*K96,0) -> 0
A97: 6 | B97: ~do~ for Pedastal concrete etc., complete
C98: 1 | D98: x | E98: 12 | F98: 0.6 | G98: 0.6 | H98: 0.6 | I98: =ROUND(IF(AND(F98:H98),C98*E98*F98*G98*H98,IF(AND(F98,G98),C98*E98*F98*G98,IF(AND(F98,H98),C98*E98*F98*H98,IF(AND(G98,H98),C98*E98*G98*H98,IF(F98,C98*E98*F98,IF(G98,C98*E98*G98,IF(H98,C98*E98*H98,C98*E98))))))),2) -> 2.59 | J98: Cum
J100: Cum | K100: ='DATA 2024-25'!G162 -> 10362.72 | L100: 1Cum | M100: =ROUND(I100*K100,0) -> 0
A101: 6 | B101: ~do~ for Columns etc., complete
B102: Upto GL | C102: 1 | D102: x | E102: 8 | F102: 0.23 | G102: 0.3 | H102: 1.25 | I102: =ROUND(IF(AND(F102:H102),C102*E102*F102*G102*H102,IF(AND(F102,G102),C102*E102*F102*G102,IF(AND(F102,H102),C102*E102*F102*H102,IF(AND(G102,H102),C102*E102*G102*H102,IF(F102,C102*E102*F102,IF(G102,C102*E102*G102,IF(H102,C102*E102*H102,C102*E102))))))),2) -> 0.69 | J102: Cum
C103: 1 | D103: x | E103: 4 | F103: 0.23 | G103: 0.3 | H103: 1.25 | I103: =ROUND(IF(AND(F103:H103),C103*E103*F103*G103*H103,IF(AND(F103,G103),C103*E103*F103*G103,IF(AND(F103,H103),C103*E103*F103*H103,IF(AND(G103,H103),C103*E103*G103*H103,IF(F103,C103*E103*F103,IF(G103,C103*E103*G103,IF(H103,C103*E103*H103,C103*E103))))))),2) -> 0.35 | J103: Cum
B104: GL to slab | C104: 1 | D104: x | E104: 8 | F104: 0.23 | G104: 0.3 | H104: 3.1 | I104: =ROUND(IF(AND(F104:H104),C104*E104*F104*G104*H104,IF(AND(F104,G104),C104*E104*F104*G104,IF(AND(F104,H104),C104*E104*F104*H104,IF(AND(G104,H104),C104*E104*G104*H104,IF(F104,C104*E104*F104,IF(G104,C104*E104*G104,IF(H104,C104*E104*H104,C104*E104))))))),2) -> 1.71 | J104: Cum
J106: Cum | K106: ='DATA 2024-25'!E191 -> 12622.12 | L106: 1Cum | M106: =ROUND(I106*K106,0) -> 0
A107: 7 | B107: ~do~ for Plinth beam etc., complete
C108: 1 | D108: x | E108: 2 | F108: 5 | G108: 0.23 | H108: 0.3 | I108: =ROUND(IF(AND(F108:H108),C108*E108*F108*G108*H108,IF(AND(F108,G108),C108*E108*F108*G108,IF(AND(F108,H108),C108*E108*F108*H108,IF(AND(G108,H108),C108*E108*G108*H108,IF(F108,C108*E108*F108,IF(G108,C108*E108*G108,IF(H108,C108*E108*H108,C108*E108))))))),2) -> 0.69 | J108: Cum
C109: 1 | D109: x | E109: 2 | F109: 1.35 | G109: 0.23 | H109: 0.3 | I109: =ROUND(IF(AND(F109:H109),C109*E109*F109*G109*H109,IF(AND(F109,G109),C109*E109*F109*G109,IF(AND(F109,H109),C109*E109*F109*H109,IF(AND(G109,H109),C109*E109*G109*H109,IF(F109,C109*E109*F109,IF(G109,C109*E109*G109,IF(H109,C109*E109*H109,C109*E109))))))),2) -> 0.19 | J109: Cum
C110: 1 | D110: x | E110: 2 | F110: 5 | G110: 0.23 | H110: 0.3 | I110: =ROUND(IF(AND(F110:H110),C110*E110*F110*G110*H110,IF(AND(F110,G110),C110*E110*F110*G110,IF(AND(F110,H110),C110*E110*F110*H110,IF(AND(G110,H110),C110*E110*G110*H110,IF(F110,C110*E110*F110,IF(G110,C110*E110*G110,IF(H110,C110*E110*H110,C110*E110))))))),2) -> 0.69 | J110: Cum
C111: 1 | D111: x | E111: 3 | F111: 8.54 | G111: 0.23 | H111: 0.3 | I111: =ROUND(IF(AND(F111:H111),C111*E111*F111*G111*H111,IF(AND(F111,G111),C111*E111*F111*G111,IF(AND(F111,H111),C111*E111*F111*H111,IF(AND(G111,H111),C111*E111*G111*H111,IF(F111,C111*E111*F111,IF(G111,C111*E111*G111,IF(H111,C111*E111*H111,C111*E111))))))),2) -> 1.77 | J111: Cum
J113: Cum | K113: ='DATA 2024-25'!G169 -> 12249.87 | L113: 1Cum | M113: =ROUND(I113*K113,0) -> 0
...

Sheet Seigneorage
A1: Seigniorage Charges
A2: ='lead 24-25'!B2&'lead 24-25'!C2 -> Name of the Work: Completion of incomplete Anganwadi building in Paletipalli village of P.C.Palli Mandal.
A3: S No | B3: Description of the work | C3: Ground Floor | D3: First Floor | E3: second floor | F3: Total Quantity | H3: 40mm Metal | I3: 20mm HBG Chips | J3: 20mm-12mm Chips | K3: Rough Stone | L3: Sand Concrete | M3: Sand Mortar | N3: Sand Plastering | O3: Sand Filling | P3: S.Earth | Q3: Bricks | R3: Gravel | S3: Cement Qty in Kg | T3: Cement required
A4: 1 | B4: Earthwork Excavation | F4: =C4+D4 -> 0 | G4: M3 | H4: 0 | I4: 0 | J4: 0 | K4: 0 | L4: 0 | M4: 0 | N4: 0 | O4: 0 | P4: 0 | Q4: 0 | R4: =F4 -> 0 | S4: 0 | T4: 0
A5: 1 | B5: Sand Filling | C5: =ESTIMATE!I81 -> 1.53 | F5: =SUM(C5:E5) -> 1.53 | G5: M3 | H5: 0 | I5: 0 | J5: 0 | K5: 0 | L5: 0 | M5: 0 | N5: 0 | O5: =F5 -> 1.53 | P5: 0 | Q5: 0 | R5: 0 | S5: 0 | T5: 0
A6: 2 | B6: Selected earth | C6: =ESTIMATE!I62 -> 0 | F6: =SUM(C6:E6) -> 0 | G6: M3 | H6: 0 | I6: 0 | J6: 0 | K6: 0 | L6: 0 | M6: 0 | N6: 0 | O6: 0 | P6: =F6 -> 0 | Q6: 0 | R6: 0 | S6: 0 | T6: 0
A7: 4 | B7: Gravel filling | C7: =ESTIMATE!I72 -> 0 | F7: =SUM(C7:E7) -> 0 | G7: M3 | H7: 0 | I7: 0 | J7: 0 | K7: 0 | L7: 0 | M7: 0 | N7: 0 | O7: 0 | Q7: 0 | R7: =F7 -> 0 | S7: 0 | T7: 0
A8: 2 | B8: PCC (1:4:8) | C8: =ESTIMATE!I45 -> 5.45 | F8: =SUM(C8:E8) -> 5.45 | G8: M3 | H8: =ROUND(F8*0.9,2) -> 4.91 | I8: 0 | J8: 0 | K8: 0 | L8: =ROUND(F8*0.45,2) -> 2.45 | M8: 0 | N8: 0 | O8: 0 | P8: 0 | Q8: 0 | R8: 0 | S8: =ROUND(F8*T8/50,2) -> 17.66 | T8: 162 | U8: Kg
A9: 4 | B9: PCC (1:5:10) | C9: =ESTIMATE!I56 -> 0 | F9: =SUM(C9:E9) -> 0 | G9: M3 | H9: =ROUND(F9*0.9,2) -> 0 | I9: 0 | J9: 0 | K9: 0 | L9: =ROUND(F9*0.45,2) -> 0 | M9: 0 | N9: 0 | O9: 0 | P9: 0 | Q9: 0 | R9: 0 | S9: =ROUND(F9*T9/50,2) -> 0 | T9: 129.6 | U9: Kg
A10: 3 | B10: RCC Footings | C10: =ESTIMATE!I96 -> 0 | F10: =SUM(C10:E10) -> 0 | G10: M3 | H10: 0 | I10: =ROUND(F10*0.9,2) -> 0 | J10: 0 | K10: 0 | L10: =ROUND(F10*0.45,2) -> 0 | M10: 0 | N10: 0 | O10: 0 | P10: 0 | Q10: 0 | R10: 0 | S10: =ROUND(F10*T10/50,2) -> 0 | T10: ='DATA 2024-25'!E139 -> 330 | U10: Kg
A11: 4 | B11: RCC Pedastals | C11: =ESTIMATE!I100 -> 0 | F11: =SUM(C11:E11) -> 0 | G11: M3 | H11: 0 | I11: =ROUND(F11*0.9,2) -> 0 | J11: 0 | K11: 0 | L11: =ROUND(F11*0.45,2) -> 0 | M11: 0 | N11: 0 | O11: 0 | P11: 0 | Q11: 0 | R11: 0 | S11: =ROUND(F11*T11/50,2) -> 0 | T11: =$T$10 -> 330 | U11: Kg
A12: 4 | B12: RCC Columns | C12: =ESTIMATE!I106 -> 0 | D12: =ESTIMATE!I528 -> 0 | E12: =ESTIMATE!I933 -> 0 | F12: =SUM(C12:E12) -> 0 | G12: M3 | H12: 0 | I12: =ROUND(F12*0.9,2) -> 0 | J12: 0 | K12: 0 | L12: =ROUND(F12*0.45,2) -> 0 | M12: 0 | N12: 0 | O12: 0 | P12: 0 | Q12: 0 | R12: 0 | S12: =ROUND(F12*T12/50,2) -> 0 | T12: =$T$10 -> 330 | U12: Kg
A13: 5 | B13: RCC Plinth Beam | C13: =ESTIMATE!I113 -> 0 | F13: =SUM(C13:E13) -> 0 | G13: M3 | H13: 0 | I13: =ROUND(F13*0.9,2) -> 0 | J13: 0 | K13: 0 | L13: =ROUND(F13*0.45,2) -> 0 | M13: 0 | N13: 0 | O13: 0 | P13: 0 | Q13: 0 | R13: 0 | S13: =ROUND(F13*T13/50,2) -> 0 | T13: =$T$10 -> 330 | U13: Kg
A14: 6 | B14: RCC Roof Beams | C14: =ESTIMATE!I121 -> 3.35 | D14: =ESTIMATE!I534 -> 0 | E14: =ESTIMATE!I939 -> 0 | F14: =SUM(C14:E14) -> 3.35 | G14: M3 | H14: 0 | I14: =ROUND(F14*0.9,2) -> 3.02 | J14: 0 | K14: 0 | L14: =ROUND(F14*0.45,2) -> 1.51 | M14: 0 | N14: 0 | O14: 0 | P14: 0 | Q14: 0 | R14: 0 | S14: =ROUND(F14*T14/50,2) -> 22.11 | T14: =$T$10 -> 330 | U14: Kg
A15: 9 | B15: RCC Landing Slab 150mm th | C15: =ROUND(ESTIMATE!I127*0.15,2) -> 0 | D15: =ROUND(ESTIMATE!I542*0.15,2) -> 0 | E15: =ROUND(ESTIMATE!I947*0.15,2) -> 0 | F15: =SUM(C15:E15) -> 0 | G15: M2 | H15: 0 | I15: =ROUND(F15*0.9,2) -> 0 | J15: 0 | K15: 0 | L15: =ROUND(F15*0.45,2) -> 0 | M15: 0 | N15: 0 | O15: 0 | P15: 0 | Q15: 0 | R15: 0 | S15: =ROUND(F15*T15/50,2) -> 0 | T15: =ROUND(T14,2) -> 330 | U15: Kg
A16: 7 | B16: RCC Roof Slab 125mm th | C16: =ROUND(ESTIMATE!I131*0.125,2) -> 8.65 | D16: =ROUND(ESTIMATE!I546*0.125,2) -> 0 | E16: =ROUND(ESTIMATE!I952*0.125,2) -> 0 | F16: =SUM(C16:E16) -> 8.65 | G16: M2 | H16: 0 | I16: =ROUND(F16*0.9,2) -> 7.79 | J16: 0 | K16: 0 | L16: =ROUND(F16*0.45,2) -> 3.89 | M16: 0 | N16: 0 | O16: 0 | P16: 0 | Q16: 0 | R16: 0 | S16: =ROUND(F16*T16/50,2) -> 57.09 | T16: =ROUND(T14,2) -> 330 | U16: Kg
A17: 14 | B17: RCC Roof Slab 100mm th | C17: =ROUND(ESTIMATE!I136*0.1,2) -> 0 | D17: =ROUND(ESTIMATE!I551*0.1,2) -> 0 | E17: =ROUND(ESTIMATE!I957*0.1,2) -> 0 | F17: =SUM(C17:E17) -> 0 | G17: M2 | H17: 0 | I17: =ROUND(F17*0.9,2) -> 0 | J17: 0 | K17: 0 | L17: =ROUND(F17*0.45,2) -> 0 | M17: 0 | N17: 0 | O17: 0 | P17: 0 | Q17: 0 | R17: 0 | S17: =ROUND(F17*T17/50,2) -> 0 | T17: =T16 -> 330 | U17: Kg
A18: 9 | B18: Precasted slab 50mm | C18: =ROUND(ESTIMATE!I142*0.05,2) -> 0 | D18: =ROUND(ESTIMATE!I562*0.05,2) -> 0 | E18: =ROUND(ESTIMATE!I968*0.05,2) -> 0 | F18: =SUM(C18:E18) -> 0 | G18: M2 | H18: 0 | I18: =ROUND(F18*0.9,2) -> 0 | J18: 0 | K18: 0 | L18: =ROUND(F18*0.45,2) -> 0 | M18: 0 | N18: 0 | O18: 0 | P18: 0 | Q18: 0 | R18: 0 | S18: =ROUND(F18*T18/50,2) -> 0 | T18: =T17 -> 330 | U18: Kg
A19: 16 | B19: Precasted slab 25mm | C19: =ROUND(ESTIMATE!I153*0.025,2) -> 0 | D19: =ROUND(ESTIMATE!I573*0.025,2) -> 0 | E19: =ROUND(ESTIMATE!I979*0.025,2) -> 0 | F19: =SUM(C19:E19) -> 0 | G19: M2 | H19: 0 | I19: =ROUND(F19*0.9,2) -> 0 | J19: 0 | K19: 0 | L19: =ROUND(F19*0.45,2) -> 0 | M19: 0 | N19: 0 | O19: 0 | P19: 0 | Q19: 0 | R19: 0 | S19: =ROUND(F19*T19/50,2) -> 0 | T19: =T18 -> 330 | U19: Kg
A20: 8 | B20: RCC Lintels | C20: =ESTIMATE!I160 -> 0.6 | D20: =ESTIMATE!I578 -> 0 | E20: =ESTIMATE!I987 -> 0 | F20: =SUM(C20:E20) -> 0.6 | G20: M3 | H20: 0 | I20: =ROUND(F20*0.9,2) -> 0.54 | J20: 0 | K20: 0 | L20: =ROUND(F20*0.45,2) -> 0.27 | M20: 0 | N20: 0 | O20: 0 | P20: 0 | Q20: 0 | R20: 0 | S20: =ROUND(F20*T20/50,2) -> 3.96 | T20: =$T$10 -> 330 | U20: Kg
A21: 9 | B21: RCC Sunshades | C21: =ESTIMATE!I165 -> 9.6 | D21: =ESTIMATE!I582 -> 0 | E21: =ESTIMATE!I992 -> 0 | F21: =SUM(C21:E21) -> 9.6 | G21: RM | H21: 0 | I21: =ROUND(F21*0.0375*0.9,2) -> 0.32 | J21: 0 | K21: 0 | L21: =ROUND(F21*0.0375*0.45,2) -> 0.16 | M21: 0 | N21: 0 | O21: 0 | P21: 0 | Q21: 0 | R21: 0 | S21: =ROUND(F21*T21/50,2) -> 2.38 | T21: =T20*0.0375 -> 12.375 | U21: Kg
A22: 10 | B22: Acco Plaster'g CM (1:3) 12mm | C22: =ESTIMATE!I169 -> 69.19 | D22: =ESTIMATE!I588 -> 0 | E22: =ESTIMATE!I997 -> 0 | F22: =SUM(C22:E22) -> 69.19 | G22: M2 | H22: 0 | I22: 0 | J22: 0 | K22: 0 | L22: 0 | M22: 0 | N22: =ROUND(F22*0.015*1.05,2) -> 1.09 | O22: 0 | P22: 0 | Q22: 0 | R22: 0 | S22: =ROUND(F22*T22/50,2) -> 9.96 | T22: 7.2 | U22: Kg
A23: 12 | B23: Acco Plaster'g CM (1:3) 20mm | C23: =ESTIMATE!I175 -> 0 | D23: =ESTIMATE!I594 -> 0 | E23: =ESTIMATE!I1003 -> 0 | F23: =SUM(C23:E23) -> 0 | G23: M2 | H23: 0 | I23: 0 | J23: 0 | K23: 0 | L23: 0 | M23: 0 | N23: =ROUND(ROUND((0.021*1.05),3)*ROUND(F23,2),2) -> 0 | O23: 0 | P23: 0 | Q23: 0 | R23: 0 | S23: =ROUND(F23*T23/50,2) -> 0 | T23: 10.08 | U23: Kg
A24: 12 | B24: Rough stone | C24: =ESTIMATE!I185 -> 0 | F24: =SUM(C24:E24) -> 0 | G24: M3 | H24: 0 | I24: 0 | J24: 0 | K24: =ROUND(F24*1.1,2) -> 0 | L24: 0 | M24: =ROUND(F24*0.33,2) -> 0 | N24: 0 | O24: 0 | P24: 0 | R24: 0 | S24: =ROUND(F24*T24/50,2) -> 0 | T24: 59.4 | U24: Kg
A25: 11 | B25: BM CM (1:8) Super | C25: =ESTIMATE!I212 -> 19.08 | D25: =ESTIMATE!I606 -> 0 | E25: =ESTIMATE!I1020 -> 0 | F25: =SUM(C25:E25) -> 19.08 | G25: M3 | H25: 0 | I25: 0 | J25: 0 | K25: 0 | L25: 0 | M25: =ROUND(F25*0.2,2) -> 3.82 | N25: 0 | O25: 0 | P25: 0 | Q25: =ROUND(F25*512/1000,2) -> 9.77 | R25: 0 | S25: =ROUND(F25*T25/50,2) -> 13.74 | T25: 36 | U25: Kg
A26: 12 | B26: BM CM (1:6) | C26: =ESTIMATE!I220 -> 0 | D26: =ESTIMATE!I631 -> 0 | E26: =ESTIMATE!I1029 -> 0 | F26: =SUM(C26:E26) -> 0 | G26: M3 | H26: 0 | I26: 0 | J26: 0 | K26: 0 | L26: 0 | M26: =ROUND(F26*0.2,2) -> 0 | N26: 0 | O26: 0 | P26: 0 | Q26: =ROUND(F26*512/1000,2) -> 0 | R26: 0 | S26: =ROUND(F26*T26/50,2) -> 0 | T26: 48 | U26: Kg
A27: 16 | B27: BM CM (1:6) 115mm | C27: =ESTIMATE!I226 -> 0 | D27: =ESTIMATE!I658 -> 0 | E27: =ESTIMATE!I1034 -> 0 | F27: =SUM(C27:E27) -> 0 | G27: M2 | H27: 0 | I27: 0 | J27: 0 | K27: 0 | L27: 0 | M27: =ROUND(F27*0.022,2) -> 0 | N27: 0 | O27: 0 | P27: 0 | Q27: =ROUND(F27*512*0.1/1000,2) -> 0 | R27: 0 | S27: =ROUND(F27*T27/50,2) -> 0 | T27: 10.6 | U27: Kg
A28: 16 | B28: Fly cement bricks | C28: =ESTIMATE!I234 -> 0 | D28: =ESTIMATE!I669 -> 0 | E28: =ESTIMATE!I1045 -> 0 | F28: =SUM(C28:E28) -> 0 | G28: M3 | H28: 0 | I28: 0 | J28: 0 | K28: 0 | L28: 0 | M28: =ROUND(F28*0.1*1.05,2) -> 0 | N28: 0 | O28: 0 | P28: 0 | Q28: =ROUND(F28*110/1000,2) -> 0 | R28: 0 | S28: =ROUND(F28*T28/50,2) -> 0 | T28: 24 | U28: Kg
A29: 26 | B29: RCM drop wall | C29: =ESTIMATE!I239 -> 0 | D29: =ESTIMATE!I675 -> 0 | F29: =SUM(C29:E29) -> 0 | G29: M2 | H29: 0 | I29: 0 | J29: 0 | K29: 0 | L29: 0 | M29: 0 | N29: =ROUND(F29*((0.015*1.05)+(0.025*1.05)),2) -> 0 | O29: 0 | P29: 0 | Q29: 0 | R29: 0 | S29: =ROUND(F29*T29/50,2) -> 0 | T29: 20.89 | U29: Kg
A30: 13 | B30: Ceiling Plaster CM (1:3) 12mm | C30: =ESTIMATE!I256 -> 79.63 | D30: =ESTIMATE!I683 -> 0 | E30: =ESTIMATE!I1055 -> 0 | F30: =SUM(C30:E30) -> 79.63 | G30: M2 | H30: 0 | I30: 0 | J30: 0 | K30: 0 | L30: 0 | M30: 0 | N30: =ROUND(F30*0.015*1.05,2) -> 1.25 | O30: 0 | P30: 0 | Q30: 0 | R30: 0 | S30: =ROUND(F30*T30/50,2) -> 11.47 | T30: 7.2 | U30: Kg
A31: 4 | B31: Plaster'ing CM (1:5) 12mm th | C31: =ESTIMATE!I272 -> 0 | D31: =ESTIMATE!I693 -> 0 | E31: =ESTIMATE!I1096 -> 0 | F31: =SUM(C31:E31) -> 0 | G31: M2 | H31: 0 | I31: 0 | J31: 0 | K31: 0 | L31: 0 | M31: 0 | N31: =ROUND(ROUND((0.015*1.05),3)*ROUND(F31,2),2) -> 0 | O31: 0 | P31: 0 | Q31: 0 | R31: 0 | S31: =ROUND(F31*T31/50,2) -> 0 | T31: 4.32 | U31: Kg
A32: 5 | B32: Plaster'ing 20mm thick single | C32: =ESTIMATE!I277 -> 0 | D32: =ESTIMATE!I701 -> 0 | E32: =ESTIMATE!I1101 -> 0 | F32: =SUM(C32:E32) -> 0 | G32: M2 | H32: 0 | I32: 0 | J32: 0 | K32: 0 | L32: 0 | M32: 0 | N32: =ROUND(ROUND((0.021*1.05),3)*ROUND(F32,2),2) -> 0 | O32: 0 | P32: 0 | Q32: 0 | R32: 0 | S32: =ROUND(F32*T32/50,2) -> 0 | T32: 6.05 | U32: Kg
A33: 14 | B33: Plaster'ing 12mm thick double | C33: =ESTIMATE!I290 -> 100.18 | D33: =ESTIMATE!I726 -> 0 | E33: =ESTIMATE!I1108 -> 0 | F33: =SUM(C33:E33) -> 100.18 | G33: M2 | H33: 0 | I33: 0 | J33: 0 | K33: 0 | L33: 0 | M33: 0 | N33: =ROUND(F33*0.015*1,2) -> 1.5 | O33: 0 | P33: 0 | Q33: 0 | R33: 0 | S33: =ROUND(F33*T33/50,2) -> 10.2 | T33: 5.09 | U33: Kg
A34: 15 | B34: Plaster'ing 20mm thick double | C34: =ESTIMATE!I307 -> 119.98 | D34: =ESTIMATE!I734 -> 0 | E34: =ESTIMATE!I1117 -> 0 | F34: =SUM(C34:E34) -> 119.98 | G34: M2 | H34: 0 | I34: 0 | J34: 0 | K34: 0 | L34: 0 | M34: 0 | N34: =ROUND(F34*0.022*1,2) -> 2.64 | O34: 0 | P34: 0 | Q34: 0 | R34: 0 | S34: =ROUND(F34*T34/50,2) -> 13.8 | T34: 5.75 | U34: Kg
A35: 2 | B35: CC Steps | C35: =ESTIMATE!I324 -> 0 | D35: =ESTIMATE!I740 -> 0 | E35: =ESTIMATE!I1123 -> 0 | F35: =SUM(C35:E35) -> 0 | G35: M3 | H35: 0 | I35: =ROUND(F35*0.8,2) -> 0 | J35: 0 | K35: 0 | L35: =ROUND(F35*0.4,2) -> 0 | M35: 0 | N35: 0 | O35: 0 | P35: 0 | Q35: 0 | R35: 0 | S35: =ROUND(F35*T35/50,2) -> 0 | T35: =$T$10 -> 330 | U35: Kg
A36: 16 | B36: Flooring Vetrified Tiles | C36: =ESTIMATE!I333 -> 50.23 | D36: =ESTIMATE!I748 -> 0 | E36: =ESTIMATE!I1133 -> 0 | F36: =SUM(C36:E36) -> 50.23 | G36: M2 | H36: 0 | I36: 0 | J36: 0 | K36: 0 | L36: 0 | M36: =ROUND(F36*0.014,2) -> 0.7 | N36: 0 | O36: 0 | P36: 0 | Q36: 0 | R36: 0 | S36: =ROUND(F36*T36/50,2) -> 6.09 | T36: 6.06 | U36: Kg
A37: 17 | B37: Skirting Vetrified Tiles | C37: =ESTIMATE!I346 -> 5.25 | D37: =ESTIMATE!I763 -> 0 | E37: =ESTIMATE!I1142 -> 0 | F37: =SUM(C37:E37) -> 5.25 | G37: M2 | H37: 0 | I37: 0 | J37: 0 | K37: 0 | L37: 0 | M37: =ROUND(F37*0.012,2) -> 0.06 | N37: 0 | O37: 0 | P37: 0 | Q37: 0 | R37: 0 | S37: =ROUND(F37*T37/50,2) -> 0.71 | T37: 6.756 | U37: Kg
A38: 7 | B38: Flooring Granite stone | C38: =ESTIMATE!I353 -> 0 | D38: =ESTIMATE!I770 -> 0 | E38: =ESTIMATE!I1153 -> 0 | F38: =SUM(C38:E38) -> 0 | G38: M2 | H38: 0 | I38: 0 | J38: 0 | K38: 0 | L38: 0 | M38: =ROUND(F38*0.014,2) -> 0 | N38: 0 | O38: 0 | P38: 0 | Q38: 0 | R38: 0 | S38: =ROUND(F38*T38/50,2) -> 0 | T38: 7.5 | U38: Kg
A39: 8 | B39: Skirting Granite stone | C39: =ESTIMATE!I360 -> 0 | D39: =ESTIMATE!I776 -> 0 | E39: =ESTIMATE!I1162 -> 0 | F39: =SUM(C39:E39) -> 0 | G39: M2 | H39: 0 | I39: 0 | J39: 0 | K39: 0 | L39: 0 | M39: =ROUND(F39*0.012,2) -> 0 | N39: 0 | O39: 0 | P39: 0 | Q39: 0 | R39: 0 | S39: =ROUND(F39*T39/50,2) -> 0 | T39: 9.06 | U39: Kg
A40: 5 | B40: Flooring Terrazo tiles | C40: =ESTIMATE!I372 -> 0 | D40: =ESTIMATE!I791 -> 0 | E40: =ESTIMATE!I1177 -> 0 | F40: =SUM(C40:E40) -> 0 | G40: M2 | H40: 0 | I40: 0 | J40: 0 | K40: 0 | L40: 0 | M40: =ROUND(F40*0.014,2) -> 0 | N40: 0 | O40: 0 | P40: 0 | Q40: 0 | R40: 0 | S40: =ROUND(F40*T40/50,2) -> 0 | T40: 7.5 | U40: Kg
A41: 38 | B41: Skirting Terrazo tiles | C41: =ESTIMATE!I382 -> 0 | D41: =ESTIMATE!I801 -> 0 | E41: =ESTIMATE!I1187 -> 0 | F41: =SUM(C41:E41) -> 0 | G41: M2 | H41: 0 | I41: 0 | J41: 0 | K41: 0 | L41: 0 | M41: =ROUND(F41*0.012,2) -> 0 | N41: 0 | O41: 0 | P41: 0 | Q41: 0 | R41: 0 | S41: =ROUND(F41*T41/50,2) -> 0 | T41: 6.756 | U41: Kg
A42: 4 | B42: Ceramic Tiles Flooring | C42: =ESTIMATE!I386 -> 0 | D42: =ESTIMATE!I806 -> 0 | E42: =ESTIMATE!I1201 -> 0 | F42: =SUM(C42:E42) -> 0 | G42: M2 | H42: 0 | I42: 0 | J42: 0 | K42: 0 | L42: 0 | M42: =ROUND(F42*0.012,2) -> 0 | N42: 0 | O42: 0 | P42: 0 | Q42: 0 | R42: 0 | S42: =ROUND(F42*T42/50,2) -> 0 | T42: 5.46 | U42: Kg
A43: 5 | B43: Daddooing wall tiles | C43: =ESTIMATE!I392 -> 0 | D43: =ESTIMATE!I812 -> 0 | E43: =ESTIMATE!I1207 -> 0 | F43: =SUM(C43:E43) -> 0 | G43: M2 | H43: 0 | I43: 0 | J43: 0 | K43: 0 | L43: 0 | M43: =ROUND(F43*0.012,2) -> 0 | N43: 0 | O43: 0 | P43: 0 | Q43: 0 | R43: 0 | S43: =ROUND(F43*T43/50,2) -> 0 | T43: 9.06 | U43: Kg
A44: 3 | B44: Pressed tiles | C44: =ESTIMATE!I397 -> 0 | D44: =ESTIMATE!I820 -> 0 | E44: =ESTIMATE!I1215 -> 0 | F44: =SUM(C44:E44) -> 0 | G44: M2 | H44: 0 | I44: 0 | J44: 0 | K44: 0 | L44: 0 | M44: =ROUND(F44*0.008*1,2) -> 0 | N44: 0 | O44: 0 | P44: 0 | Q44: 0 | R44: 0 | S44: =ROUND(F44*T44/50,2) -> 0 | T44: 2.76 | U44: Kg
F46: Total Qty | H46: =SUM(H4:H45) -> 4.91 | I46: =SUM(I4:I45) -> 11.67 | J46: =SUM(J4:J45) -> 0 | K46: =SUM(K4:K45) -> 0 | L46: =SUM(L4:L45) -> 8.28 | M46: =SUM(M4:M45) -> 4.58 | N46: =SUM(N4:N45) -> 6.48 | O46: =SUM(O4:O45) -> 1.53 | ... S46: =SUM(S4:S45) -> 169.17 | T46: Bags
F47: Rate / M3 | H47: 90 | I47: 90 | J47: 90 | K47: 90 | L47: 100 | M47: 100 | N47: 100 | O47: 100 | P47: 45 | Q47: 80 | R47: 45 | S47: =ROUND((S46*50)/1000,2) -> 8.46 | T47: MT
G48: Rs | H48: =ROUND(H46*H47,0) -> 442 | I48: =ROUND(I46*I47,0) -> 1050 | J48: =ROUND(J46*J47,0) -> 0 | K48: =ROUND(K46*K47,0) -> 0 | O48: =ROUND(O46*O47,0) -> 153 | P48: =ROUND(P46*P47,0) -> 0 | Q48: =ROUND(Q46*Q47/1,0) -> 782 | R48: =ROUND(R46*R47,0) -> 0
F49: Total | G49: Rs | H49: =SUM(H48:R48) -> 2427
M53: ='lead 24-25'!$H$32 -> Deputy Executive Engineer | R53: ='lead 24-25'!$K$32 -> Assistant Engineer
M54: ='lead 24-25'!$H$33 -> PRI Sub Division | R54: ='lead 24-25'!$K$33 -> Mandal Praja parishad
M55: ='lead 24-25'!$H$34 -> Kanigiri | R55: ='lead 24-25'!$K$34 -> P.C.Palli

Sheet lead 24-25
A1: LEAD STATEMENT (2024-25)
B2: Name of the Work: | C2: Completion of incomplete Anganwadi building in Paletipalli village of P.C.Palli Mandal.
M3: Sand | N3: 72
J4: Est. Rs. | K4: 15.00 Lakhs | M4: Metal | N4: 67
A5: Sl. No. | B5: Description | C5: unit | D5: Quarry | E5: Lead in KM | F5: Convey-ance Charges | G5: Initial Cost | H5: Blasting charges | I5: Crushing charges | J5: Loading charges | K5: unloading charges | L5: Total | M5: Brick | N5: 30
M6: Tiles | N6: 89
A7: 1 | B7: 2 | C7: 3 | D7: 4 | E7: 5 | F7: 6 | G7: 7 | H7: 8 | I7: 9 | J7: 10 | K7: 11 | L7: 13
A8: 1 | B8: Cement | C8: MT | D8: Local | E8: - | F8: 0 | G8: 4218.8 | L8: =SUM(F8:K8) -> 4218.8 | O8: =ESTIMATE!O27 -> 40165
A9: 2 | B9: Steel Fe 500 | C9: MT | D9: Local | E9: - | F9: 0 | G9: ='MINI SSR 2024-25'!C5 -> 60000 | H9: =G9*18% -> 10800 | I9: GST 18% | L9: =SUM(F9:K9) -> 70800
A10: 2 | B10: Steel Fe 415 | C10: MT | D10: Local | E10: - | F10: 0 | G10: 58000 | L10: =SUM(F10:K10) -> 58000
A11: 3 | B11: MS Flats | C11: MT | D11: Local | G11: 60000 | L11: =SUM(F11:K11) -> 60000
A12: 5 | B12: 6mm Ms roads | C12: MT | D12: Local | G12: ='MINI SSR 2024-25'!C8 -> 57000 | L12: =SUM(F12:K12) -> 57000
A13: 4 | B13: Sand for Mortar (screened) | C13: Cum | D13: K.Bitragunta | E13: =N3 -> 72 | F13: =VLOOKUP(E13,'convey 24-25'!A6:F305,2,FALSE) -> 1013.47 | G13: 0 | L13: =SUM(F13:K13) -> 1013.47
A14: 5 | B14: Sand for Mortar (concrete) | C14: Cum | D14: =D13 -> K.Bitragunta | E14: =E13 -> 72 | F14: =VLOOKUP(E14,'convey 24-25'!A6:F306,2,FALSE) -> 1013.47 | G14: 0 | L14: =SUM(F14:K14) -> 1013.47
A15: 6 | B15: Sand for Filling | C15: Cum | D15: Local | E15: 5 | F15: =VLOOKUP(E15,'convey 24-25'!A6:F307,2,FALSE) -> 101.33 | G15: 0 | L15: =SUM(F15:K15) -> 101.33
A16: 7 | B16: Common burnt clay bricks of class | C16: 1000 nos | D16: Motravulapadu | E16: =N5 -> 30 | F16: =VLOOKUP(E16,'convey 24-25'!A6:F308,4,FALSE) -> 771.4 | G16: ='MINI SSR 2024-25'!C12 -> 8480 | J16: ='MINI SSR 2024-25'!D12 -> 77.58 | K16: ='MINI SSR 2024-25'!E12 -> 77.58 | L16: =SUM(F16:K16) -> 9406.56
A17: 8 | B17: 40mm HBG metal SS-5 | C17: Cum | D17: Ramatherdham | E17: =N4 -> 67 | F17: =VLOOKUP(E17,'convey 24-25'!A6:F309,3,FALSE) -> 913.6 | G17: ='MINI SSR 2024-25'!C13 -> 770 | H17: 70 | I17: =ROUND(G17*0.25,2) -> 192.5 | L17: =SUM(F17:K17) -> 1946.1
A18: 9 | B18: 20mm HBG metal SS-5 | C18: Cum | D18: =D17 -> Ramatherdham | E18: =E17 -> 67 | F18: =VLOOKUP(E18,'convey 24-25'!A6:F310,3,FALSE) -> 913.6 | G18: ='MINI SSR 2024-25'!C14 -> 1285 | H18: 70 | I18: =ROUND(G18*0.25,2) -> 321.25 | L18: =SUM(F18:K18) -> 2589.85
A19: 7 | B19: 12mm HBG metal SS-5 | C19: Cum | D19: =D18 -> Ramatherdham | E19: =E18 -> 67 | F19: =VLOOKUP(E19,'convey 24-25'!A6:F311,3,FALSE) -> 913.6 | G19: ='MINI SSR 2024-25'!C15 -> 1024 | H19: 70 | I19: =ROUND(G19*0.25,2) -> 256 | L19: =SUM(F19:K19) -> 2263.6
A20: 8 | B20: 10mm HBG metal SS-5 | C20: Cum | D20: =D19 -> Ramatherdham | E20: =E19 -> 67 | F20: =VLOOKUP(E20,'convey 24-25'!A6:F312,3,FALSE) -> 913.6 | G20: ='MINI SSR 2024-25'!C16 -> 860 | H20: 70 | I20: =ROUND(G20*0.25,2) -> 215 | L20: =SUM(F20:K20) -> 2058.6
A21: 9 | B21: 6mm HBG metal SS-5 | C21: Cum | D21: =D20 -> Ramatherdham | E21: =E20 -> 67 | F21: =VLOOKUP(E21,'convey 24-25'!A6:F313,3,FALSE) -> 913.6 | G21: ='MINI SSR 2024-25'!C17 -> 684 | H21: 70 | I21: =ROUND(G21*0.25,2) -> 171 | L21: =SUM(F21:K21) -> 1838.6
A22: 15 | B22: Rough stone | C22: Cum | D22: =D21 -> Ramatherdham | E22: =E21 -> 67 | F22: =VLOOKUP(E22,'convey 24-25'!A6:F314,3,FALSE) -> 913.6 | G22: ='MINI SSR 2024-25'!C18 -> 315 | H22: 70 | L22: =SUM(F22:K22) -> 1298.6
A23: 9 | B23: High Polished Granite 16 to 18 mm | C23: Sqm | D23: =D22 -> Ramatherdham | E23: =E21 -> 67 | F23: =VLOOKUP(E23,'convey 24-25'!A6:F315,5,FALSE)*0.16 -> 214.9152 | G23: ='MINI SSR 2024-25'!C19 -> 2152 | L23: =SUM(F23:K23) -> 2366.9152
A24: 5 | B24: Pressed type tiles | D24: Ongole | E24: =N6 -> 89 | F24: =VLOOKUP(E24,'convey 24-25'!A7:F316,5,FALSE) -> 1737.24 | G24: ='MINI SSR 2024-25'!C24 -> 30000 | L24: =SUM(F24:K24) -> 31737.24
A25: 18 | B25: Selected earth | C25: Cum | D25: Local | E25: 5 | F25: =VLOOKUP(E25,'convey 24-25'!A6:F317,2,FALSE) -> 101.33 | G25: ='MINI SSR 2024-25'!C25 -> 144 | L25: =SUM(F25:K25) -> 245.33
A26: 19 | B26: Gravel | C26: Cum | D26: Local | E26: 5 | F26: =VLOOKUP(E26,'convey 24-25'!A6:F318,2,FALSE) -> 101.33 | G26: ='MINI SSR 2024-25'!C26 -> 165 | L26: =SUM(F26:K26) -> 266.33
A29: 1) | B29: Certified that the above leads are correct to the best of my knowledge.
A30: 2) | B30: Certified that the rates are provided as per SSR 2024-25
H32: Deputy Executive Engineer | K32: Assistant Engineer
H33: PRI Sub Division | K33: Mandal Praja parishad
H34: Kanigiri | K34: P.C.Palli

Sheet DATA 2024-25
A1: DATA SHEET (2024-25)
A2: ='lead 24-25'!B2&'lead 24-25'!C2 -> Name of the Work: Completion of incomplete Anganwadi building in Paletipalli village of P.C.Palli Mandal.
B3: C.P. | C3: 0.13615 | E3: Est.Rs. | F3: ='lead 24-25'!K4 -> 15.00 Lakhs
A5: S No | B5: Index Code | C5: Description of the Work | D5: Unit | E5: Quantity | F5: Rate | G5: Amount
A6: 1 | B6: BLD-CSTN -1-4 | C6: Cement Mortar (1:3) | K6: F 212 | L6: 1st Class Barbender | M6: 625 | N6: Day
C7: Cost of Cement | D7: Kg | E7: =1440/3 -> 480 | F7: ='lead 24-25'!$L$8 -> 4218.8 | G7: =ROUND(E7*F7/1000,2) -> 2025.02 | K7: F 435 | L7: 1st Class Carpenter, 1st Class Painter | M7: 580 | N7: Day
C8: Sand for Plastering including 5% wastage | D8: cum | E8: 1.05 | F8: ='lead 24-25'!$L$13 -> 1013.47 | G8: =ROUND(E8*F8,2) -> 1064.14 | K8: F 627 | L8: Skilled Electrician | M8: 575 | N8: Day
C9: Man Mazdoor for mixing mortar | D9: day | E9: 0.2 | F9: ='MINI SSR 2024-25'!$H$5 -> 595 | G9: =ROUND(E9*F9,2) -> 119 | K9: F 70 | L9: 1st Class Mason, Brick Layer | M9: 500 | N9: Day
G10: =SUM(G7:G9) -> 3208.16 | K10: F 93 | L10: 2nd Class Mason, 2nd Brick Layer, 2nd Carpentor, 2nd Class Painter | M10: 460 | N10: Day
A11: 2 | B11: BLD-CSTN -1-5 | C11: Cement Mortar (1:4) | K11: F 628 | L11: Mate, Semi Skilled Electrician | M11: 471 | N11: Day
C12: Cost of Cement | D12: Kg | E12: =1440/4 -> 360 | F12: ='lead 24-25'!$L$8 -> 4218.8 | G12: =ROUND(E12*F12/1000,2) -> 1518.77 | K12: F 12 | L12: Man / Women Mazdoor | M12: 420 | N12: Day
C13: Sand for Plastering including 5% wastage | D13: cum | E13: 1.05 | F13: ='lead 24-25'!$L$13 -> 1013.47 | G13: =ROUND(E13*F13,2) -> 1064.14 | K13: F 629 | L13: Helper | M13: 471 | N13: Day
C14: Man Mazdoor for mixing mortar | D14: day | E14: 0.2 | F14: ='MINI SSR 2024-25'!$H$5 -> 595 | G14: =ROUND(E14*F14,2) -> 119 | K14: F 66 | L14: Water Charges Rs 107-00 in Urban Area and in Rural Area | M14: 80 | N14: 1 KLt
G15: =SUM(G12:G14) -> 2701.91 | K15: F 68 | L15: Concrete Mixer 0.28 Cum | M15: 524.7 | N15: Hour
A16: 2 | B16: BLD-CSTN -1-6 | C16: Cement Mortar (1:5) | K16: F 97 | L16: Needle Vibrator 40mm (Petrole) | M16: 209.1 | N16: Hour
C17: Cost of Cement | D17: Kg | E17: =1440/5 -> 288 | F17: ='lead 24-25'!$L$8 -> 4218.8 | G17: =ROUND(E17*F17/1000,2) -> 1215.01 | K17: F 210 | L17: Binding wire | M17: 55 | N17: Kg
C18: Sand for Plastering including 5% wastage | D18: cum | E18: 1.05 | F18: ='lead 24-25'!$L$13 -> 1013.47 | G18: =ROUND(E18*F18,2) -> 1064.14
C19: Man Mazdoor for mixing mortar | D19: day | E19: 0.2 | F19: ='MINI SSR 2024-25'!$H$5 -> 595 | G19: =ROUND(E19*F19,2) -> 119
G20: =SUM(G17:G19) -> 2398.15
A21: 4 | B21: BLD-CSTN -1-7 | C21: Cement Mortar (1:6)
C22: Cost of Cement | D22: Kg | E22: =1440/6 -> 240 | F22: ='lead 24-25'!$L$8 -> 4218.8 | G22: =ROUND(E22*F22/1000,2) -> 1012.51
C23: Sand for Mortar including 5% wastage | D23: cum | E23: 1.05 | F23: ='lead 24-25'!$L$13 -> 1013.47 | G23: =ROUND(E23*F23,2) -> 1064.14
C24: Man Mazdoor for mixing mortar | D24: day | E24: 0.2 | F24: ='MINI SSR 2024-25'!$H$5 -> 595 | G24: =ROUND(E24*F24,2) -> 119
G25: =SUM(G22:G24) -> 2195.65
A26: 5 | B26: BLD-CSTN -1-8 | C26: Cement Mortar (1:8)
C27: Cost of Cement | D27: Kg | E27: =1440/8 -> 180 | F27: ='lead 24-25'!$L$8 -> 4218.8 | G27: =ROUND(E27*F27/1000,2) -> 759.38
C28: Sand for Mortar including 5% wastage | D28: cum | E28: 1.05 | F28: ='lead 24-25'!$L$13 -> 1013.47 | G28: =ROUND(E28*F28,2) -> 1064.14
C29: Man Mazdoor for mixing mortar | D29: day | E29: 0.2 | F29: ='MINI SSR 2024-25'!$H$5 -> 595 | G29: =ROUND(E29*F29,2) -> 119
G30: =SUM(G27:G29) -> 1942.52
A31: 1 | C31: 20 mm GRADED METAL( CW 07 20 mm(48%) and 12 mm(12%)10 mm(12%) 6 mm(8)% (34822))
C32: 20 mm HBG metal(SS 5) | D32: 0.6 | E32: ='lead 24-25'!L18 -> 2589.85 | F32: =ROUND(D32*E32,2) -> 1553.91
C33: 12 mm HBG metal(SS 5) | D33: 0.15 | E33: ='lead 24-25'!L19 -> 2263.6 | F33: =ROUND(D33*E33,2) -> 339.54
C34: 10 mm HBG metal(SS 5) | D34: 0.15 | E34: ='lead 24-25'!L20 -> 2058.6 | F34: =ROUND(D34*E34,2) -> 308.79
C35: 6 mm HBG metal(SS 5) | D35: 0.1 | E35: ='lead 24-25'!L21 -> 1838.6 | F35: =ROUND(D35*E35,2) -> 183.86
C36: Rate per Cum | F36: =SUM(F32:F35) -> 2386.1
A37: 2 | B37: RBR-STCL-5-II A | C37: Dismantling of existing structures comprising of cement concrete including T&P and scaffolding wherever necessary, sorting the dismantled material, disposal of unserviceable material and stacking the serviceable material with all lifts and lead of 1000 m as per Technical Specification Clause 202 MORD / MORTH
C38: Unit = cum
C39: Taking output = 1.25 cum
C40: By Mechanical Means
C41: Cement Concrete
C42: a) labour
C43: Mate | D43: day | E43: -
C44: Mazdoor (Unskilled) | D44: day | E44: 0.52 | F44: 595 | G44: =ROUND(F44*E44,2) -> 309.4
C45: b) Machinery
C46: Air compressor | D46: hour | E46: 0.83 | F46: 651.58 | G46: =ROUND(F46*E46,2) -> 540.81
C47: Tractor with trolley 3t | D47: hour | E47: 0.27 | F47: 536 | G47: =ROUND(F47*E47,2) -> 144.72
C48: Rate per 1.25 Cum | G48: =SUM(G44:G47) -> 994.93
C49: Rate per 1.00 Cum | G49: =ROUND(G48/1.25,2) -> 795.94
A50: 2 | B50: RBR-STCL-6 | C50: Dismantling of existing structures like Flooring including disposal of unserviceable material and stacking the serviceable material with all lifts and lead of 1000 m as per Technical Specification Clause 202 MORD / MORTH
C51: Unit = cum
C52: Taking output = 1.25 cum
C53: By Mechanical Means
C54: Cement Concrete
C55: a) labour
C56: Mate | D56: day | E56: -
C57: Mazdoor (Unskilled) | D57: day | E57: 0.78 | F57: 595 | G57: =ROUND(F57*E57,2) -> 464.1
C58: b) Machinery
C59: Tractor with trolley 3t | D59: hour | E59: 0.27 | F59: 536 | G59: =ROUND(F59*E59,2) -> 144.72
C60: Rate per 1.25 Cum | G60: =SUM(G57:G59) -> 608.82
C61: Rate per 1.00 Cum | G61: =ROUND(G60/1.25,2) -> 487.06
A62: 6 | C62: Clearing light jungle including up-rooting and removing of Juliflora stumps.
C63: Unit = Cum
C64: RSSR 19-20
C65: Unskilled Labour Charges | G65: ='MINI SSR 2024-25'!H25 -> 6.06
C66: Rate per 1 Cum | G66: =SUM(G65) -> 6.06
A67: 2 | B67: RBR-FNDN-1 | C67: Earthwork in excavation for structures as per drawing and technical specifications Clause 305.1 including setting out, construction of shoring and bracing, removal of stumps and other deleterious material and disposal upto a lead of 50 m, dressing of sides and bottom and backfilling in trenches with excavated suitable material as per Technical Specification 305 MORD / 304 MORTH
C68: Unit = 10 Cum
C69: Mazdoor (Un-Skilled) | D69: day | E69: 3.64 | F69: ='MINI SSR 2024-25'!$H$5 -> 595 | G69: =ROUND(E69*F69,2) -> 2165.8
C70: Contract Profit @ 13.615% | G70: =ROUND(G69*$C$3,2) -> 294.87
C71: Rate per 10 Cum | G71: =SUBTOTAL(9,G69:G70) -> 2460.67
C72: Rate per 1 Cum | G72: =ROUND(G71/10,2) -> 246.07
A73: 3 | B73: RBR-FNDN - 2- (I) Amendment as per 2015-16 | C73: Filling with Sand in trenches, sides of foundations & basement by watering and ramming including all operational, incidental, labour charges, hire charges of T&P etc complete including cost and conveyance of material and labour charges etc complete for finished item of the work (APSS No 309& 310) per 1 Cum
C74: Unit = Cum
C75: Taking Output 6.00 Cum
B76: a) | C76: Labour
C77: Mazdoor (Un-Skilled) | D77: day | E77: 0.31 | F77: ='MINI SSR 2024-25'!$H$5 -> 595 | G77: =ROUND(E77*F77,2) -> 184.45
B78: b) | C78: Material
C79: Sand for filling | D79: Cum | E79: 6 | F79: ='lead 24-25'!L15 -> 101.33 | G79: =ROUND(E79*F79,2) -> 607.98
G80: =SUBTOTAL(9,G77:G79) -> 792.43
C81: Contract Profit @ 13.615% | G81: =ROUND(G80*$C$3,2) -> 107.89
C82: Rate per 6 Cum | G82: =ROUND(G80+G81,2) -> 900.32
C83: Rate per 1 Cum | G83: =ROUND(G82/6,2) -> 150.05
A84: 9 | B84: RBR-FNDN -2- (I) Amendment as per 2015-16 | C84: Filling Basement with Selected earth in trenches, sides of foundations & basement by watering and ramming including all operational, incidental, labour charges, hire charges of T&P etc complete including cost and conveyance of material and labour charges etc complete for finished item of the work (APSS No 309& 310) per 1 Cum
C85: Unit = Cum
B86: a) | C86: Labour
C87: Mazdoor (Un-Skilled) | D87: day | E87: 0.31 | F87: ='MINI SSR 2024-25'!$H$5 -> 595 | G87: =ROUND(E87*F87,2) -> 184.45
B88: b) | C88: Material
C89: Selected earth | D89: Cum | E89: 1 | F89: ='lead 24-25'!L25 -> 245.33 | G89: =ROUND(E89*F89,2) -> 245.33
C90: water (including for curing) | D90: Ltr | E90: 0.1 | F90: ='MINI SSR 2024-25'!$C$29 -> 105 | G90: =ROUND(E90*F90,2) -> 10.5
C91: Rate per 1 Cum | G91: =SUM(G87:G90) -> 440.28
A92: 10 | B92: RBR-FNDN -2- (I) Amendment as per 2015-16 | C92: Filling Basement with Gravel in trenches, sides of foundations & basement by watering and ramming including all operational, incidental, labour charges, hire charges of T&P etc complete including cost and conveyance of material and labour charges etc complete for finished item of the work (APSS No 309& 310) per 1 Cum
C93: Unit = Cum
B94: a) | C94: Labour
C95: Mazdoor (Un-Skilled) | D95: day | E95: 0.31 | F95: ='MINI SSR 2024-25'!$H$5 -> 595 | G95: =ROUND(E95*F95,2) -> 184.45
B96: b) | C96: Material
C97: Gravel filling | D97: Cum | E97: 1 | F97: ='lead 24-25'!L26 -> 266.33 | G97: =ROUND(E97*F97,2) -> 266.33
C98: water (including for curing) | D98: Ltr | E98: 0.1 | F98: ='MINI SSR 2024-25'!$C$29 -> 105 | G98: =ROUND(E98*F98,2) -> 10.5
C99: Rate per 1 Cum | G99: =SUM(G95:G98) -> 461.28
A100: 4 | B100: BLD-CSTN-2-9 Amendment as per 2015-16 | C100: Filling in foundation with excavated soil as per drawing and technical specification Clause 305.3.9 MORD & 304 MORTH.
C101: Taking output-6 Cum
...

Sheet sani data 2024-25
B1: DATA SHEET (2024-25) (WATER AND SANITATION ITEMS)
A2: Index-code | B2: S No | C2: Description | D2: Unit | E2: Qty | F2: Rate Rs. | G2: Amount Rs.
B3: 1 | C3: 2 | D3: 3 | E3: 4 | F3: 5 | G3: 6
B4: 1 | C4: Supplying and Fixing European Water Closet of 1st quality make white glazed with 'P' trap with low down porcelain flushing tank 10 Lit Capacity internal components and Fixing best Indian make plastic seat and lid for European water closets with rubber or plastic Buffers including all labour charges for fixing etc., complete.
C5: European Water Closet of 1st quality BMW-D.13 | D5: No | E5: 1 | F5: ='MINI SSR 2024-25'!C66 -> 1979 | G5: =ROUND(E5*F5,2) -> 1979
C6: Flushing Tank 10 Lit capacity BMW-D.11 | D6: No | E6: 1 | F6: ='MINI SSR 2024-25'!C67 -> 2468 | G6: =ROUND(E6*F6,2) -> 2468
C7: plastic seat and lid BMW-D.16 | D7: No | E7: 1 | F7: ='MINI SSR 2024-25'!C68 -> 850 | G7: =ROUND(E7*F7,2) -> 850
G8: =SUM(G5:G7) -> 5297
C9: Contract profit @ 13.615% | G9: 0
G10: =SUM(G8:G9) -> 5297
B11: 2 | C11: Supplying & Fixing Indian pattern white glazed W.C 1st quality ISI marked conforming to IS:2556-Part-3-1981 with"P" or "S" trap: 630 mm Long
C12: Initial cost BMW-D.02 | D12: No | E12: 1 | F12: ='MINI SSR 2024-25'!C69 -> 1036 | G12: =ROUND(E12*F12,2) -> 1036
G13: =SUM(G12) -> 1036
B14: 3 | C14: Supplying & Fixing white glazed flat back half stall urinals 1st quality conforming to IS:2556-1995 with standard C.P. Spreader of overall size 95 x 95 x 57 mm conforming to IS:2556-Part6, Sec-6-1974 fixed with screws complete Indian make : 410 x 265 x 305 mm
C15: Initial cost BMW-D.34 | D15: No | E15: 1 | F15: ='MINI SSR 2024-25'!C70 -> 2644 | G15: =ROUND(E15*F15,2) -> 2644
G16: =SUM(G15) -> 2644
B17: 2 | C17: Supplying and fixing Indian make Flat Back Wash Hand Basin (HSW/Parryware/ Neycer) 1st quality conforming to IS:2556-Part-4:1972 of size 450mm x 300mm with 32 mm nominal size C.P. Fitting with parallel pipe thread onforming to IS:2963-1979 and fitted with 15 mm nominal bore Chromium Plated Pillar Tap of 1st quality Indian make 400 grams Seiko/Senior/Nice or equivalent complete with tandard CI brackets including wooden blocks ,1 No.12.70mm PVC connection with brass union nuts CP oated , 1 No.12.70mm NP bib tap 400 gms Seiko or equivalent , 31.75mm dia. PVC flexible waste pipe 914.4mm length of 1st quality including cost and onveyance of all materials to site, labour charges , overheads & contractors profit for finished item of work
C18: Cost of wash hand basin SSR BMW-D.26 S.No.158 | D18: No | E18: 1 | F18: ='MINI SSR 2024-25'!C71 -> 1519 | G18: =ROUND(E18*F18,2) -> 1519
C19: 12.70mm NP bib tap (400gms) BMW-E.07 | D19: No | E19: 1 | F19: ='MINI SSR 2024-25'!C72 -> 387 | G19: =ROUND(E19*F19,2) -> 387
C20: 12.70mm dia PVC connection with brass union nuts BMW-I.48 | D20: No | E20: 1 | F20: ='MINI SSR 2024-25'!C73 -> 95 | G20: =ROUND(E20*F20,2) -> 95
C21: 31.75mm dia. PVC flexible waste pipe BMW-G.05 | D21: No | E21: 1 | F21: ='MINI SSR 2024-25'!C74 -> 24 | G21: =ROUND(E21*F21,2) -> 24
G22: =SUM(G18:G21) -> 2025
C23: Contract profit @ 13.615% | G23: 0
G24: =SUM(G22:G23) -> 2025
B25: 5 | C25: Supplying and fixing of3" (76.2 mm ) Nahany Trap with Jali - UPVC/SWR Pipe fittings as per site requirements with standard practice for all floors including cost and conveyance of all materials to site, labour charges , overheads & contractors profit etc., complete for finished item of work.
C26: Initial cost BMW-G.118 | D26: No | E26: 1 | F26: ='MINI SSR 2024-25'!C75 -> 93 | G26: =ROUND(E26*F26,2) -> 93
C27: Nahany trap cover BMW-I.12 | D27: No | E27: 1 | F27: ='MINI SSR 2024-25'!C76 -> 32 | G27: =ROUND(E27*F27,2) -> 32
G28: =SUM(G26:G27) -> 125
C29: Contract profit @ 13.615% | G29: 0
G30: =SUM(G28:G29) -> 125
B31: 6 | C31: Supplying and fixing 4" (101.6 mm ) Floor Trap - UPVC/SWR Pipe fittings 1st quality ISI marked conforming to IS:1729-1979 with C.P. Grating fixing with hite cement as per site requirements with standard practice for all floors ncluding cost and conveyance of all materials to site, labour charges etc., complete for finished item of work.
C32: Initial cost BMW-G.125 | D32: No | E32: 1 | F32: ='MINI SSR 2024-25'!C77 -> 128 | G32: =ROUND(E32*F32,2) -> 128
C33: Contract profit @ 13.615% | G33: 0
G34: =SUM(G32:G33) -> 128
B35: 3 | C35: Prince/ Sudhakar make or equivalent quality PVC /SWR pipes & fittings ( as per ISI standards) 4kg/cm2 110mm dia. double socket
C36: Taking out put = 3Mts
C37: 110mm dia pipe BMW-G.13 | D37: Rm | E37: 1 | F37: ='MINI SSR 2024-25'!C78 -> 447 | G37: =ROUND(E37*F37,2) -> 447
C38: Contract profit @ 13.615% | G38: 0
C39: Rate per 3Mts | G39: =SUM(G37:G38) -> 447
C40: Rate per 1Mts | G40: =G39/3 -> 149
B41: 8 | C41: Prince/ Sudhakar make or equivalent quality PVC /SWR pipes & fittings ( as per ISI standards) 4kg/cm2 90mm dia. double socket
C42: Taking out put = 3Mts
C43: 90mm dia pipe BMW-G.15 | D43: Rm | E43: 1 | F43: ='MINI SSR 2024-25'!C79 -> 425 | G43: =ROUND(E43*F43,2) -> 425
C44: Contract profit @ 13.615% | G44: 0
C45: Rate per 3Mts | G45: =SUM(G43:G44) -> 425
C46: Rate per 1Mts | G46: =G45/3 -> 141.66667
B47: 4 | C47: Prince/ Sudhakar make or equivalent quality PVC /SWR pipes & fittings ( as per ISI standards) 4kg/cm2 75mm dia. double socket
C48: Taking out put = 3Mts
C49: 75mm dia pipe BMW-G.14 | D49: Rm | E49: 1 | F49: ='MINI SSR 2024-25'!C80 -> 267 | G49: =ROUND(E49*F49,2) -> 267
C50: Contract profit @ 13.615% | G50: 0
C51: Rate per 3Mts | G51: =SUM(G49:G50) -> 267
C52: Rate per 1Mts | G52: =G51/3 -> 89
B53: 5 | C53: Labour charges for laying, fixing and commissioning the PVC pipes including couplers/ bends/ tees etc any diameter including fixing necessary fittings like bends, plugs, couplers, junctions, tees, etc with solvent jointing as per standard practice
C54: Initial cost BMW-G.152 | D54: 1Rm | E54: 1 | F54: ='MINI SSR 2024-25'!C81 -> 84 | G54: =ROUND(E54*F54,2) -> 84
C55: Contract profit @ 13.615% | G55: 0
G56: =SUM(G54:G55) -> 84
B57: 11 | C57: Supplying & fixing 15 mm bib tap with flange Chromeum plated Jaquar make queen series
C58: Initial cost BMW-I.140 | D58: No | E58: 1 | F58: ='MINI SSR 2024-25'!C82 -> 1644 | G58: =ROUND(E58*F58,2) -> 1644
C59: Contract profit @ 13.615% | G59: 0
G60: =SUM(G58:G59) -> 1644
B61: 3 | C61: Supply & fixing of tested NP bib taps at all levels of 12.70mm dia of Indian make 400g first quality including cost & conveyance of all materials, labour charges for finished item of work, and all taxes complete for all floors
C62: Initial cost BMW-E.07 | D62: No | E62: 1 | F62: ='MINI SSR 2024-25'!C72 -> 387 | G62: =ROUND(E62*F62,2) -> 387
C63: Contract profit @ 13.615% | G63: 0
G64: =SUM(G62:G63) -> 387
B65: 4 | C65: Supply & fixing bib cock cum health faucet with 1 m long flexible tube and wall hook .
C66: Initial cost BMW-I.141 | D66: No | E66: 1 | F66: ='MINI SSR 2024-25'!C83 -> 4166 | G66: =ROUND(E66*F66,2) -> 4166
C67: Contract profit @ 13.615% | G67: 0
G68: =SUM(G66:G67) -> 4166
B69: 7 | C69: Providing & placing on Terrace polyethylene water storage tank with Double layer approved brand & manufacture with cover and suitable locking arrangement & making necessary holes for inlet & outlets and overflow pipes but without fittings & base support for tanks
C70: Cost of Liters(BMW-G.01) | D70: Litrs | E70: 1 | F70: ='MINI SSR 2024-25'!H66 -> 8.5 | G70: =ROUND(E70*F70,2) -> 8.5
C71: Labour charges(BMW-G.02) | D71: Litrs | E71: 1 | F71: ='MINI SSR 2024-25'!H67 -> 1 | G71: =ROUND(E71*F71,2) -> 1
G72: =SUM(G70:G71) -> 9.5
C73: Contract profit @ 13.615% | G73: 0
G74: =SUM(G72:G73) -> 9.5
B75: 8 | C75: Supply and Fixing of Premium make CPVC Pipes and Fittings to meet the requirement of ASTM-D 2846 and are produced in CTS (Copper Tube Sizes 1/2" ton 2" Ashirvad lowgurard SDR 11 and SDR 13.5 pipes are made from dential CPVC compounds having the same physical roperties for Hot and Cold Water (IS 15778:2007)
C76: 15.90mm ODPipe - SDR 13.5 BMW-I.220 | D76: Rm | E76: 1 | F76: ='MINI SSR 2024-25'!H68 -> 157 | G76: =ROUND(E76*F76,2) -> 157
C77: Contract profit @ 13.615% | G77: 0
G78: =SUM(G76:G77) -> 157
C79: 22.20mm ODPipe - SDR 13.5 BMW-I.221 | D79: Rm | E79: 1 | F79: ='MINI SSR 2024-25'!H69 -> 184 | G79: =ROUND(E79*F79,2) -> 184
C80: Contract profit @ 13.615% | G80: 0
G81: =SUM(G79:G80) -> 184
C82: 28.60mm ODPipe - SDR 13.5 BMW-I.221 | D82: Rm | E82: 1 | F82: ='MINI SSR 2024-25'!H70 -> 222 | G82: =ROUND(E82*F82,2) -> 222
C83: Contract profit @ 13.615% | G83: 0
G84: =SUM(G82:G83) -> 222
C85: 34.90mm ODPipe - SDR 13.5 BMW-I.223 | D85: Rm | E85: 1 | F85: ='MINI SSR 2024-25'!H71 -> 288 | G85: =ROUND(E85*F85,2) -> 288
C86: Contract profit @ 13.615% | G86: 0
G87: =SUM(G85:G86) -> 288
B88: 16 | C88: Manufacture, Supply and Delivery of Unplasticised PVCs Pipes for potable water supplies conforming to IS : 4985/2000 (3rd revision) with bell ends (Socket) as per specification. 25mm dia
C89: Initial cost | D89: 1Rm | E89: 1 | F89: ='MINI SSR 2024-25'!H72 -> 25 | G89: =ROUND(E89*F89,2) -> 25
C90: Contract profit @ 13.615% | G90: 0
G91: =SUM(G89:G90) -> 25
B92: 9 | C92: Labour charges for laying, joining, welding, fixing and commissioning the C-PVC pipes including all specials such ascouplers/ bends/ tees etc including fixing necessary fittings like bends, plugs, couplers, junctions, tees, etc with welding the joint as per standard practice - up to 40 mm dia
C93: Initial cost BMW-I.415 | D93: 1Rm | E93: 1 | F93: ='MINI SSR 2024-25'!H73 -> 35 | G93: =ROUND(E93*F93,2) -> 35
C94: Contract profit @ 13.615% | G94: 0
G95: =SUM(G93:G94) -> 35
B96: 18 | C96: Supplying and fixing Gunmetal Gate ( GM peet ) valve as per IS-778 Class - I , Indian make heavy type including cost and conveyance of all materials , labour charges etc. omplete for finished item of work.
C97: 25mm Nominal bore BMW-F.17 | D97: No | E97: 1 | F97: ='MINI SSR 2024-25'!H74 -> 1165 | G97: =ROUND(E97*F97,2) -> 1165
C98: Contract profit @ 13.615% | G98: 0
G99: =SUM(G97:G98) -> 1165
B100: 19 | C100: Supply and fixing of 110mm dia ISI mark PVC rain water spouts of 4 Kg/cm2 pressure including Cost of necessary pvc bends, shoes and M.S.clamps and all other accessories and fixing in position including cost and conveyance of all materials to site , seigniorage charges sales and other taxes on all materials, all operational, incidental and labour cahrges such as fixing in alignment etc., complete for finished item of work.(APSS NO1328) in All Floors
...

Sheet Ele Data 2024-25
A1: DATA (SSR-2024-25) (Electrification)
A2: Index-code | B2: S No | C2: Description | D2: Quantity | F2: Unite | H2: Rate Rs. | I2: Amount Rs.
A3: 1 | B3: 2 | C3: 3 | D3: 4 | F3: 5 | H3: 6 | I3: 7
A4: Ele 1.4.2 (b) | B4: 1 | C4: Supply and Fixing of 25mm dia 1.8mm thick PVC pipe (ISI MARK) concealed in Roof Slabs with all required accessories including masonary work and labour charges etc., complete.
C5: Taking Output = 100 M
C6: a) Labour charges :
C7: Skilled Electrician | D7: 2 | E7: day | F7: 1 | G7: day | H7: ='MINI SSR 2024-25'!$H$16 -> 790 | I7: =ROUND(((D7*H7)/F7),2) -> 1580
C8: Semi Skilled Electrician | D8: 2 | E8: day | F8: 1 | G8: day | H8: ='MINI SSR 2024-25'!$H$17 -> 640 | I8: =ROUND(((D8*H8)/F8),2) -> 1280
C9: Helper (Electrical) | D9: 2 | E9: day | F9: 1 | G9: day | H9: ='MINI SSR 2024-25'!$H$5 -> 595 | I9: =ROUND(((D9*H9)/F9),2) -> 1190
C10: b) Material
A11: ELEC-1.2.6 b | C11: 25mm dia 1,2,3 & 4 way deep Junction Box | D11: 12 | E11: Nos | F11: 1 | G11: No | H11: ='MINI SSR 2024-25'!C100 -> 28 | I11: =ROUND(((D11*H11)/F11),2) -> 336
A12: ELEC-1.2.8 b | C12: 25mm PVC bends | D12: 12 | E12: Nos | F12: 1 | G12: No | H12: ='MINI SSR 2024-25'!C101 -> 12 | I12: =ROUND(((D12*H12)/F12),2) -> 144
A13: ELEC-1.2.2 b | C13: 25mm dia 1.8mm thick PVC pipe | D13: 100 | E13: Mtr | F13: 1 | G13: Mtr | H13: ='MINI SSR 2024-25'!C102 -> 36 | I13: =ROUND(((D13*H13)/F13),2) -> 3600
I14: =SUBTOTAL(9,I7:I13) -> 8130
C15: Contract Profit @ 13.615% | I15: =ROUND(I14*'DATA 2024-25'!$C$3,2) -> 1106.9
C16: Material Rate for 100 Mtrs | I16: =ROUND(I14+I15,2) -> 9236.9
C17: Material Rate for 1 Mtr | I17: =ROUND(I16/100,2) -> 92.37
A18: Ele 1.4.2 (a) | B18: 2 | C18: Supply and Fixing of 25mm dia 1.8mm thick PVC pipe (ISI MARK) concealed in wall with all required accessories including masonary work and labour charges etc., complete.
C19: Taking Output = 100 M
C20: a) Labour charges :
C21: Skilled Electrician | D21: 2 | E21: day | F21: 1 | G21: day | H21: ='MINI SSR 2024-25'!$H$16 -> 790 | I21: =ROUND(((D21*H21)/F21),2) -> 1580
C22: Semi Skilled Electrician | D22: 2 | E22: day | F22: 1 | G22: day | H22: ='MINI SSR 2024-25'!$H$17 -> 640 | I22: =ROUND(((D22*H22)/F22),2) -> 1280
C23: Helper (Electrical) | D23: 2 | E23: day | F23: 1 | G23: day | H23: ='MINI SSR 2024-25'!$H$5 -> 595 | I23: =ROUND(((D23*H23)/F23),2) -> 1190
C24: Mason Ist class | D24: 2 | E24: day | F24: 1 | G24: day | H24: ='MINI SSR 2024-25'!H3 -> 710 | I24: =ROUND(((D24*H24)/F24),2) -> 1420
C25: b) Material
A26: ELEC-1.2.2 b | C26: 25mm dia 1.8mm thick PVC pipe | D26: 100 | E26: Nos | F26: 1 | G26: No | H26: ='MINI SSR 2024-25'!C102 -> 36 | I26: =ROUND(((D26*H26)/F26),2) -> 3600
A27: ELEC-8.1.4 | C27: U' Links | D27: 200 | E27: Nos | F27: 100 | G27: No | H27: ='MINI SSR 2024-25'!C103 -> 39 | I27: =ROUND(((D27*H27)/F27),2) -> 78
A28: ELEC-1.2.6 b | C28: 25mm dia 1,2,3 & 4 way deep Junction Box | D28: 12 | E28: Nos | F28: 1 | G28: No | H28: ='MINI SSR 2024-25'!C100 -> 28 | I28: =ROUND(((D28*H28)/F28),2) -> 336
A29: ELEC-1.2.8 b | C29: 25mm PVC bends | D29: 12 | E29: Nos | F29: 1 | G29: No | H29: ='MINI SSR 2024-25'!C101 -> 12 | I29: =ROUND(((D29*H29)/F29),2) -> 144
C30: Cement | D30: 50 | E30: Kg | F30: 1 | G30: Kg | H30: ='lead 24-25'!L8/1000 -> 4.2188 | I30: =ROUND(((D30*H30)/F30),2) -> 210.94
I31: =SUBTOTAL(9,I21:I30) -> 9838.94
C32: Contract Profit @ 13.615% | I32: =ROUND(I31*'DATA 2024-25'!$C$3,2) -> 1339.57
C33: Material Rate for 100 Mtrs | I33: =ROUND(I31+I32,2) -> 11178.51
C34: Material Rate for 1 Mtr | I34: =ROUND(I33/100,2) -> 111.79
B36: 3 | C36: Labour charges for Grooves 2-3mm thick for PVC pipes
C37: Initial cost BMM-V.51 | D37: 1 | E37: Rm | F37: 1 | G37: Rm | H37: ='MINI SSR 2024-25'!C104 -> 74 | I37: =ROUND(((D37*H37)/F37),2) -> 74
I38: =SUM(I37) -> 74
B39: 2 | C39: Supply of Hot Dip galvanized 20/18 SWG Module box with earthing terminal for 12 Module box
C40: Initial cost ELEC-1.3.1 f | D40: 1 | E40: Nos | F40: 1 | G40: Nos | H40: ='MINI SSR 2024-25'!C106 -> 245 | I40: =ROUND(((D40*H40)/F40),2) -> 245
I41: =SUM(I40) -> 245
B42: 3 | C42: Supply of Hot Dip galvanized 20/18 SWG Module box with earthing terminal for 8 Module box
C43: Initial cost ELEC-1.3.1 e | D43: 1 | E43: Nos | F43: 1 | G43: Nos | H43: ='MINI SSR 2024-25'!C107 -> 203 | I43: =ROUND(((D43*H43)/F43),2) -> 203
C44: Contract Profit @ 13.615% | I44: =ROUND(SUM(I43)*'DATA 2024-25'!$C$3,2) -> 27.64
I45: =SUM(I43:I44) -> 230.64
B46: 3 | C46: Supply of Hot Dip galvanized 20/18 SWG Module box with earthing terminal for 6 Module box
C47: Initial cost ELEC-1.3.1 d | D47: 1 | E47: Nos | F47: 1 | G47: Nos | H47: ='MINI SSR 2024-25'!C108 -> 155 | I47: =ROUND(((D47*H47)/F47),2) -> 155
I48: =SUM(I47) -> 155
B49: 4 | C49: Supply of Hot Dip galvanized 20/18 SWG Module box with earthing terminal for 4 Module box
C50: Initial cost ELEC-1.3.1 c | D50: 1 | E50: Nos | F50: 1 | G50: Nos | H50: ='MINI SSR 2024-25'!C109 -> 114 | I50: =ROUND(((D50*H50)/F50),2) -> 114
I51: =SUM(I50) -> 114
B52: 8 | C52: Supply of Hot Dip galvanized 20/18 SWG Module box with earthing terminal for 18 Module box
C53: Initial cost ELEC-1.3.1 f 12M | D53: 1 | E53: Nos | F53: 1 | G53: Nos | H53: =H40 -> 245 | I53: =ROUND(((D53*H53)/F53),2) -> 245
C54: Initial cost ELEC-1.3.1 d 6M | D54: 1 | E54: Nos | F54: 1 | G54: Nos | H54: =H47 -> 155 | I54: =ROUND(((D54*H54)/F54),2) -> 155
I55: =SUM(I53:I54) -> 400
B56: 9 | C56: Supply of Hot Dip galvanized 20/18 SWG Module box with earthing terminal for 16 Module box
C57: Initial cost ELEC-1.3.1 f 12M | D57: 1 | E57: Nos | F57: 1 | G57: Nos | H57: =H53 -> 245 | I57: =ROUND(((D57*H57)/F57),2) -> 245
C58: Initial cost ELEC-1.8.3 c 4M | D58: 1 | E58: Nos | F58: 1 | G58: Nos | H58: =H50 -> 114 | I58: =ROUND(((D58*H58)/F58),2) -> 114
I59: =SUM(I57:I58) -> 359
B60: 10 | C60: Supply of Hot Dip galvanized 20/18 SWG Module box with earthing terminal for 2 Module box
C61: Initial cost ELEC-1.3.1 a | D61: 1 | E61: Nos | F61: 1 | G61: Nos | H61: ='MINI SSR 2024-25'!C112 -> 68 | I61: =ROUND(((D61*H61)/F61),2) -> 68
I62: =SUM(I61) -> 68
B63: 3 | C63: Supply of Cover frames for 12 module box
C64: Initial cost ELEC-1.8.3 f | D64: 1 | E64: Nos | F64: 1 | G64: Nos | H64: ='MINI SSR 2024-25'!E106 -> 240 | I64: =ROUND(((D64*H64)/F64),2) -> 240
I65: =SUM(I64) -> 240
B66: 4 | C66: Supply of Cover frames for 8 module box
C67: Initial cost ELEC-1.8.3 e | D67: 1 | E67: Nos | F67: 1 | G67: Nos | H67: ='MINI SSR 2024-25'!E107 -> 197 | I67: =ROUND(((D67*H67)/F67),2) -> 197
C68: Contract Profit @ 13.615% | I68: =ROUND(SUM(I67)*'DATA 2024-25'!$C$3,2) -> 26.82
I69: =SUM(I67:I68) -> 223.82
B70: 7 | C70: Supply of Cover frames for 6 module box
C71: Initial cost ELEC-1.8.3 d 6M | D71: 1 | E71: Nos | F71: 1 | G71: Nos | H71: ='MINI SSR 2024-25'!E108 -> 152 | I71: =ROUND(((D71*H71)/F71),2) -> 152
I72: =SUM(I71) -> 152
B73: 8 | C73: Supply of Cover frames for 4 module box
C74: Initial cost ELEC-1.8.3 c | D74: 1 | E74: Nos | F74: 1 | G74: Nos | H74: ='MINI SSR 2024-25'!E109 -> 101 | I74: =ROUND(((D74*H74)/F74),2) -> 101
I75: =SUM(I74) -> 101
B76: 15 | C76: Supply of Cover frames for 18 module box
C77: Initial cost ELEC-1.8.3 f 12M | D77: 1 | E77: Nos | F77: 1 | G77: Nos | H77: =H64 -> 240 | I77: =ROUND(((D77*H77)/F77),2) -> 240
C78: Initial cost ELEC-1.8.3 d 6M | D78: 1 | E78: Nos | F78: 1 | G78: Nos | H78: =H71 -> 152 | I78: =ROUND(((D78*H78)/F78),2) -> 152
I79: =SUM(I77:I78) -> 392
B80: 16 | C80: Supply of Cover frames for 2 module box
C81: Initial cost ELEC-1.8.3 a | D81: 1 | E81: Nos | F81: 1 | G81: Nos | H81: ='MINI SSR 2024-25'!E112 -> 76 | I81: =ROUND(((D81*H81)/F81),2) -> 76
I82: =SUM(I81) -> 76
B84: 5 | C84: Supply and fixing of 6A flush type Neon Indicator.
C85: Initial cost ELEC-1.7.1 e | D85: 1 | E85: Nos | F85: 1 | G85: Nos | H85: ='MINI SSR 2024-25'!C114 -> 21 | I85: =ROUND(((D85*H85)/F85),2) -> 21
C86: Contract Profit @ 13.615% | I86: =ROUND(SUM(I85)*'DATA 2024-25'!$C$3,2) -> 2.86
I87: =SUBTOTAL(9,I85:I86) -> 23.86
B88: 18 | C88: Supply of 9" (225mm), Light duty exhaust fan with double ball bearing and wire guard etc complete.
C89: Initial cost ELEC-5.1.12 | D89: 1 | E89: Nos | F89: 1 | G89: Nos | H89: ='MINI SSR 2024-25'!C115 -> 1552 | I89: =ROUND(((D89*H89)/F89),2) -> 1552
I90: =SUM(I89) -> 1552
A91: BLD-ELEC-2.1.1 | B91: 6 | C91: Wiring with run of 2 of 14/0.3mm (1.0 Sq.mm) FRLS / HFFR PVC insulated flexible ISI mark copper cable in existing PVC conduit pipe including Supply and fixing of 6A/10A ISI Mark 1way Modular switch in existing Surface or Concealed pipe wiring including cost and conveyance of all material and all labour charges etc., complete for light and bell points
C92: Copper Cable Makes:Makes: Finolex / RR kabel / Havells /KEI/Polycab/Gloster
C93: Accessories Makes:Makes: Legrand Arteor / Schneider Zen celo/ Crabtree Murano or Amare/L&Tenglaze/GM-Zenova/ Goldmedal (GIFA)
C94: a) Labour charges :
C95: Skilled Electrician. | D95: 0.6 | E95: day | F95: 1 | G95: day | H95: ='MINI SSR 2024-25'!$H$16 -> 790 | I95: =ROUND(((D95*H95)/F95),2) -> 474
C96: Semi Skilled Electrician / Lineman | D96: 1.2 | E96: day | F96: 1 | G96: day | H96: ='MINI SSR 2024-25'!$H$17 -> 640 | I96: =ROUND(((D96*H96)/F96),2) -> 768
C97: Helper (Electrical) | D97: 0.6 | E97: day | F97: 1 | G97: day | H97: ='MINI SSR 2024-25'!$H$5 -> 595 | I97: =ROUND(((D97*H97)/F97),2) -> 357
C98: b) Material
C99: Supply of 6A / 10A 1 Way flush type switch 1.7.1 a | D99: 6 | E99: Nos | F99: 1 | G99: No | H99: ='MINI SSR 2024-25'!C116 -> 18 | I99: =ROUND(((D99*H99)/F99),2) -> 108
C100: Supply of 14/0.3mm (1.0 Sqmm) Ele 1.5.1 | D100: 100 | E100: Mtrs | F100: 100 | G100: Mtrs | H100: ='MINI SSR 2024-25'!C119 -> 1238 | I100: =ROUND(((D100*H100)/F100),2) -> 1238
C101: Contract Profit @ 13.615% | I101: =ROUND(SUM(I95:I100)*'DATA 2024-25'!$C$3,2) -> 400.96
C102: Cost of Material for 6 Points | I102: =SUM(I95:I101) -> 3345.96
...

Sheet doors 2024-25
A1: DATA SHEET (2024-25)
A2: ='lead 24-25'!B2&'lead 24-25'!C2 -> Name of the Work: Completion of incomplete Anganwadi building in Paletipalli village of P.C.Palli Mandal.
E3: Est.Rs. | F3: ='lead 24-25'!K4 -> 15.00 Lakhs
A5: S No | B5: Index Code | C5: Description of the Work | D5: Unit | E5: Quantity | F5: Rate | G5: Amount | H5: Amount
A6: 1 | C6: Supplying and fixing of Door of size 1.20X2.10M with two panels Frame made with sald wood fixing with Z hold fast including c/c of all materials and furniture fittings etc complete as per specification (APSS No 1001 & 1002) Door Frame only
C7: Vertical posts | D7: 2 | E7: 1.95 | F7: 0.1 | G7: 0.075 | H7: =ROUND(D7*E7*F7*G7,4) -> 0.0293
C8: Horizontal Top & Bottom | D8: 2 | E8: 1.2 | F8: 0.1 | G8: 0.075 | H8: =ROUND(D8*E8*F8*G8,4) -> 0.018
H9: =SUM(H7:H8) -> 0.0473
B10: BMT-E.15 | C10: Sal Wood for Scantlings/Frames | E10: cum | F10: =H9 -> 0.0473 | G10: ='MINI SSR 2024-25'!$C$144 -> 53228 | H10: =ROUND(F10*G10,2) -> 2517.68
B11: BMS-W.69 | C11: MS Z Hold fasts 300mm Long | E11: No's | F11: 6 | G11: ='MINI SSR 2024-25'!$G$152 -> 41 | H11: =ROUND(F11*G11,2) -> 246
C12: B. Labour
B13: BMM-V.38 | C13: wrought & Putup Labour charges 1/3 | E13: Sqm | F13: =ROUND(1.2*2.1,2) -> 2.52 | G13: ='MINI SSR 2024-25'!$C$150 -> 1983 | H13: =ROUND(F13*G13,2)*1/3 -> 1665.72
C14: Contract Profit @ 13.615% | H14: 0
H15: =SUM(H10:H14) -> 4429.4
A16: 1 | C16: Supplying and fixing of Door of size 1.20X2.10M with two panels of Shutter made with Sal wood including brass tower bolts, handle and butt hinges with all furniture fittings including c/c of all materials and furniture fittings etc complete as per specification (APSS No 1001 & 1002) Door Shutters
C17: Shutters : Sal Wood | D17: 2 | E17: =2.1-0.15 -> 1.95 | F17: =ROUND(((1.2-0.15+0.02))/2,2) -> 0.54 | G17: 0.03 | H17: =ROUND(D17*E17*F17*G17,4) -> 0.0632
H18: =SUM(H17) -> 0.0632
B19: BMT-E.16 | C19: Sal Wood for Planks/Shutters | E19: cum | F19: =H18 -> 0.0632 | G19: ='MINI SSR 2024-25'!$C$145 -> 78753 | H19: =ROUND(F19*G19,2) -> 4977.19
B20: BMT-G.08 | C20: 150mm Alluminium tower bolts | E20: No's | F20: 2 | G20: ='MINI SSR 2024-25'!$G$143 -> 90 | H20: =ROUND(F20*G20,2) -> 180
B21: BMT-G.25 | C21: Butt Hinges 125mm Alluminiu | E21: No's | F21: 3 | G21: ='MINI SSR 2024-25'!$G$146 -> 135 | H21: =ROUND(F21*G21,2) -> 405
B22: BMT-G.34 | C22: 150mm Alluminium Door handle | E22: No's | F22: 2 | G22: ='MINI SSR 2024-25'!$G$147 -> 127 | H22: =ROUND(F22*G22,2) -> 254
B23: BMT-G.42 | C23: 300mm Alluminium Aldrop | E23: No's | F23: 2 | G23: ='MINI SSR 2024-25'!$G$149 -> 350 | H23: =ROUND(F23*G23,2) -> 700
B24: BMT-G.53 | C24: Door stopper MS Powder coated | E24: No's | F24: 1 | G24: ='MINI SSR 2024-25'!$G$151 -> 51 | H24: =ROUND(F24*G24,2) -> 51
C25: B. Labour
B26: BMM-V.38 | C26: wrought & Putup Labour charges 2/3 | E26: Sqm | F26: =ROUND(1.2*2.1,2) -> 2.52 | G26: ='MINI SSR 2024-25'!$C$150 -> 1983 | H26: =ROUND(F26*G26,2)*2/3 -> 3331.44
C27: Contract Profit @ 13.615% | H27: 0
H28: =SUM(H19:H27) -> 9898.63
A29: 2 | C29: Supplying and fixing of Door of size 0.75X2.10M with two panels Frame made with sald wood fixing with Z hold fast including c/c of all materials and furniture fittings etc complete as per specification (APSS No 1001 & 1002) Door Frame only
C30: Vertical posts | D30: 2 | E30: 1.95 | F30: 0.1 | G30: 0.075 | H30: =ROUND(D30*E30*F30*G30,4) -> 0.0293
C31: Horizontal Top & Bottom | D31: 2 | E31: 0.75 | F31: 0.1 | G31: 0.075 | H31: =ROUND(D31*E31*F31*G31,4) -> 0.0113
H32: =SUM(H30:H31) -> 0.0406
B33: BMT-E.15 | C33: Sal Wood for Scantlings/Frames | E33: cum | F33: =H32 -> 0.0406 | G33: ='MINI SSR 2024-25'!$C$144 -> 53228 | H33: =ROUND(F33*G33,2) -> 2161.06
B34: BMS-W.69 | C34: MS Z Hold fasts 300mm Long | E34: No's | F34: 6 | G34: ='MINI SSR 2024-25'!$G$152 -> 41 | H34: =ROUND(F34*G34,2) -> 246
C35: B. Labour
B36: BMM-V.38 | C36: wrought & Putup Labour charges 1/3 | E36: Sqm | F36: =ROUND(0.75*2.1,2) -> 1.58 | G36: ='MINI SSR 2024-25'!$C$150 -> 1983 | H36: =ROUND(F36*G36,2)*1/3 -> 1044.38
C37: Contract Profit @ 13.615% | H37: 0
H38: =SUM(H33:H37) -> 3451.44
A39: 3 | C39: Supplying and fixing of Door of size 0.75X2.10M with two panels Shutter made with Sal wood including brass tower bolts, handle and butt hinges with all furniture fittings including c/c of all materials and furniture fittings etc complete as per specification (APSS No 1001 & 1002)
C40: Shutters : Sal Wood | D40: 1 | E40: =2.1-0.15 -> 1.95 | F40: =ROUND(((1.2-0.15+0.02))/1,2) -> 1.07 | G40: 0.03 | H40: =ROUND(D40*E40*F40*G40,4) -> 0.0626
H41: =SUM(H40) -> 0.0626
B42: BMT-E.16 | C42: Sal Wood for Planks/Shutters | E42: cum | F42: =H41 -> 0.0626 | G42: ='MINI SSR 2024-25'!$C$145 -> 78753 | H42: =ROUND(F42*G42,2) -> 4929.94
B43: BMT-G.08 | C43: 150mm Alluminium tower bolts | E43: No's | F43: 2 | G43: ='MINI SSR 2024-25'!$G$143 -> 90 | H43: =ROUND(F43*G43,2) -> 180
B44: BMT-G.25 | C44: Butt Hinges 125mm Alluminiu | E44: No's | F44: 3 | G44: ='MINI SSR 2024-25'!$G$146 -> 135 | H44: =ROUND(F44*G44,2) -> 405
B45: BMT-G.34 | C45: 150mm Alluminium Door handle | E45: No's | F45: 2 | G45: ='MINI SSR 2024-25'!$G$147 -> 127 | H45: =ROUND(F45*G45,2) -> 254
B46: BMT-G.42 | C46: 300mm Alluminium Aldrop | E46: No's | F46: 2 | G46: ='MINI SSR 2024-25'!$G$149 -> 350 | H46: =ROUND(F46*G46,2) -> 700
B47: BMT-G.53 | C47: Door stopper MS Powder coated | E47: No's | F47: 1 | G47: ='MINI SSR 2024-25'!$G$151 -> 51 | H47: =ROUND(F47*G47,2) -> 51
C48: B. Labour
B49: BMM-V.38 | C49: wrought & Putup Labour charges 2/3 | E49: Sqm | F49: =ROUND(0.75*2.1,2) -> 1.58 | G49: ='MINI SSR 2024-25'!$C$150 -> 1983 | H49: =ROUND(F49*G49,2)*2/3 -> 2088.76
C50: Contract Profit @ 13.615% | H50: 0
H51: =SUM(H42:H50) -> 8608.7
A52: 3 | C52: Supply and fixing of sal wood window three shutter of size 1.50 x 1.35 mt with frame made of sal wood and fixing MS Grills into frames for safety with necessary fittings etc., complete. For frame only
C53: Unit = Each
C54: Frames : Sal Wood
C55: Horizontal Top & Bottom | D55: 2 | E55: 1.5 | F55: 0.1 | G55: 0.075 | H55: =ROUND(D55*E55*F55*G55,4) -> 0.0225
C56: Vertical posts | D56: 4 | E56: 1.2 | F56: 0.1 | G56: 0.075 | H56: =ROUND(D56*E56*F56*G56,4) -> 0.036
H57: =SUM(H55:H56) -> 0.0585
B58: BMT-E.15 | C58: Sal Wood for Scantlings/Frames | E58: cum | F58: =H57 -> 0.0585 | G58: ='MINI SSR 2024-25'!$C$144 -> 53228 | H58: =ROUND(F58*G58,2) -> 3113.84
B59: BMS-W.69 | C59: MS Z Hold fasts 300mm Long | E59: No's | F59: 4 | G59: ='MINI SSR 2024-25'!$G$152 -> 41 | H59: =ROUND(F59*G59,2) -> 164
C60: B. Labour
B61: BMM-V.38 | C61: wrought & Putup Labour charges 1/3 | E61: Sqm | F61: =ROUND(1.5*1.35,2) -> 2.03 | G61: ='MINI SSR 2024-25'!$C$150 -> 1983 | H61: =ROUND(F61*G61,2)*1/3 -> 1341.83
C62: Contract Profit @ 13.615% | H62: 0
H63: =SUM(H58:H62) -> 4619.67
A64: 4 | C64: Supply and fixing of sal wood window three shutter of size 1.50 x 1.35 mts shutter made with Sal wood including fixers of Aluminum tower bolt, butt hinges No's, Al handles, window stoppers and MS Z hold fasts with necessary fittings etc., complete.
C65: Shutters : Sal Wood | D65: 3 | E65: 1.22 | F65: 0.37 | G65: 0.025 | H65: =ROUND(D65*E65*F65*G65,4) -> 0.0339
H67: =SUM(H65:H66) -> 0.0339
B68: BMT-E.16 | C68: Sal Wood for Planks/Shutters | E68: cum | F68: =H67 -> 0.0339 | G68: ='MINI SSR 2024-25'!$C$145 -> 78753 | H68: =ROUND(F68*G68,2) -> 2669.73
B69: BMT-G.07 | C69: 100mm Alluminium tower bolts | E69: No's | F69: 2 | G69: 67 | H69: =ROUND(F69*G69,2) -> 134
B70: BMT-G.23 | C70: Butt Hinges 75mm Alluminium | E70: No's | F70: 9 | G70: 89 | H70: =ROUND(F70*G70,2) -> 801
B71: BMT-G.31 | C71: 75mm Alluminium Door handle | E71: No's | F71: 3 | G71: 63 | H71: =ROUND(F71*G71,2) -> 189
C72: MS Grills | E72: Kgs | F72: 40 | G72: ='lead 24-25'!$L$11/1000 -> 60 | H72: =ROUND(F72*G72,2) -> 2400
C73: B. Labour
B74: BMM-V.38 | C74: wrought & Putup Labour charges 2/3 | E74: Sqm | F74: =ROUND(1.5*1.35,2) -> 2.03 | G74: ='MINI SSR 2024-25'!$C$150 -> 1983 | H74: =ROUND(F74*G74,2)*2/3 -> 2683.66
C75: Contract Profit @ 13.615% | H75: 0
H76: =SUM(H68:H75) -> 8877.39
A77: 5 | C77: Supply and fixing of sal wood window three shutter of size 0.90 x 1.35 mt with frame made of sal wood and fixing MS Grills into frames for safety with necessary fittings etc., complete. For frame only
C78: Horizontal Top & Bottom | D78: 2 | E78: 0.9 | F78: 0.1 | G78: 0.075 | H78: =ROUND(D78*E78*F78*G78,4) -> 0.0135
C79: Vertical posts | D79: 4 | E79: 1.2 | F79: 0.1 | G79: 0.075 | H79: =ROUND(D79*E79*F79*G79,4) -> 0.036
H80: =SUM(H78:H79) -> 0.0495
B81: BMT-E.15 | C81: Sal Wood for Scantlings/Frames | E81: cum | F81: =H80 -> 0.0495 | G81: ='MINI SSR 2024-25'!$C$144 -> 53228 | H81: =ROUND(F81*G81,2) -> 2634.79
B82: BMS-W.69 | C82: MS Z Hold fasts 300mm Long | E82: No's | F82: 4 | G82: ='MINI SSR 2024-25'!$G$152 -> 41 | H82: =ROUND(F82*G82,2) -> 164
C83: B. Labour
B84: BMM-V.38 | C84: wrought & Putup Labour charges | E84: Sqm | F84: =ROUND(0.9*1.35,2) -> 1.22 | G84: ='MINI SSR 2024-25'!$C$150 -> 1983 | H84: =ROUND(F84*G84,2)*1/3 -> 806.42
C85: Contract Profit @ 13.615% | H85: 0
H86: =SUM(H81:H85) -> 3605.21
A87: 5 | C87: Supply and fixing of sal wood window three shutter of size 0.90 x 1.35 mts shutter made with Sal wood including fixers of Aluminum tower bolt, butt hinges No's, Al handles, window stoppers and MS Z hold fasts with necessary fittings etc., complete.
C88: Shutters : Sal Wood | D88: 2 | E88: 1.22 | F88: 0.37 | G88: 0.025 | H88: =ROUND(D88*E88*F88*G88,4) -> 0.0226
H90: =SUM(H88:H89) -> 0.0226
B91: BMT-E.16 | C91: Sal Wood for Planks/Shutters | E91: cum | F91: =H90 -> 0.0226 | G91: ='MINI SSR 2024-25'!$C$145 -> 78753 | H91: =ROUND(F91*G91,2) -> 1779.82
B92: BMT-G.07 | C92: 100mm Alluminium tower bolts | E92: No's | F92: 2 | G92: 67 | H92: =ROUND(F92*G92,2) -> 134
B93: BMT-G.23 | C93: Butt Hinges 75mm Alluminium | E93: No's | F93: 6 | G93: 89 | H93: =ROUND(F93*G93,2) -> 534
B94: BMT-G.31 | C94: 75mm Alluminium Door handle | E94: No's | F94: 2 | G94: 63 | H94: =ROUND(F94*G94,2) -> 126
C95: MS Grills | E95: Kgs | F95: 23 | G95: ='lead 24-25'!$L$11/1000 -> 60 | H95: =ROUND(F95*G95,2) -> 1380
C96: B. Labour
B97: BMM-V.38 | C97: wrought & Putup Labour charges | E97: Sqm | F97: =ROUND(0.9*1.35,2) -> 1.22 | G97: ='MINI SSR 2024-25'!$C$150 -> 1983 | H97: =ROUND(F97*G97,2) -> 2419.26
C98: Contract Profit @ 13.615% | H98: 0
H99: =SUM(H91:H98) -> 6373.08
A100: 1 | C100: S&F of Teak wood windows shutter of size 0.90 x 1.50 Mts including alluminium tower bolts, Butt hinges, door handle and plain float glass including all labour charges etc., complete.
C101: Alround windows planks | D101: 3 | E101: 2 | F101: 0.1 | G101: 0.025 | H101: =ROUND(D101*E101*F101*G101,4) -> 0.015
H103: =SUM(H101:H102) -> 0.015
B104: BMT-E.04 | C104: Teak Wood for Planks/Shutters | E104: cum | F104: =H103 -> 0.015 | G104: ='MINI SSR 2024-25'!$C$143 -> 173500 | H104: =ROUND(F104*G104,2) -> 2602.5
...

Sheet CC f (2)
A1: CONTRACT CERTIFICATE
G2: GP General funds
B4: Name of the work: Repairs to Mandal Praja Parishad Office building at Upstairs in Kanigiri Mandal.
B5: Name of the Contractor :
B6: Voucher : CC 1st & Final
B7: Last Certificate if any :
B8: Month :
B9: Number and month of the last schedule if any :-
B10: Mandal : Kanigiri | E10: Amount of estimate : Rs. 1.50 Lakhs | H10: Voucher No:
B11: Overseer's No. | E11: Authority Covering list No. | H11: Schedule No.
A13: S.No | B13: Quantity executed or Supplied | E13: Description of Items. | F13: Rate in Rs. | G13: Per | H13: Amount | J13: Remarks
B14: Upto Date | D14: Since last certificate | H14: Upto Date in Rs. | I14: Since last certificate in Rs.
A16: 1 | B16: =ESTIMATE!I26 -> 0 | C16: Cum | E16: Dismantling of existing structures like Flooring including disposal of unserviceable material and stacking the serviceable material with all lifts and lead of 1000 m as per Technical Specification Clause 202 MORD / MORTH | F16: =ESTIMATE!K26 -> 487.06 | G16: 1Cum | H16: =ROUND(B16*F16,2) -> 0
A17: 2 | B17: =ESTIMATE!I45 -> 5.45 | C17: Cum | E17: Plain Cement Concrete (1:4:8) proportion Nominal mix for foundations using 40mm size SS-5 metal including c/c of all materials & labour charges, machine mixing & laying concrete in foundations ramming etc complete for Bed Concrete (APSS No 402) | F17: =ESTIMATE!K45 -> 5252.57 | G17: 1Cum | H17: =ROUND(B17*F17,2) -> 28626.51
A18: 3 | B18: =ESTIMATE!I256 -> 79.63 | C18: Sqm | E18: Ceiling Plastering to Ceiling in CM (1:3) 12mm thick with dubara sponge finishing including c/c of all materials including labour charges such as mixing cement mortar and curing etc complete for finished item of work (APSS 901 & 903) | F18: =ESTIMATE!K256 -> 378.77 | G18: 1Sqm | H18: =ROUND(B18*F18,2) -> 30161.46
A19: 4 | B19: =ESTIMATE!I333 -> 50.23 | C19: Sqm | E19: Flooring with Porcelain Vitrified tiles stain free double charged of 1st quality and of size not less than 600X600X8mm thickness glossy finish premium colours, set over base coat of CM (1:8), 12mm thick over already laid CC bed / RCC Roof slab, including neat Cement slurry of honey like consistency spread @ 3.30 Kgs per Sqm & jointed with neat white Cement paste to full depth mixed with pigment of matching shade including c/c of all materials like Cement, Sand and Water and tiles etc complete including labour charges etc complete for finished item of work | F19: =ESTIMATE!K333 -> 1238.02 | G19: 1Sqm | H19: =ROUND(B19*F19,2) -> 62185.74
A20: 5 | B20: =ESTIMATE!I386 -> 0 | C20: Sqm | E20: Flooring with Ceramic non skid tiles of not less than 7-8mm thick 1st quality laid over floor bed / VRCC slab set over base coat of CM (1:8), 12mm thick and neat grey Cement slurry of honey like consistency spread @ 3.30 Kgs per Sqm & jointed with neat white Cement paste to full depth mixed with pigment of matching shade including c/c of all materials to site including cost of mixing of mortar and watering and levelling to proper slope and curing including all labour charges etc for finished item of work | F20: =ESTIMATE!K386 -> 849.02 | G20: 1Sqm | H20: =ROUND(B20*F20,2) -> 0
A21: 6 | B21: =ESTIMATE!I392 -> 0 | C21: Sqm | E21: Providing Daddooing to walls with 5 to 7mm thick Glazed Ceramic wall tiles of 1st quality of 6mm thick set over base coat of CM (1:3) 12mm thick with Cement slurry of honey like consistency spread @ 3.30 Kgs per Sqm & jointed with neat white Cement paste to full depth mixed with pigment of matching shade including c/c of all materials to site, cost of all materials like tiles, Cement, sand and water etc complete for finished item of work | F21: =ESTIMATE!K392 -> 499.42 | G21: 1Sqm | H21: =ROUND(B21*F21,2) -> 0
A22: 7 | B22: =ESTIMATE!I448 -> 0 | C22: Sqm | E22: Providing and applying Wall putty of White Cement or Polymer or Cement based of average 1 to 2 mm thickness over plastered surface to prepare the surface even and smooth after thoroughly brushing the surface to remove all dirt and remains of loose powdered materials, applying emery paper, Sand the surface, clean & wipe off loose dust, applying knifing paste filler by putty knife / muslin pad, air dry for 2 - 3 hrs, sand with 180 and 320 No., emery paper for the surface preparation including cost and conveyance of all materials and all operational, incidental and all labour charges etc., complete for finished item of work in all floors for internal walls | F22: =ESTIMATE!K448 -> 188.29 | G22: 1Sqm | H22: =ROUND(B22*F22,2) -> 0
A23: 8 | B23: =ESTIMATE!I495 -> 0 | C23: Sqm | E23: Painting Old Wood work with Two coats of ready mixed Synthatic Enamil paint first quality of shades after thoroughly brushes the surface to remove all remains of loose provided materials including cost and conveyance of all materials, cost of brushe for finished item of work as per APSS | F23: =ESTIMATE!K495 -> 162.18 | G23: 1Sqm | H23: =ROUND(B23*F23,2) -> 0
A24: 9 | B24: =ESTIMATE!I1373 -> 0 | C24: No | E24: S&F of Teak wood windows shutter of size 0.90 x 1.50 Mts including alluminium tower bolts, Butt hinges, door handle and plain float glass including all labour charges etc., complete. | F24: =ESTIMATE!K1373 -> 6107.37 | G24: 1No | H24: =ROUND(B24*F24,2) -> 0
A25: 10 | B25: =ESTIMATE!I1377 -> 0 | C25: No | E25: S&F of Teak wood windows shutter of size 1.50 x 1.50 Mts including alluminium tower bolts, Butt hinges, door handle and plain float glass including all labour charges etc., complete. | F25: =ESTIMATE!K1377 -> 8032.44 | G25: 1No | H25: =ROUND(B25*F25,2) -> 0
A26: 11 | B26: =ESTIMATE!I1457 -> 0 | C26: No | E26: Supply & fixing of tested NP bib taps at all levels of 12.70mm dia of Indian make 400g first quality including cost & conveyance of all materials, labour charges for finished item of work, and all taxes complete for all floors | F26: =ESTIMATE!K1457 -> 387 | G26: 1No | H26: =ROUND(B26*F26,2) -> 0
A27: 12 | B27: =ESTIMATE!I1461 -> 0 | C27: No | E27: Supply & fixing bib cock cum health faucet with 1 m long flexible tube and wall hook . | F27: =ESTIMATE!K1461 -> 4166 | G27: 1No | H27: =ROUND(B27*F27,2) -> 0
A28: 13 | B28: =ESTIMATE!I1487 -> 0 | C28: No | E28: Supplying and Fixing European Water Closet of 1st quality make white glazed with 'P' trap with low down porcelain flushing tank 10 Lit Capacity internal components and Fixing best Indian make plastic seat and lid for European water closets with rubber or plastic Buffers including all labour charges for fixing etc., complete. | F28: =ESTIMATE!K1487 -> 5297 | G28: 1No | H28: =ROUND(B28*F28,2) -> 0
A29: 14 | B29: =ESTIMATE!I1499 -> 0 | C29: No | E29: Supplying and fixing Indian make Flat Back Wash Hand Basin (HSW/Parryware/ Neycer) 1st quality conforming to IS:2556-Part-4:1972 of size 450mm x 300mm with 32 mm nominal size C.P. Fitting with parallel pipe thread onforming to IS:2963-1979 and fitted with 15 mm nominal bore Chromium Plated Pillar Tap of 1st quality Indian make 400 grams Seiko/Senior/Nice or equivalent complete with tandard CI brackets including wooden blocks ,1 No.12.70mm PVC connection with brass union nuts CP oated , 1 No.12.70mm NP bib tap 400 gms Seiko or equivalent , 31.75mm dia. PVC flexible waste pipe 914.4mm length of 1st quality including cost and onveyance of all materials to site, labour charges , overheads & contractors profit for finished item of work | F29: =ESTIMATE!K1499 -> 2025 | G29: 1No | H29: =ROUND(B29*F29,2) -> 0
A30: 15 | B30: =ESTIMATE!I1662 -> 0 | C30: No | E30: Supply and Transportation of 48" (1200mm) Sweep 5 star rated Ceiling Fan , with double ball bearings, air delivery more than 200 cubic meter/min but without Regulator. | F30: =ESTIMATE!K1662 -> 2933.04 | G30: 1No | H30: =ROUND(B30*F30,2) -> 0
A31: 16 | B31: =ESTIMATE!I1679 -> 0 | C31: No | E31: Labour charges for fixing of ceiling fan with regulator including transportation, 3 core wire leads etc complete | F31: =ESTIMATE!K1679 -> 186.01 | G31: 1No | H31: =ROUND(B31*F31,2) -> 0
A32: 17 | B32: =ESTIMATE!I1689 -> 3 | C32: No | E32: Labour charges for fixing of ceiling fan with regulator including transportation, 3 core wire leads etc complete | F32: =ESTIMATE!K1689 -> 458.87 | G32: 1No | H32: =ROUND(B32*F32,2) -> 1376.61
E93: Total value o work done or suplies made to date | G93: = | H93: =SUM(H15:H92) -> 122350.32 | I93: =SUM(I15:I92) -> 0 | L93: =SUM(L15:L92) -> 0
E94: Deduct value of work supplies shown on last certificate. | G94: = | H94: =L93 -> 0 | I94: Or
E95: Net value of work/supplies since lst certificate | G95: = | H95: =H93-H94 -> 122350.32 | I95: =ROUND(H95,0) -> 122350
B96: Signature of Contractor | H96: Date…………..……200
D97: Certificate that the proceeding claim is correct that the necessary measurements have been made by me on 200 and record on page 885/B/ZP/18 and the work has been satisfactory performed | F97: CHECK MEASUREMENT CERTIFICATE
D99: Certified also that the materials billed for have been recived and brought to account. | F99: Certified that the work and materials were duly Checked and Measured by me on (Date………….)
D100: Date………….. OFFICE INCHARGE | F100: Date………………200 | I100: DESIGNATION
E102: ='[27]lead 23-24'!K32 -> Assistant Engineer
E103: ='[27]lead 23-24'!K33 -> Mandal Praja parishad
E104: ='[27]lead 23-24'!K34 -> Kanigiri

Sheet ccbc  (2)
A1: MEMORANDUM OF PAYMENTS MADE | G1: Rs. | H1: P. | I1: Rs. | J1: P.
B2: Total value of work done
B3: Amount of prevont payment from last certificate No………………….
C4: of | D4: Forward
C5: With accouts for…………………………………
C6: Fines and other deduction up to date
A8: Payments now made | C8: By Cash
C9: By Cheque No………………..
C10: By Value of Stock supplied
C11: Balance due
A12: Allotment of the year | D12: Rs P
A13: Expenditure included in this bill
C15: Balance availabe
A17: PAY RUPEES ( ) RECEIVED ( )
E18: Only as final payments in settlement of all demands
E19: ……………………………………………………………………………….
E21: ……………………………………………………………………………….
E23: Witness
A25: Head Clerk | D25: Presented of | E25: ……………………………………………………………………………….
E27: ……………………………………………………………………………….
A29: Head Account | D29: Engineer | E29: ……………………………………………………………………………….
E31: ……………………………………………………………………………….
G32: Date ………………………….. | J32: Payee……………………
I34: AUDIT ENFACEMENT
I35: Admitted Rs. ………………………….
I36: Objected Rs. ………………………….
I37: Total Rs. ………………..…………….
D38: Date | G38: 200 | J38: Auditor
D39: INVERNACULAR
B40: DISTRICT ENGINEET'S REMARKS
C41: NOTES
C42: 1. This form is intended for use in the case of running account i.e for works in progress or supplies in course
B43: of delivery when the liability is discharged in full single payment Form No. of A should be used.
C44: 2. Payment will be made only up to nineteenth of the total value of the work done. The balance being returned
B45: as a security both for the due performance of the contracts or to cover posible over payment which may be detected on cheque measurement in the case of work whose estimated cost does not exceed Rs. 50/- Payment may be made in full
B46: on the measuring officer's certificate subject to subsequent check measurement by the proper check measuring authority.
C47: 3. In calculating the amount of each item dur to the contractor in this bill, sums of five pieces or less shall be
B48: omitted and sums exceeding five pieces shall be recorded.
C49: 4. Payment made in case of sum exceeding Rs. 100/- should be attested by two witness and for smaller sum
B50: by one witness payment made by cheque to recognised firms of institutions need not be so witnessed.
C51: 5. When the payee signs in the vernacullar the amount acknowledged should also noted in the some vernacullar
B52: as well as in English.
C53: 6. In the case of other than well known firms all parties must sign if there by more the on contractor or the payee
B54: must produce a power of atorney from the firm.
C55: 7. No contract certificate bearing no remarks should be accepted if any corrections are necessary the incorrect
B56: figures should be neatly scored out and initialed by the officer concerned in the case of corrections made in the Engineers office the Head Accountant may be authorised no attest those due to clerical errors Etc. But the Engineer should affix his
B57: initials coare osnin the rate column as well as those in the total or the bill and the pass order. This rule applies MUIATIS MUTANDIS to payments from miscellaneous grants.
C58: 8. In case in which the materials billed for are taken over charged an officer other than the officer sign in the
B59: certificate from of the bill the names of the form should be noted in the remarks column of the bill necessary amendment being made at the same time of the excluding portion of the certificate relating to materials.

Sheet MINI SSR 2024-25
A1: MINI SSR 2024-25 OF BUILDING ITEMS
F2: Name | G2: Code | H2: Rate
B3: Code | C3: Rate | F3: Mason skilled | G3: LAB-00011 | H3: 710
A4: Cement | B4: MAT-00005 | C4: 4218.8 | F4: Mason Semi skilled | G4: LAB-00091 | H4: 640
A5: Steel Fe 500 | C5: 60000 | F5: Mazdoor | G5: LAB-00120 | H5: 595
A6: Steel Fe 415 | C6: 59000 | F6: Bar bender | G6: LAB-00001 | H6: 850
A7: MS Flats | C7: 61000
A8: 6mm Ms roads | C8: 57000 | F8: Painter skilled | G8: LAB-00035 | H8: 795
A9: Sand for Mortar (screened) | B9: MAT-00029 | C9: 728 | F9: Painter semi skilled | G9: LAB-00093 | H9: 640
A10: Sand for Mortar (concrete) | B10: MAT-00027 | C10: 605 | F10: Welder | G10: LAB-00041 | H10: 695
A11: Sand for Filling | B11: MAT-00028 | C11: 460 | D11: Loading | E11: Unloading | F11: Black smith | G11: LAB-00002 | H11: 670
A12: Common burnt clay bricks | B12: BMT-A.01 | C12: 8480 | D12: 77.58 | E12: 77.58
A13: 40mm HBG metal SS5, M/C | B13: MAT-00220 | C13: 770 | F13: Plumber skilled | G13: LAB-00036 | H13: 795
A14: 20mm HBG SS5 M/c chips | B14: MAT-00218 | C14: 1285 | F14: Plumber semi skilled | H14: 640
A15: 12 mm nominal size | B15: MAT-00217 | C15: 1024
A16: 10mm nominal size | B16: MAT-00216 | C16: 860 | F16: Skilled Electrician | G16: LAB-00005 | H16: 790
A17: 6mm nominal size | B17: MAT-00215 | C17: 684 | F17: Semi Skilled Electrician | G17: LAB-00079 | H17: 640
A18: Rough stone | B18: MAT-00302 | C18: 315
A19: Granite 16 to 18 mm | B19: BMT-B.17 | C19: 2152
A20: Terrazo tiles | B20: BMT-D.01 | C20: 315
A21: Vitrified tiles double | B21: BMT-C.09 | C21: 625
A22: Ceramic tiles non skid | B22: BMT.C.01 | C22: 396.4
A23: Glazed tiles for walls | B23: BMT.C.21 | C23: 330
A24: Pressed type tiles | B24: BMT-A.04 | C24: 30000 | F24: RSSR
A25: Selected earth | B25: MAT-00252 | C25: 144 | F25: Jungle | H25: 6.06
A26: Gravel | B26: MAT-00177 | C26: 165 | F26: Earthwork | H26: 144.26
A27: Fly ash cement brick | B27: BMT-A.03 | C27: 30
E28: Brick work scaffolding
A29: Water for Rural | B29: MAT- 00333 | C29: 105 | E29: Hire | F29: Labour-GF | G29: Labour-FF | H29: Labour-SF
A30: Concrete mixer | B30: HIR-00018 | C30: 708.08 | E30: 10.78 | F30: 84.62 | G30: 121.18 | H30: 157.72
A31: needle Vibration 40 petrol | B31: HIR-00040 HIR-00174 | C31: 288.39 | E31: Ceiling plastering
A32: Binding wire | B32: MAT-00003 | C32: 64 | E32: Hire | F32: Labour-GF | G32: Labour-FF | H32: Labour-SF
A33: Welding eletrodes | B33: MAT-00082 | C33: 17 | E33: 2.57 | F33: 16.94 | G33: 24.04 | H33: 31.13
A34: Welding set | B34: HIR-00065 HIR-00199 | C34: 118.81 | E34: plastering
A35: Grills Fabrication of steel | B35: BMM-V.14 | C35: 35 | E35: Hire | F35: Labour-GF | G35: Labour-FF | H35: Labour-SF
A36: Grills Labour charges | B36: BMM-V.15 | C36: 6 | E36: 1.08 | F36: 8.47 | G36: 12.12 | H36: 15.77
A37: MS Tubes | B37: BMT-F.04 | C37: 87
A38: Tube Fabrication of steel | B38: BMM-V.16 | C38: 31
A39: Tube Labour charges | B39: BMM-V.17 | C39: 26
A40: Stainless steel | B40: BMT-F.06 | C40: 462 | E40: Wallputty | F40: BMT-J.31 | G40: 607
A41: S.S.Steel Fabrication | B41: BMM-V.18 | C41: 169 | E41: Cement Primer | F41: BMT-J.01 | G41: 175
A42: Drilling hard rock | B42: BMS-W.76 | C42: 229 | E42: Cement Primer | F42: BMT-J.02 | G42: 205
A43: Rabbit wire mesh | B43: BMT-F.28 | C43: 23 | E43: acrylic Emulsion paint | F43: BMT-J.24 | G43: 200
A44: Water proof compound | B44: BMT-H.88 | C44: 86 | E44: acrylic Emulsion paint | F44: BMT-J.34 | G44: 235
A45: White cement | B45: MAT-00478 | C45: 27.95 | E45: Wood primer | F45: BMT-J.05 | G45: 180
A46: Full Rounding the edges | B46: BMM-V.11 | C46: 529 | E46: Enamel paint | F46: BMT-J.29 | G46: 285
A47: Rolling shutter | B47: BMT-F.29 | C47: 4481 | E47: Poly-Urethene Polish | F47: BMT-J.18 | G47: 880
A48: Hume pipe | B48: ELEC-8.4.22 | C48: 390 | E48: Thinner for Polyurethane polish | F48: BMT-J.13 | G48: 260
A49: CC cover | B49: ELEC-8.4.24 | C49: 250
C51: Hire | D51: Labour
A52: Footings | C52: 301 | D52: 672
A53: Bed blocks | C53: 67 | D53: 363
A54: Pedastal | C54: 343 | D54: 1069
A55: Plinth beam | C55: 1453 | D55: 1620
D56: GF | E56: FF | F56: SF
A57: Columns | C57: 371 | D57: 2415 | E57: 2657 | F57: 2898
A58: Lintels | C58: 1233 | D58: 1720 | E58: 1892 | F58: 2064
A59: Sunshade | C59: 243 | D59: 264 | E59: 290 | F59: 317
A60: Beams | C60: 2179 | D60: 2027 | E60: 2230 | F60: 2432
A61: Slab upto 150mm | C61: 247 | D61: 241 | E61: 265 | F61: 289
A62: Slab upto 150 to 300mm | C62: 254 | D62: 248 | E62: 273 | F62: 298
A66: European Water Closet of 1st quality | B66: BMW-D.13 | C66: 1979 | F66: Water storage tank | G66: BMW-G.01 | H66: 8.5
A67: Flushing Tank 10 Lit capacity | B67: BMW-D.11 | C67: 2468 | F67: Tank labour | G67: BMW-G.02 | H67: 1
A68: plastic seat and lid | B68: BMW-D.16 | C68: 850 | F68: 15.90mm CPVC | G68: BMW-I.220 | H68: 157
A69: Indian type WC | B69: BMW-D.02 | C69: 1036 | F69: 22.20mm CPVC | G69: BMW-I.221 | H69: 184
A70: Urinals | B70: BMW-D.34 | C70: 2644 | F70: 28.60mm CPVC | G70: BMW-I.222 | H70: 222
A71: Hand wash basin | B71: BMW-D.26 | C71: 1519 | F71: 34.90mm CPVC | G71: BMW-I.223 | H71: 288
A72: NP bib taps | B72: BMW-E.07 | C72: 387 | F72: 25mm PVC | G72: MAT-07665 | H72: 25
A73: PVC connections | B73: BMW-I.48 | C73: 95 | F73: Labour for pvc | G73: BMW-I.415 | H73: 35
A74: Waste pipe | B74: BMW-G.05 | C74: 24 | F74: Gunmetal Gate | G74: BMW-F.17 | H74: 1165
A75: Nahany trap | B75: BMW-G.118 | C75: 93 | F75: 110mm bend | G75: BMW-G.57 | H75: 77
A76: Nahany trap cover | B76: BMW-I.12 | C76: 32 | F76: Clips | G76: BMW-G.106 | H76: 17
A77: Floor Trap - UPVC/SWR Pipe | B77: BMW-G.125 | C77: 128
A78: 110mm dia pvc pipe | B78: BMW-G.13 | C78: 447
A79: 90mm dia pvc pipe | B79: BMW-G.15 | C79: 425
A80: 75mm dia pvc pipe | B80: BMW-G.14 | C80: 267
A81: PVC Labour charges | B81: BMW-G.152 | C81: 84
A82: Chromeum plated tap | B82: BMW-I.140 | C82: 1644
A83: health faucet | B83: BMW-I.141 | C83: 4166
A86: Drilling 0 to 90 | B86: P.No.201 | C86: 492.16
A87: Drilling 90 to 150 | B87: P.No.201 | C87: 526.55
A88: Drilling 150 to 250 | B88: P.No.201 | C88: 590.61
A89: 2.00HP single phase | B89: ELEC-5.4.1 e | C89: 29403
A90: 1.00HP single phase | B90: ELEC-5.4.1 c | C90: 20207
... A104: Grooves | B104: BMM-V.51 | C104: 74
C105: Box | E105: Cover
A106: 12 Module box | B106: ELEC-1.3.1 f | C106: 245 | D106: ELEC-1.8.3 f | E106: 240
A107: 8 Module box | B107: ELEC-1.3.1 e | C107: 203 | D107: ELEC-1.8.3 e | E107: 197
A108: 6 Module box | B108: ELEC-1.3.1 d | C108: 155 | D108: ELEC-1.8.3 d | E108: 152
A109: 4 Module box | B109: ELEC-1.3.1 c | C109: 114 | D109: ELEC-1.8.3 c | E109: 101
A110: 18Module box | C110: =C106+C108 -> 400 | E110: =E106+E108 -> 392
A111: 16Module box | C111: =C106+C109 -> 359 | E111: =E106+E109 -> 341
A112: 2Module box | B112: ELEC-1.3.1 a | C112: 68 | D112: ELEC-1.8.3 a | E112: 76
A114: Neon Indicator. | B114: ELEC-1.7.1 e | C114: 21 | E114: battan holders | F114: 1.7.1-N) | G114: 21
A115: exhaust fan | B115: ELEC-5.1.12 | C115: 1552 | E115: 0.5W LED bulb | F115: ELEC-3.7.5 a | G115: 46
A116: 6A / 10A 1 Way flush type switch | B116: 1.7.1 a | C116: 18 | E116: Supply of 23 / 0060 twin | F116: ELEC-1.5.6 a | G116: 1288
A117: flush type socket 2 pin | B117: 1.7.1 c | C117: 21 | E117: Stepped type fan regulator | F117: ELEC-1.7.1 I | G117: 208
A118: flush type socket 3/2 pin | B118: 1.7.1 d | C118: 27 | E118: Ceiling Fan | F118: ELEC-5.1.4 | G118: 2904
A119: Supply of 14/0.3mm (1.0 Sqmm) | B119: 1.5.1 | C119: 1238 | E119: 19/20mm steel tube down | F119: ELEC-8.1.21 | G119: 119
A120: Ceiling rose | B120: 1.7.1-M) | C120: 22 | E120: Fan hook | F120: ELEC-8.1.20 | G120: 42
...

Sheet convey 24-25
A1: Conveyance charges-2024-25
B2: As per Machinery
A3: Lead in KM | B3: Earth/Sand/Gravel | C3: Metal | D3: Bricks 1000Nos | E3: Stone
B4: Initial lead Rete | C4: Initial lead Rete | D4: Initial lead Rete | E4: Add Loading & Unloading | F4: Net Lead Charges
A5: 1 | B5: 2 | C5: 3 | D5: 4 | E5: 5 | F5: 6
A6: 1 | B6: 38 | C6: 36.54 | D6: 60.9 | E6: 53.74
A7: 2 | B7: 53.2 | C7: 51.16 | D7: 85.26 | E7: 75.23
A8: 3 | B8: 70.93 | C8: 68.21 | D8: 113.68 | E8: 100.31
A9: 4 | B9: 86.13 | C9: 82.82 | D9: 138.04 | E9: 121.8
A10: 5 | B10: 101.33 | C10: 97.44 | D10: 162.4 | E10: 143.3
A11: 6 | B11: =B10+15.2 -> 116.53 | C11: =C10+14.62 -> 112.06 | D11: =D10+24.36 -> 186.76 | E11: =E10+21.49 -> 164.79
A12: 7 | B12: =B11+15.2 -> 131.73 | C12: =C11+14.62 -> 126.68 | D12: =D11+24.36 -> 211.12 | E12: =E11+21.49 -> 186.28
A13: 8 | B13: =B12+15.2 -> 146.93 | C13: =C12+14.62 -> 141.3 | D13: =D12+24.36 -> 235.48 | E13: =E12+21.49 -> 207.77
A14: 9 | B14: =B13+15.2 -> 162.13 | C14: =C13+14.62 -> 155.92 | D14: =D13+24.36 -> 259.84 | E14: =E13+21.49 -> 229.26
A15: 10 | B15: =B14+15.2 -> 177.33 | C15: =C14+14.62 -> 170.54 | D15: =D14+24.36 -> 284.2 | E15: =E14+21.49 -> 250.75
A16: 11 | B16: =B15+15.2 -> 192.53 | C16: =C15+14.62 -> 185.16 | D16: =D15+24.36 -> 308.56 | E16: =E15+21.49 -> 272.24
A17: 12 | B17: =B16+15.2 -> 207.73 | C17: =C16+14.62 -> 199.78 | D17: =D16+24.36 -> 332.92 | E17: =E16+21.49 -> 293.73
A18: 13 | B18: =B17+15.2 -> 222.93 | C18: =C17+14.62 -> 214.4 | D18: =D17+24.36 -> 357.28 | E18: =E17+21.49 -> 315.22
A19: 14 | B19: =B18+15.2 -> 238.13 | C19: =C18+14.62 -> 229.02 | D19: =D18+24.36 -> 381.64 | E19: =E18+21.49 -> 336.71
A20: 15 | B20: =B19+15.2 -> 253.33 | C20: =C19+14.62 -> 243.64 | D20: =D19+24.36 -> 406 | E20: =E19+21.49 -> 358.2
A21: 16 | B21: =B20+15.2 -> 268.53 | C21: =C20+14.62 -> 258.26 | D21: =D20+24.36 -> 430.36 | E21: =E20+21.49 -> 379.69
A22: 17 | B22: =B21+15.2 -> 283.73 | C22: =C21+14.62 -> 272.88 | D22: =D21+24.36 -> 454.72 | E22: =E21+21.49 -> 401.18
... A35: 30 | B35: =B34+15.2 -> 481.33 | C35: =C34+14.62 -> 462.94 | D35: =D34+24.36 -> 771.4 | E35: =E34+21.49 -> 680.55
A36: 31 | B36: =B35+12.67 -> 494 | C36: =C35+12.18 -> 475.12 | D36: =D35+20.3 -> 791.7 | E36: =E35+17.91 -> 698.46
A37: 32 | B37: =B36+12.67 -> 506.67 | C37: =C36+12.18 -> 487.3 | D37: =D36+20.3 -> 812 | E37: =E36+17.91 -> 716.37
A38: 33 | B38: =B37+12.67 -> 519.34 | C38: =C37+12.18 -> 499.48 | D38: =D37+20.3 -> 832.3 | E38: =E37+17.91 -> 734.28
A39: 34 | B39: =B38+12.67 -> 532.01 | C39: =C38+12.18 -> 511.66 | D39: =D38+20.3 -> 852.6 | E39: =E38+17.91 -> 752.19
A40: 35 | B40: =B39+12.67 -> 544.68 | C40: =C39+12.18 -> 523.84 | D40: =D39+20.3 -> 872.9 | E40: =E39+17.91 -> 770.1
A41: 36 | B41: =B40+12.67 -> 557.35 | C41: =C40+12.18 -> 536.02 | D41: =D40+20.3 -> 893.2 | E41: =E40+17.91 -> 788.01
A42: 37 | B42: =B41+12.67 -> 570.02 | C42: =C41+12.18 -> 548.2 | D42: =D41+20.3 -> 913.5 | E42: =E41+17.91 -> 805.92
A43: 38 | B43: =B42+12.67 -> 582.69 | C43: =C42+12.18 -> 560.38 | D43: =D42+20.3 -> 933.8 | E43: =E42+17.91 -> 823.83
A44: 39 | B44: =B43+12.67 -> 595.36 | C44: =C43+12.18 -> 572.56 | D44: =D43+20.3 -> 954.1 | E44: =E43+17.91 -> 841.74
A45: 40 | B45: =B44+12.67 -> 608.03 | C45: =C44+12.18 -> 584.74 | D45: =D44+20.3 -> 974.4 | E45: =E44+17.91 -> 859.65
A46: 41 | B46: =B45+12.67 -> 620.7 | C46: =C45+12.18 -> 596.92 | D46: =D45+20.3 -> 994.7 | E46: =E45+17.91 -> 877.56
A47: 42 | B47: =B46+12.67 -> 633.37 | C47: =C46+12.18 -> 609.1 | D47: =D46+20.3 -> 1015 | E47: =E46+17.91 -> 895.47
... A305: 300 | B305: =B304+12.67 -> 3902.23 | C305: =C304+12.18 -> 3751.54 | D305: =D304+20.3 -> 6252.4 | E305: =E304+17.91 -> 5516.25

Sheet CS
A1: COMPARATIVE STATEMENT
A2: ='lead 24-25'!B2&'lead 24-25'!C2 -> Name of the Work: Completion of incomplete Anganwadi building in Paletipalli village of P.C.Palli Mandal.
J3: Est Rs. | K3: ='lead 24-25'!K4 -> 15.00 Lakhs
A4: S.No | B4: Description of the work | C4: As per detailed estimate | G4: As per working estimate | K4: Difference | M4: Remarks
C5: Quantity | E5: Rate | F5: Amount | G5: Quantity | I5: Rate | J5: Amount | K5: Excess | L5: Less
A6: 1 | B6: 2 | C6: 3 | E6: 4 | F6: 5 | G6: 6 | I6: 7 | J6: 8 | K6: 9 | L6: 10 | M6: 11
B7: Construction of Ground floor | K7: =IF(J7>F7,J7-F7,0) -> 0 | L7: =IF(J7<F7,F7-J7,0) -> 0 | M7: - | N7: =E7-I7 -> 0
A8: 1 | B8: Clearing light jungle | D8: Sqm | E8: 6.06 | F8: =ROUND(C8*E8,0) -> 0 | G8: =ESTIMATE!I12 -> 0 | H8: Sqm | I8: =ESTIMATE!K12 -> 6.06 | J8: =ROUND(G8*I8,0) -> 0 | K8: =IF(J8>F8,J8-F8,0) -> 0 | L8: =IF(J8<F8,F8-J8,0) -> 0 | M8: - | N8: =E8-I8 -> 0 | S8: 157 | U8: =J8-S8 -> -157 | W8: 23.72 | X8: =G8-W8 -> -23.72
A9: 2 | B9: Earthwork excavation for foundation | D9: Cum | E9: 144.26 | F9: =ROUND(C9*E9,0) -> 0 | G9: =ESTIMATE!I33 -> 0 | H9: Cum | I9: =ESTIMATE!K33 -> 246.07 | J9: =ROUND(G9*I9,0) -> 0 | K9: =IF(J9>F9,J9-F9,0) -> 0 | L9: =IF(J9<F9,F9-J9,0) -> 0 | M9: - | N9: =E9-I9 -> -101.81 | S9: 12298 | U9: =J9-S9 -> -12298 | W9: 98.86 | X9: =G9-W9 -> -98.86
A10: 3 | B10: PCC (1:4:8) for bed concrete | D10: Cum | E10: 4509.22 | F10: =ROUND(C10*E10,0) -> 0 | G10: =ESTIMATE!I45 -> 5.45 | H10: Cum | I10: =ESTIMATE!K45 -> 5252.57 | J10: =ROUND(G10*I10,0) -> 28627 | K10: =IF(J10>F10,J10-F10,0) -> 28627 | L10: =IF(J10<F10,F10-J10,0) -> 0 | M10: - | N10: =E10-I10 -> -743.35 | S10: 100538 | U10: =J10-S10 -> -71911 | W10: 26.91 | X10: =G10-W10 -> -21.46
A11: 4 | B11: PCC (1:5:10) for bed concrete | D11: Cum | E11: 4389.99 | F11: =ROUND(C11*E11,0) -> 0 | G11: =ESTIMATE!I56 -> 0 | H11: Cum | I11: =ESTIMATE!K56 -> 4486.44 | J11: =ROUND(G11*I11,0) -> 0 | K11: =IF(J11>F11,J11-F11,0) -> 0 | L11: =IF(J11<F11,F11-J11,0) -> 0 | M11: - | N11: =E11-I11 -> -96.45 | S11: 0 | U11: =J11-S11 -> 0 | W11: 0 | X11: =G11-W11 -> 0
A12: 5 | B12: Filling basement with Selected earth | D12: Cum | E12: 357.6 | F12: =ROUND(C12*E12,0) -> 0 | G12: =ESTIMATE!I62 -> 0 | H12: Cum | I12: =ESTIMATE!K62 -> 440.28 | J12: =ROUND(G12*I12,0) -> 0 | K12: =IF(J12>F12,J12-F12,0) -> 0 | L12: =IF(J12<F12,F12-J12,0) -> 0 | M12: - | N12: =E12-I12 -> -82.68 | S12: 0 | U12: =J12-S12 -> 0 | W12: 0 | X12: =G12-W12 -> 0
A13: 5 | B13: Filling basement with Gravel | G13: =ESTIMATE!I72 -> 0 | H13: Cum | I13: =ESTIMATE!K72 -> 461.28 | J13: =ROUND(G13*I13,0) -> 0 | K13: =IF(J13>F13,J13-F13,0) -> 0 | L13: =IF(J13<F13,F13-J13,0) -> 0 | M13: - | N13: =E13-I13 -> -461.28 | S13: 0 | U13: =J13-S13 -> 0 | W13: 0 | X13: =G13-W13 -> 0
A14: 6 | B14: Filling basement with Sand filling | D14: Cum | E14: 710.6 | F14: =ROUND(C14*E14,0) -> 0 | G14: =ESTIMATE!I81 -> 1.53 | H14: Cum | I14: =ESTIMATE!K81 -> 150.05 | J14: =ROUND(G14*I14,0) -> 230 | K14: =IF(J14>F14,J14-F14,0) -> 230 | L14: =IF(J14<F14,F14-J14,0) -> 0 | M14: - | N14: =E14-I14 -> 560.55 | S14: 65659 | U14: =J14-S14 -> -65429 | W14: 52.81 | X14: =G14-W14 -> -51.28
A15: 7 | B15: Refilling with excavated soil | D15: Cum | E15: 265.36 | F15: =ROUND(C15*E15,0) -> 0 | G15: =ESTIMATE!I91 -> 0 | H15: Cum | I15: =ESTIMATE!K91 -> 365.84 | J15: =ROUND(G15*I15,0) -> 0 | K15: =IF(J15>F15,J15-F15,0) -> 0 | L15: =IF(J15<F15,F15-J15,0) -> 0 | M15: - | N15: =E15-I15 -> -100.48 | S15: 17066 | U15: =J15-S15 -> -17066 | W15: 74.97 | X15: =G15-W15 -> -74.97
A16: 8 | B16: VRCC M30 design mix Concrete for column footings | D16: Cum | E16: 7679.35 | F16: =ROUND(C16*E16,0) -> 0 | G16: =ESTIMATE!I96 -> 0 | H16: Cum | I16: =ESTIMATE!K96 -> 9863.95 | J16: =ROUND(G16*I16,0) -> 0 | K16: =IF(J16>F16,J16-F16,0) -> 0 | L16: =IF(J16<F16,F16-J16,0) -> 0 | M16: - | N16: =E16-I16 -> -2184.6 | S16: 74617 | U16: =J16-S16 -> -74617 | W16: 11.19 | X16: =G16-W16 -> -11.19
A17: 9 | B17: VRCC M30 design mix Concrete for Pedastal | D17: Cum | E17: 8118.35 | F17: =ROUND(C17*E17,0) -> 0 | G17: =ESTIMATE!I100 -> 0 | H17: Cum | I17: =ESTIMATE!K100 -> 10362.72 | J17: =ROUND(G17*I17,0) -> 0 | K17: =IF(J17>F17,J17-F17,0) -> 0 | L17: =IF(J17<F17,F17-J17,0) -> 0 | M17: - | N17: =E17-I17 -> -2244.37 | S17: 9701 | U17: =J17-S17 -> -9701 | W17: 1.37 | X17: =G17-W17 -> -1.37
A18: 10 | B18: VRCC M30 design mix Concrete for Columns | D18: Cum | E18: 9998.74 | F18: =ROUND(C18*E18,0) -> 0 | G18: =ESTIMATE!I106 -> 0 | H18: Cum | I18: =ESTIMATE!K106 -> 12622.12 | J18: =ROUND(G18*I18,0) -> 0 | K18: =IF(J18>F18,J18-F18,0) -> 0 | L18: =IF(J18<F18,F18-J18,0) -> 0 | M18: - | N18: =E18-I18 -> -2623.38 | S18: 44466 | U18: =J18-S18 -> -44466 | W18: 5.05 | X18: =G18-W18 -> -5.05
A19: 11 | B19: VRCC M30 design mix Concrete for Plinth beam | D19: Cum | E19: 9779.35 | F19: =ROUND(C19*E19,0) -> 0 | G19: =ESTIMATE!I113 -> 0 | H19: Cum | I19: =ESTIMATE!K113 -> 12249.87 | J19: =ROUND(G19*I19,0) -> 0 | K19: =IF(J19>F19,J19-F19,0) -> 0 | L19: =IF(J19<F19,F19-J19,0) -> 0 | M19: - | N19: =E19-I19 -> -2470.52 | S19: 53866 | U19: =J19-S19 -> -53866 | W19: 6.22 | X19: =G19-W19 -> -6.22
A20: 12 | B20: VRCC M30 design mix Concrete for Beams | D20: Cum | E20: 9629.25 | F20: =ROUND(C20*E20,0) -> 0 | G20: =ESTIMATE!I121 -> 3.35 | H20: Cum | I20: =ESTIMATE!K121 -> 11812.98 | J20: =ROUND(G20*I20,0) -> 39573 | K20: =IF(J20>F20,J20-F20,0) -> 39573 | L20: =IF(J20<F20,F20-J20,0) -> 0 | M20: - | N20: =E20-I20 -> -2183.73 | P20: =SUM(F8:F69)+F58+F59+#REF!+F145+F149+F153+#REF! -> #REF! | S20: 72944 | U20: =J20-S20 -> -33371 | W20: 8.44 | X20: =G20-W20 -> -5.09
A21: 13 | B21: VRCC M30 design mix Concrete for Slab 125mm | D21: Sqm | E21: 1165.91 | F21: =ROUND(C21*E21,0) -> 0 | G21: =ESTIMATE!I131 -> 69.19 | H21: Sqm | I21: =ESTIMATE!K131 -> 1433.73 | J21: =ROUND(G21*I21,0) -> 99200 | K21: =IF(J21>F21,J21-F21,0) -> 99200 | L21: =IF(J21<F21,F21-J21,0) -> 0 | M21: - | N21: =E21-I21 -> -267.82 | S21: 121079 | U21: =J21-S21 -> -21879 | W21: 117.23 | X21: =G21-W21 -> -48.04
A22: 14 | B22: VRCC M30 design mix Concrete for Slab 150mm | D22: Sqm | E22: 1301.49 | F22: =ROUND(C22*E22,0) -> 0 | G22: =ESTIMATE!I127 -> 0 | H22: Sqm | I22: =ESTIMATE!K127 -> 1416.71 | J22: =ROUND(G22*I22,0) -> 0 | K22: =IF(J22>F22,J22-F22,0) -> 0 | L22: =IF(J22<F22,F22-J22,0) -> 0 | M22: - | N22: =E22-I22 -> -115.22 | S22: 9665 | U22: =J22-S22 -> -9665 | W22: 8.41 | X22: =G22-W22 -> -8.41
A23: 14 | B23: VRCC M30 design mix Concrete for Slab 175mm | J23: =ROUND(G23*I23,0) -> 0 | K23: =IF(J23>F23,J23-F23,0) -> 0 | L23: =IF(J23<F23,F23-J23,0) -> 0 | M23: - | N23: =E23-I23 -> 0 | S23: 0 | U23: =J23-S23 -> 0 | X23: =G23-W23 -> 0
A24: 14 | B24: VRCC M30 design mix Concrete for Slab 100mm | G24: =ESTIMATE!I136 -> 0 | H24: Sqm | I24: =ESTIMATE!K136 -> 1107.14 | J24: =ROUND(G24*I24,0) -> 0 | K24: =IF(J24>F24,J24-F24,0) -> 0 | L24: =IF(J24<F24,F24-J24,0) -> 0 | M24: - | N24: =E24-I24 -> -1107.14 | S24: 0 | U24: =J24-S24 -> 0 | X24: =G24-W24 -> 0
A25: 13 | B25: VRCC M30 design mix Concrete for Slab 50mm | G25: =ESTIMATE!I142 -> 0 | H25: Sqm | I25: =ESTIMATE!K142 -> 624.56 | J25: =ROUND(G25*I25,0) -> 0 | K25: =IF(J25>F25,J25-F25,0) -> 0 | L25: =IF(J25<F25,F25-J25,0) -> 0 | M25: - | N25: =E25-I25 -> -624.56 | S25: 0 | U25: =J25-S25 -> 0 | X25: =G25-W25 -> 0
A26: 15 | B26: VRCC M30 design mix Concrete for Slab 25mm | G26: =ESTIMATE!I153 -> 0 | H26: Sqm | I26: =ESTIMATE!K153 -> 450.89 | J26: =ROUND(G26*I26,0) -> 0 | K26: =IF(J26>F26,J26-F26,0) -> 0 | L26: =IF(J26<F26,F26-J26,0) -> 0 | M26: - | N26: =E26-I26 -> -450.89 | S26: 0 | U26: =J26-S26 -> 0 | X26: =G26-W26 -> 0
A27: 15 | B27: VRCC M30 design mix Concrete for Lintels | D27: Cum | E27: 10165.74 | F27: =ROUND(C27*E27,0) -> 0 | G27: =ESTIMATE!I160 -> 0.6 | H27: Cum | I27: =ESTIMATE!K160 -> 12811.85 | J27: =ROUND(G27*I27,0) -> 7687 | K27: =IF(J27>F27,J27-F27,0) -> 7687 | L27: =IF(J27<F27,F27-J27,0) -> 0 | M27: - | N27: =E27-I27 -> -2646.11 | S27: 6104 | U27: =J27-S27 -> 1583 | W27: 0.68 | X27: =G27-W27 -> -0.08
A28: 16 | B28: VRCC M30 design mix Concrete for Sunshades | D28: Rm | E28: 710.37 | F28: =ROUND(C28*E28,0) -> 0 | G28: =ESTIMATE!I165 -> 9.6 | H28: Rm | I28: =ESTIMATE!K165 -> 839.82 | J28: =ROUND(G28*I28,0) -> 8062 | K28: =IF(J28>F28,J28-F28,0) -> 8062 | L28: =IF(J28<F28,F28-J28,0) -> 0 | M28: - | N28: =E28-I28 -> -129.45 | S28: 5900 | U28: =J28-S28 -> 2162 | W28: 9 | X28: =G28-W28 -> 0.6
A29: 17 | B29: impervious coat over roof slab-12mm | G29: =ESTIMATE!I169 -> 69.19 | H29: Sqm | I29: =ESTIMATE!K169 -> 376.15 | J29: =ROUND(G29*I29,0) -> 26026 | K29: =IF(J29>F29,J29-F29,0) -> 26026 | L29: =IF(J29<F29,F29-J29,0) -> 0 | M29: - | N29: =E29-I29 -> -376.15 | S29: 43353 | U29: =J29-S29 -> -17327 | W29: 117.23 | X29: =G29-W29 -> -48.04
A30: 16 | B30: impervious coat over roof slab-20mm | G30: =ESTIMATE!I175 -> 0 | H30: Sqm | I30: =ESTIMATE!K175 -> 428.88 | J30: =ROUND(G30*I30,0) -> 0 | K30: =IF(J30>F30,J30-F30,0) -> 0 | L30: =IF(J30<F30,F30-J30,0) -> 0 | M30: - | N30: =E30-I30 -> -428.88 | S30: 43353 | U30: =J30-S30 -> -43353 | W30: 117.23 | X30: =G30-W30 -> -117.23
A31: 13 | B31: PCC M30 for Steps | G31: =ESTIMATE!I324 -> 0 | H31: Cum | I31: =ESTIMATE!K324 -> 6819.9 | J31: =ROUND(G31*I31,0) -> 0 | K31: =IF(J31>F31,J31-F31,0) -> 0 | L31: =IF(J31<F31,F31-J31,0) -> 0 | M31: - | N31: =E31-I31 -> -6819.9 | S31: 0 | U31: =J31-S31 -> 0 | W31: 0 | X31: =G31-W31 -> 0
A32: 17 | B32: RR Masonary in CM (1:6) for basement | D32: Cum | E32: 3707.43 | F32: =ROUND(C32*E32,0) -> 0 | G32: =ESTIMATE!I185 -> 0 | H32: Cum | I32: =ESTIMATE!K185 -> 4055.51 | J32: =ROUND(G32*I32,0) -> 0 | K32: =IF(J32>F32,J32-F32,0) -> 0 | L32: =IF(J32<F32,F32-J32,0) -> 0 | M32: - | N32: =E32-I32 -> -348.08 | S32: 109300 | U32: =J32-S32 -> -109300 | W32: 21.22 | X32: =G32-W32 -> -21.22
A33: 18 | B33: Brick masonery in CM (1:8) for basement | D33: Cum | E33: 6171.46 | F33: =ROUND(C33*E33,0) -> 0 | G33: =ESTIMATE!I212 -> 19.08 | H33: Cum | I33: =ESTIMATE!K212 -> 8224.67 | J33: =ROUND(G33*I33,0) -> 156927 | K33: =IF(J33>F33,J33-F33,0) -> 156927 | L33: =IF(J33<F33,F33-J33,0) -> 0 | M33: - | N33: =E33-I33 -> -2053.21 | S33: 109300 | U33: =J33-S33 -> 47627 | W33: 21.22 | X33: =G33-W33 -> -2.14
A34: 19 | B34: Brick masonery in CM (1:6) for superstructure | J34: =ROUND(G34*I34,0) -> 0 | K34: =IF(J34>F34,J34-F34,0) -> 0 | L34: =IF(J34<F34,F34-J34,0) -> 0 | M34: - | N34: =E34-I34 -> 0 | S34: 99325 | U34: =J34-S34 -> -99325 | W34: 17.78 | X34: =G34-W34 -> -17.78
A35: 19 | B35: Brick masonery in CM (1:6) for superstructure | D35: Cum | E35: 6215.62 | F35: =ROUND(C35*E35,0) -> 0 | G35: =ESTIMATE!I220 -> 0 | H35: Cum | I35: =ESTIMATE!K220 -> 8282.18 | J35: =ROUND(G35*I35,0) -> 0 | K35: =IF(J35>F35,J35-F35,0) -> 0 | L35: =IF(J35<F35,F35-J35,0) -> 0 | M35: - | N35: =E35-I35 -> -2066.56 | S35: 99325 | U35: =J35-S35 -> -99325 | W35: 17.78 | X35: =G35-W35 -> -17.78
A36: 20 | B36: Reinforced Brick Masonry for partition walls (11.5 cm thick) i | D36: Sqm | E36: 793.65 | F36: =ROUND(C36*E36/1,0) -> 0 | G36: =ESTIMATE!I226 -> 0 | H36: Sqm | I36: =ESTIMATE!K226 -> 926.11 | J36: =ROUND(G36*I36/1,0) -> 0 | K36: =IF(J36>F36,J36-F36,0) -> 0 | L36: =IF(J36<F36,F36-J36,0) -> 0 | M36: - | N36: =E36-I36 -> -132.46 | S36: 36813 | U36: =J36-S36 -> -36813 | W36: 52.63 | X36: =G36-W36 -> -52.63
A37: 21 | B37: Fly ash cement bricks | G37: =ESTIMATE!I234 -> 0 | H37: Sqm | I37: =ESTIMATE!K234 -> 6487.56 | J37: =ROUND(G37*I37/1,0) -> 0 | K37: =IF(J37>F37,J37-F37,0) -> 0 | L37: =IF(J37<F37,F37-J37,0) -> 0 | M37: - | N37: =E37-I37 -> -6487.56
A38: 23 | B38: RCM drop wall | G38: =ESTIMATE!I239 -> 0 | H38: Sqm | I38: =ESTIMATE!K239 -> 2479.09 | J38: =ROUND(G38*I38/1,0) -> 0 | K38: =IF(J38>F38,J38-F38,0) -> 0 | L38: =IF(J38<F38,F38-J38,0) -> 0 | M38: - | N38: =E38-I38 -> -2479.09
A39: 21 | B39: Ornamental Plastering 12mm thick to ceiling | D39: Sqm | E39: 308.82 | F39: =ROUND(C39*E39,0) -> 0 | G39: =ESTIMATE!I256 -> 79.63 | H39: Sqm | I39: =ESTIMATE!K256 -> 378.77 | J39: =ROUND(G39*I39,0) -> 30161 | K39: =IF(J39>F39,J39-F39,0) -> 30161 | L39: =IF(J39<F39,F39-J39,0) -> 0 | M39: - | N39: =E39-I39 -> -69.95 | S39: 30479 | U39: =J39-S39 -> -318 | W39: 118.44 | X39: =G39-W39 -> -38.81
A40: 22 | B40: Plastering 12mm thick inside in single coats | G40: =ESTIMATE!I272 -> 0 | H40: Sqm | I40: =ESTIMATE!K272 -> 311.27 | J40: =ROUND(G40*I40,0) -> 0 | K40: =IF(J40>F40,J40-F40,0) -> 0 | L40: =IF(J40<F40,F40-J40,0) -> 0 | M40: - | N40: =E40-I40 -> -311.27 | S40: 0 | U40: =J40-S40 -> 0 | W40: 0 | X40: =G40-W40 -> 0
A41: 23 | B41: Plastering 20mm thick single coat | G41: =ESTIMATE!I277 -> 0 | H41: Sqm | I41: =ESTIMATE!K277 -> 325.66 | J41: =ROUND(G41*I41,0) -> 0 | K41: =IF(J41>F41,J41-F41,0) -> 0 | L41: =IF(J41<F41,F41-J41,0) -> 0 | M41: - | N41: =E41-I41 -> -325.66 | S41: 0 | U41: =J41-S41 -> 0 | W41: 0 | X41: =G41-W41 -> 0
A42: 24 | B42: Plastering 12mm thick double coat | D42: Sqm | E42: 374.07 | F42: =ROUND(C42*E42,0) -> 0 | G42: =ESTIMATE!I290 -> 100.18 | H42: Sqm | I42: =ESTIMATE!K290 -> 473.87 | J42: =ROUND(G42*I42,0) -> 47472 | K42: =IF(J42>F42,J42-F42,0) -> 47472 | L42: =IF(J42<F42,F42-J42,0) -> 0 | M42: - | N42: =E42-I42 -> -99.8 | S42: 57741 | U42: =J42-S42 -> -10269 | W42: 242.59 | X42: =G42-W42 -> -142.41
A43: 25 | B43: Plastering 20mm thick double coat | D43: Sqm | E43: 395.47 | F43: =ROUND(C43*E43,0) -> 0 | G43: =ESTIMATE!I307 -> 119.98 | H43: Sqm | I43: =ESTIMATE!K307 -> 485.1 | J43: =ROUND(G43*I43,0) -> 58202 | K43: =IF(J43>F43,J43-F43,0) -> 58202 | L43: =IF(J43<F43,F43-J43,0) -> 0 | M43: - | N43: =E43-I43 -> -89.63 | S43: 29292 | U43: =J43-S43 -> 28910 | W43: 116.91 | X43: =G43-W43 -> 3.07
A44: 26 | B44: Flooring with vitrified tiles | D44: Sqm | E44: 1023.97 | F44: =ROUND(C44*E44,0) -> 0 | G44: =ESTIMATE!I333 -> 50.23 | H44: Sqm | I44: =ESTIMATE!K333 -> 1238.02 | J44: =ROUND(G44*I44,0) -> 62186 | K44: =IF(J44>F44,J44-F44,0) -> 62186 | L44: =IF(J44<F44,F44-J44,0) -> 0 | M44: - | N44: =E44-I44 -> -214.05 | S44: 94056 | U44: =J44-S44 -> -31870 | W44: 96.46 | X44: =G44-W44 -> -46.23
A45: 27 | B45: Providing skirting to vitrified tiles | D45: Sqm | E45: 1016.56 | F45: =ROUND(C45*E45,0) -> 0 | G45: =ESTIMATE!I346 -> 5.25 | H45: Sqm | I45: =ESTIMATE!K346 -> 1233.15 | J45: =ROUND(G45*I45,0) -> 6474 | K45: =IF(J45>F45,J45-F45,0) -> 6474 | L45: =IF(J45<F45,F45-J45,0) -> 0 | M45: - | N45: =E45-I45 -> -216.59 | S45: 7479 | U45: =J45-S45 -> -1005 | W45: 7.63 | X45: =G45-W45 -> -2.38
A46: 24 | B46: Flooring with Granite stones | G46: =ESTIMATE!I353 -> 0 | H46: sqm | I46: =ESTIMATE!K353 -> 3203.54 | J46: =ROUND(G46*I46,0) -> 0 | K46: =IF(J46>F46,J46-F46,0) -> 0 | L46: =IF(J46<F46,F46-J46,0) -> 0 | M46: - | N46: =E46-I46 -> -3203.54 | S46: 47579 | U46: =J46-S46 -> -47579 | W46: 17.35 | X46: =G46-W46 -> -17.35
A47: 25 | B47: skirting to internal walls with Granite stones | G47: =ESTIMATE!I360 -> 0 | H47: Sqm | I47: =ESTIMATE!K360 -> 2970.99 | J47: =ROUND(G47*I47,0) -> 0 | K47: =IF(J47>F47,J47-F47,0) -> 0 | L47: =IF(J47<F47,F47-J47,0) -> 0 | M47: - | N47: =E47-I47 -> -2970.99 | S47: 17444 | U47: =J47-S47 -> -17444 | W47: 6.76 | X47: =G47-W47 -> -6.76
A48: 42 | B48: Flooring with Terrazo tiles | G48: =ESTIMATE!I372 -> 0 | H48: Sqm | I48: =ESTIMATE!K372 -> 748.41 | J48: =ROUND(G48*I48,0) -> 0 | K48: =IF(J48>F48,J48-F48,0) -> 0 | L48: =IF(J48<F48,F48-J48,0) -> 0 | M48: - | N48: =E48-I48 -> -748.41 | S48: 5003 | U48: =J48-S48 -> -5003 | W48: 13.88 | X48: =G48-W48 -> -13.88
A49: 43 | B49: skirting to internal walls with Terrazo tiles | G49: =ESTIMATE!I382 -> 0 | H49: Sqm | I49: =ESTIMATE!K382 -> 772.27 | J49: =ROUND(G49*I49,0) -> 0 | K49: =IF(J49>F49,J49-F49,0) -> 0 | L49: =IF(J49<F49,F49-J49,0) -> 0 | M49: - | N49: =E49-I49 -> -772.27 | S49: 0 | U49: =J49-S49 -> 0 | W49: 0 | X49: =G49-W49 -> 0
A50: 28 | B50: Flooring with Ceramic non skid tiles | D50: Sqm | E50: 767.37 | F50: =ROUND(C50*E50,0) -> 0 | G50: =ESTIMATE!I386 -> 0 | H50: Sqm | I50: =ESTIMATE!K386 -> 849.02 | J50: =ROUND(G50*I50,0) -> 0 | K50: =IF(J50>F50,J50-F50,0) -> 0 | L50: =IF(J50<F50,F50-J50,0) -> 0 | M50: - | N50: =E50-I50 -> -81.65 | S50: 0 | U50: =J50-S50 -> 0 | W50: 0 | X50: =G50-W50 -> 0
A51: 22 | B51: Dadoing with Glazed tiles | G51: =ESTIMATE!I392 -> 0 | H51: Sqm | I51: =ESTIMATE!K392 -> 499.42 | J51: =ROUND(G51*I51,0) -> 0 | K51: =IF(J51>F51,J51-F51,0) -> 0 | L51: =IF(J51<F51,F51-J51,0) -> 0 | M51: - | N51: =E51-I51 -> -499.42 | S51: 0 | U51: =J51-S51 -> 0 | W51: 0 | X51: =G51-W51 -> 0
A52: 29 | B52: Pressed floor tiles | G52: =ESTIMATE!I397 -> 0 | H52: Sqm | I52: =ESTIMATE!K397 -> 1381.57 | J52: =ROUND(G52*I52,0) -> 0 | K52: =IF(J52>F52,J52-F52,0) -> 0 | L52: =IF(J52<F52,F52-J52,0) -> 0 | M52: - | N52: =E52-I52 -> -1381.57
A53: 28 | B53: Flooring with vitrified tiles | G53: =ESTIMATE!I334 -> 0 | H53: Sqm | I53: =ESTIMATE!K334 -> 0 | J53: =ROUND(G53*I53,0) -> 0 | K53: =IF(J53>F53,J53-F53,0) -> 0 | L53: =IF(J53<F53,F53-J53,0) -> 0 | M53: - | N53: =E53-I53 -> 0
A54: 30 | B54: Providing skirting to internal walls to 15 cm height | K54: =IF(J54>F54,J54-F54,0) -> 0 | L54: =IF(J54<F54,F54-J54,0) -> 0 | M54: - | N54: =E54-I54 -> 0
A55: 27 | B55: Granolithic Concrete Flooring | F55: =ROUND(C55*E55,0) -> 0 | K55: =IF(J55>F55,J55-F55,0) -> 0 | L55: =IF(J55<F55,F55-J55,0) -> 0 | M55: - | N55: =E55-I55 -> 0 | U55: =J55-S55 -> 0 | X55: =G55-W55 -> 0
A56: 30 | B56: White washing one coat with whiting | G56: =ESTIMATE!I438 -> 0 | H56: Sqm | I56: =ESTIMATE!K438 -> 26.75 | J56: =ROUND(G56*I56,0) -> 0 | K56: =IF(J56>F56,J56-F56,0) -> 0 | L56: =IF(J56<F56,F56-J56,0) -> 0 | M56: - | N56: =E56-I56 -> -26.75 | S56: 9497 | U56: =J56-S56 -> -9497 | W56: 477.94 | X56: =G56-W56 -> -477.94
A57: 28 | B57: Providing and applying Wall putty | G57: =ESTIMATE!I448 -> 0 | H57: Sqm | I57: =ESTIMATE!K448 -> 188.29 | J57: =ROUND(G57*I57,0) -> 0 | K57: =IF(J57>F57,J57-F57,0) -> 0 | L57: =IF(J57<F57,F57-J57,0) -> 0 | M57: - | N57: =E57-I57 -> -188.29 | S57: 53458 | U57: =J57-S57 -> -53458 | W57: 361.03 | X57: =G57-W57 -> -361.03
A58: 29 | B58: Painting with Emulsion paint for inernal walls GF | D58: Sqm | E58: 134.84 | F58: =ROUND(C58*E58,0) -> 0 | G58: =ESTIMATE!I474 -> 178.11 | H58: Sqm | I58: =ESTIMATE!K474 -> 186.63 | J58: =ROUND(G58*I58,0) -> 33241 | K58: =IF(J58>F58,J58-F58,0) -> 33241 | L58: =IF(J58<F58,F58-J58,0) -> 0 | M58: - | N58: =E58-I58 -> -51.79 | S58: 45249 | U58: =J58-S58 -> -12008 | W58: 322.31 | X58: =G58-W58 -> -144.2
A59: 30 | B59: Painting with Emulsion paint for external walls GF | D59: Sqm | E59: 186.14 | F59: =ROUND(C59*E59,0) -> 0 | G59: =ESTIMATE!I491 -> 148.2 | H59: Sqm | I59: =ESTIMATE!K491 -> 255.64 | J59: =ROUND(G59*I59,0) -> 37886 | K59: =IF(J59>F59,J59-F59,0) -> 37886 | L59: =IF(J59<F59,F59-J59,0) -> 0 | M59: - | N59: =E59-I59 -> -69.5 | S59: 21122 | U59: =J59-S59 -> 16764 | W59: 116.91 | X59: =G59-W59 -> 31.29
A60: 31 | B60: Supply & applying Poly-Urethane Water Proof Polish | D60: Sqm | E60: 897.27 | F60: =ROUND(C60*E60,0) -> 0 | G60: =ESTIMATE!I499 -> 0 | H60: Sqm | I60: =ESTIMATE!K499 -> 1090.98 | J60: =ROUND(G60*I60,0) -> 0 | K60: =IF(J60>F60,J60-F60,0) -> 0 | L60: =IF(J60<F60,F60-J60,0) -> 0 | M60: - | N60: =E60-I60 -> -193.71 | S60: 6572 | U60: =J60-S60 -> -6572 | W60: 38.09 | X60: =G60-W60 -> -38.09
A61: 31 | B61: Cost, Supply and Fixing of rolling shutter to Godown | F61: =ROUND(C61*E61/1000,0) -> 0 | G61: =ESTIMATE!I504 -> 0 | H61: Sqm | I61: =ESTIMATE!K504 -> 4481 | J61: =ROUND(G61*I61,0) -> 0 | K61: =IF(J61>F61,J61-F61,0) -> 0 | L61: =IF(J61<F61,F61-J61,0) -> 0 | M61: - | N61: =E61-I61 -> -4481 | S61: 17909 | U61: =J61-S61 -> -17909 | W61: 5.6 | X61: =G61-W61 -> -5.6
A62: 32 | B62: Painting New Wood / iron work with Two coats of ready mixed Synthatic Enamil paint | D62: Sqm | E62: 185.4 | F62: =ROUND(C62*E62,0) -> 0 | G62: =ESTIMATE!I495 -> 0 | H62: Sqm | I62: =ESTIMATE!K495 -> 162.18 | J62: =ROUND(G62*I62,0) -> 0 | K62: =IF(J62>F62,J62-F62,0) -> 0 | L62: =IF(J62<F62,F62-J62,0) -> 0 | M62: - | N62: =E62-I62 -> 23.22 | S62: 6572 | U62: =J62-S62 -> -6572 | W62: 38.09 | X62: =G62-W62 -> -38.09
A63: 33 | B63: Painting New Wood / iron work with Two coats of ready mixed Synthatic Enamil paint | F63: =ROUND(C63*E63,0) -> 0 | K63: =IF(J63>F63,J63-F63,0) -> 0 | L63: =IF(J63<F63,F63-J63,0) -> 0 | M63: - | N63: =E63-I63 -> 0
A64: 38 | K64: =IF(J64>F64,J64-F64,0) -> 0 | L64: =IF(J64<F64,F64-J64,0) -> 0 | M64: - | N64: =E64-I64 -> 0
A65: 32 | B65: 1200mm dia 2" thick Precasted rcc hume rings | G65: =ESTIMATE!I511 -> 0 | H65: No | I65: =ESTIMATE!K511 -> 1040 | J65: =ROUND(G65*I65,0) -> 0 | K65: =IF(J65>F65,J65-F65,0) -> 0 | L65: =IF(J65<F65,F65-J65,0) -> 0 | M65: - | N65: =E65-I65 -> -1040 | S65: 130 | U65: =J65-S65 -> -130 | W65: 1 | X65: =G65-W65 -> -1
A66: 32 | B66: 900mm dia 2" thick Precasted rcc hume rings | G66: =ESTIMATE!I515 -> 0 | H66: No | I66: =ESTIMATE!K515 -> 780 | J66: =ROUND(G66*I66,0) -> 0 | K66: =IF(J66>F66,J66-F66,0) -> 0 | L66: =IF(J66<F66,F66-J66,0) -> 0 | M66: - | N66: =E66-I66 -> -780 | S66: 130 | U66: =J66-S66 -> -130 | W66: 1 | X66: =G66-W66 -> -1
A67: 50 | B67: Precasted hume ring slab | G67: =ESTIMATE!I518 -> 0 | H67: No | I67: =ESTIMATE!K518 -> 250 | J67: =ROUND(G67*I67,0) -> 0 | K67: =IF(J67>F67,J67-F67,0) -> 0 | L67: =IF(J67<F67,F67-J67,0) -> 0 | M67: - | N67: =E67-I67 -> -250 | S67: 5333 | U67: =J67-S67 -> -5333 | W67: 8 | X67: =G67-W67 -> -8
A68: 33 | B68: Cost of steel | D68: MT | E68: 68459 | F68: =ROUND(C68*E68/1,0) -> 0 | G68: =ESTIMATE!I522 -> 1 | H68: MT | I68: =ESTIMATE!K522 -> 86045.18 | J68: =ROUND(G68*I68,0) -> 86045 | K68: =IF(J68>F68,J68-F68,0) -> 86045 | L68: =IF(J68<F68,F68-J68,0) -> 0 | M68: - | N68: =E68-I68 -> -17586.18 | S68: 349556 | U68: =J68-S68 -> -263511 | W68: 5.62 | X68: =G68-W68 -> -4.62
A69: 35 | F69: =ROUND(C69*E69/1000,0) -> 0 | K69: =IF(J69>F69,J69-F69,0) -> 0 | L69: =IF(J69<F69,F69-J69,0) -> 0 | M69: - | N69: =E69-I69 -> 0 | U69: =J69-S69 -> 0 | X69: =G69-W69 -> 0
B70: Construction of First Floor | J70: =ROUND(G70*I70,0) -> 0 | K70: =IF(J70>F70,J70-F70,0) -> 0 | L70: =IF(J70<F70,F70-J70,0) -> 0 | M70: - | N70: =E70-I70 -> 0 | S70: 0 | U70: =J70-S70 -> 0 | X70: =G70-W70 -> 0
A71: 34 | B71: VRCC M30 design mix Concrete for Columns | D71: Cum | E71: 10755.28 | F71: =ROUND(C71*E71,0) -> 0 | G71: =ESTIMATE!I528 -> 0 | H71: Cum | I71: =ESTIMATE!K528 -> 13542.28 | J71: =ROUND(G71*I71,0) -> 0 | K71: =IF(J71>F71,J71-F71,0) -> 0 | L71: =IF(J71<F71,F71-J71,0) -> 0 | M71: - | N71: =E71-I71 -> -2787 | S71: 32680 | U71: =J71-S71 -> -32680 | W71: 3.45 | X71: =G71-W71 -> -3.45
A72: 35 | B72: VRCC M30 design mix Concrete for Beams | D72: Cum | E72: 10188.65 | F72: =ROUND(C72*E72,0) -> 0 | G72: =ESTIMATE!I534 -> 0 | H72: Cum | I72: =ESTIMATE!K534 -> 12481.06 | J72: =ROUND(G72*I72,0) -> 0 | K72: =IF(J72>F72,J72-F72,0) -> 0 | L72: =IF(J72<F72,F72-J72,0) -> 0 | M72: - | N72: =E72-I72 -> -2292.41 | S72: 67160 | U72: =J72-S72 -> -67160 | W72: 7.35 | X72: =G72-W72 -> -7.35
A73: 36 | B73: VRCC M30 design mix Concrete for Slab 125mm | D73: Sqm | E73: 1349.81 | F73: =ROUND(C73*E73,0) -> 0 | G73: =ESTIMATE!I546 -> 0 | H73: Sqm | I73: =ESTIMATE!K546 -> 1675.19 | J73: =ROUND(G73*I73,0) -> 0 | K73: =IF(J73>F73,J73-F73,0) -> 0 | L73: =IF(J73<F73,F73-J73,0) -> 0 | M73: - | N73: =E73-I73 -> -325.38 | S73: 139597 | U73: =J73-S73 -> -139597 | W73: 117.23 | X73: =G73-W73 -> -117.23
A74: 26 | B74: VRCC M30 design mix Concrete for Slab 100mm | G74: =ESTIMATE!I551 -> 0 | H74: Sqm | I74: =ESTIMATE!K551 -> 1319.66 | J74: =ROUND(G74*I74,0) -> 0 | K74: =IF(J74>F74,J74-F74,0) -> 0 | L74: =IF(J74<F74,F74-J74,0) -> 0 | M74: - | N74: =E74-I74 -> -1319.66 | S74: 0 | U74: =J74-S74 -> 0 | X74: =G74-W74 -> 0
A75: 39 | B75: VRCC M30 design mix Concrete for Slab 150mm | F75: =ROUND(C75*E75,0) -> 0 | G75: =ESTIMATE!I542 -> 0 | H75: Sqm | I75: =ESTIMATE!K542 -> 1468.99 | J75: =ROUND(G75*I75,0) -> 0 | K75: =IF(J75>F75,J75-F75,0) -> 0 | L75: =IF(J75<F75,F75-J75,0) -> 0 | M75: - | N75: =E75-I75 -> -1468.99 | S75: 23110 | U75: =J75-S75 -> -23110 | W75: 13.67 | X75: =G75-W75 -> -13.67
A76: 58 | B76: VRCC M30 design mix Concrete for Slab 50mm | G76: =ESTIMATE!I562 -> 0 | H76: Sqm | I76: =ESTIMATE!K562 -> 837.33 | J76: =ROUND(G76*I76,0) -> 0 | K76: =IF(J76>F76,J76-F76,0) -> 0 | L76: =IF(J76<F76,F76-J76,0) -> 0 | M76: - | N76: =E76-I76 -> -837.33 | S76: 0 | U76: =J76-S76 -> 0 | X76: =G76-W76 -> 0
A77: 58 | B77: VRCC M30 design mix Concrete for Slab 25mm | G77: =ESTIMATE!I573 -> 0 | H77: Sqm | I77: =ESTIMATE!K573 -> 663.66 | J77: =ROUND(G77*I77,0) -> 0 | K77: =IF(J77>F77,J77-F77,0) -> 0 | L77: =IF(J77<F77,F77-J77,0) -> 0 | M77: - | N77: =E77-I77 -> -663.66 | S77: 0 | U77: =J77-S77 -> 0 | X77: =G77-W77 -> 0
A78: 37 | B78: VRCC M30 design mix Concrete for Lintels | D78: Cum | E78: 10775.78 | F78: =ROUND(C78*E78,0) -> 0 | G78: =ESTIMATE!I578 -> 0 | H78: Cum | I78: =ESTIMATE!K578 -> 13565.57 | J78: =ROUND(G78*I78,0) -> 0 | K78: =IF(J78>F78,J78-F78,0) -> 0 | L78: =IF(J78<F78,F78-J78,0) -> 0 | M78: - | N78: =E78-I78 -> -2789.79 | S78: 12749 | U78: =J78-S78 -> -12749 | W78: 1.34 | X78: =G78-W78 -> -1.34
A79: 38 | B79: VRCC M30 design mix Concrete for Sunshades | D79: Rm | E79: 898.77 | F79: =ROUND(C79*E79,0) -> 0 | G79: =ESTIMATE!I582 -> 0 | H79: Rm | I79: =ESTIMATE!K582 -> 1086.39 | J79: =ROUND(G79*I79,0) -> 0 | K79: =IF(J79>F79,J79-F79,0) -> 0 | L79: =IF(J79<F79,F79-J79,0) -> 0 | M79: - | N79: =E79-I79 -> -187.62 | S79: 10248 | U79: =J79-S79 -> -10248 | W79: 12.5 | X79: =G79-W79 -> -12.5
A80: 1 | B80: impervious coat over roof slab-12mm | F80: =ROUND(C80*E80,0) -> 0 | G80: =ESTIMATE!I588 -> 0 | H80: Sqm | I80: =ESTIMATE!K588 -> 406.34 | J80: =ROUND(G80*I80,0) -> 0 | K80: =IF(J80>F80,J80-F80,0) -> 0 | L80: =IF(J80<F80,F80-J80,0) -> 0 | M80: - | N80: =E80-I80 -> -406.34 | S80: 43353 | U80: =J80-S80 -> -43353 | W80: 117.23 | X80: =G80-W80 -> -117.23
A81: 61 | B81: impervious coat over roof slab-20mm | G81: =ESTIMATE!I594 -> 0 | H81: Sqm | I81: =ESTIMATE!K594 -> 465.44 | J81: =ROUND(G81*I81,0) -> 0 | K81: =IF(J81>F81,J81-F81,0) -> 0 | L81: =IF(J81<F81,F81-J81,0) -> 0 | M81: - | N81: =E81-I81 -> -465.44 | S81: 43353 | U81: =J81-S81 -> -43353 | W81: 117.23 | X81: =G81-W81 -> -117.23
A82: 43 | B82: Brick masonery in CM (1:6) for superstructure | F82: =ROUND(C82*E82,0) -> 0 | G82: =ESTIMATE!I631 -> 0 | H82: Cum | I82: =ESTIMATE!K631 -> 8710.6 | J82: =ROUND(G82*I82,0) -> 0 | K82: =IF(J82>F82,J82-F82,0) -> 0 | L82: =IF(J82<F82,F82-J82,0) -> 0 | M82: - | N82: =E82-I82 -> -8710.6 | S82: 98200 | U82: =J82-S82 -> -98200 | W82: 16.68 | X82: =G82-W82 -> -16.68
A83: 40 | B83: Brick masonery in CM (1:8) for basement | D83: Cum | E83: 6519.25 | F83: =ROUND(C83*E83,0) -> 0 | G83: =ESTIMATE!I606 -> 0 | H83: Cum | I83: =ESTIMATE!K606 -> 8653.09 | J83: =ROUND(G83*I83,0) -> 0 | K83: =IF(J83>F83,J83-F83,0) -> 0 | L83: =IF(J83<F83,F83-J83,0) -> 0 | M83: - | N83: =E83-I83 -> -2133.84 | S83: 0 | U83: =J83-S83 -> 0 | X83: =G83-W83 -> 0
A84: 44 | B84: Reinforced Brick Masonry for partition walls (11.5 cm thick) i | F84: =ROUND(C84*E84/10,0) -> 0 | G84: =ESTIMATE!I658 -> 0 | H84: Sqm | I84: =ESTIMATE!K658 -> 992.92 | J84: =ROUND(G84*I84/1,0) -> 0 | K84: =IF(J84>F84,J84-F84,0) -> 0 | L84: =IF(J84<F84,F84-J84,0) -> 0 | M84: - | N84: =E84-I84 -> -992.92 | S84: 70796 | U84: =J84-S84 -> -70796 | W84: 93.95 | X84: =G84-W84 -> -93.95
A85: 22 | B85: Fly ash cement bricks | G85: =ESTIMATE!I669 -> 0 | H85: Sqm | I85: =ESTIMATE!K669 -> 7262.62 | J85: =ROUND(G85*I85/1,0) -> 0 | K85: =IF(J85>F85,J85-F85,0) -> 0 | L85: =IF(J85<F85,F85-J85,0) -> 0 | M85: - | N85: =E85-I85 -> -7262.62
A86: 23 | B86: RCM drop wall | G86: =ESTIMATE!I675 -> 0 | H86: Sqm | I86: =ESTIMATE!K675 -> 2600.25 | J86: =ROUND(G86*I86/1,0) -> 0 | K86: =IF(J86>F86,J86-F86,0) -> 0 | L86: =IF(J86<F86,F86-J86,0) -> 0 | M86: - | N86: =E86-I86 -> -2600.25
A87: 41 | B87: Ornamental Plastering 12mm thick to ceiling | D87: Sqm | E87: 340.19 | F87: =ROUND(C87*E87,0) -> 0 | G87: =ESTIMATE!I683 -> 0 | H87: Sqm | I87: =ESTIMATE!K683 -> 419.76 | J87: =ROUND(G87*I87,0) -> 0 | K87: =IF(J87>F87,J87-F87,0) -> 0 | L87: =IF(J87<F87,F87-J87,0) -> 0 | M87: - | N87: =E87-I87 -> -79.57 | S87: 40647 | U87: =J87-S87 -> -40647 | W87: 142.76 | X87: =G87-W87 -> -142.76
A88: 42 | B88: Plastering 12mm thick inside in single coats | G88: =ESTIMATE!I693 -> 0 | H88: Sqm | I88: =ESTIMATE!K693 -> 342.71 | J88: =ROUND(G88*I88,0) -> 0 | K88: =IF(J88>F88,J88-F88,0) -> 0 | L88: =IF(J88<F88,F88-J88,0) -> 0 | M88: - | N88: =E88-I88 -> -342.71 | S88: 0 | U88: =J88-S88 -> 0 | X88: =G88-W88 -> 0
A89: 43 | B89: Plastering 20mm thick inside in single coats | G89: =ESTIMATE!I701 -> 0 | H89: Sqm | I89: =ESTIMATE!K701 -> 357.1 | J89: =ROUND(G89*I89,0) -> 0 | K89: =IF(J89>F89,J89-F89,0) -> 0 | L89: =IF(J89<F89,F89-J89,0) -> 0 | M89: - | N89: =E89-I89 -> -357.1 | S89: 0 | U89: =J89-S89 -> 0 | X89: =G89-W89 -> 0
A90: 2 | B90: Plastering 12mm thick double coat | C90: 150.41 | D90: Sqm | E90: 435.97 | F90: =ROUND(C90*E90,0) -> 65574 | G90: =ESTIMATE!I726 -> 0 | H90: Sqm | I90: =ESTIMATE!K726 -> 521.53 | J90: =ROUND(G90*I90,0) -> 0 | K90: =IF(J90>F90,J90-F90,0) -> 0 | L90: =IF(J90<F90,F90-J90,0) -> 65574 | M90: - | N90: =E90-I90 -> -85.56 | S90: 73418 | U90: =J90-S90 -> -73418 | W90: 281.21 | X90: =G90-W90 -> -281.21
A91: 45 | B91: Plastering 20mm thick double coat | D91: Sqm | E91: 430.85 | F91: =ROUND(C91*E91,0) -> 0 | G91: =ESTIMATE!I734 -> 0 | H91: Sqm | I91: =ESTIMATE!K734 -> 532.75 | J91: =ROUND(G91*I91,0) -> 0 | K91: =IF(J91>F91,J91-F91,0) -> 0 | L91: =IF(J91<F91,F91-J91,0) -> 0 | M91: - | N91: =E91-I91 -> -101.9 | S91: 43157 | U91: =J91-S91 -> -43157 | W91: 157.73 | X91: =G91-W91 -> -157.73
A92: 13 | B92: PCC M30 for Steps | G92: =ESTIMATE!I740 -> 0 | H92: Cum | I92: =ESTIMATE!K740 -> 6970.28 | J92: =ROUND(G92*I92,0) -> 0 | K92: =IF(J92>F92,J92-F92,0) -> 0 | L92: =IF(J92<F92,F92-J92,0) -> 0 | M92: - | N92: =E92-I92 -> -6970.28 | S92: 0 | U92: =J92-S92 -> 0 | W92: 0 | X92: =G92-W92 -> 0
A93: 3 | B93: Flooring with vitrified tiles | C93: 42.19 | D93: Sqm | E93: 1087.6 | F93: =ROUND(C93*E93,0) -> 45886 | G93: =ESTIMATE!I748 -> 0 | H93: Sqm | I93: =ESTIMATE!K748 -> 1284.36 | J93: =ROUND(G93*I93,0) -> 0 | K93: =IF(J93>F93,J93-F93,0) -> 0 | L93: =IF(J93<F93,F93-J93,0) -> 45886 | M93: - | N93: =E93-I93 -> -196.76 | S93: 105936 | U93: =J93-S93 -> -105936 | W93: 105.51 | X93: =G93-W93 -> -105.51
A94: 4 | B94: Providing skirting to internal walls to 15 cm height | C94: 4.51 | D94: Sqm | E94: 1080.4 | F94: =ROUND(C94*E94,0) -> 4873 | G94: =ESTIMATE!I763 -> 0 | H94: Sqm | I94: =ESTIMATE!K763 -> 1279.49 | J94: =ROUND(G94*I94,0) -> 0 | K94: =IF(J94>F94,J94-F94,0) -> 0 | L94: =IF(J94<F94,F94-J94,0) -> 4873 | M94: - | N94: =E94-I94 -> -199.09 | S94: 9527 | U94: =J94-S94 -> -9527 | W94: 9.44 | X94: =G94-W94 -> -9.44
A95: 50 | B95: Flooring with Granite stones | G95: =ESTIMATE!I770 -> 0 | H95: sqm | I95: =ESTIMATE!K770 -> 3278.84 | J95: =ROUND(G95*I95,0) -> 0 | K95: =IF(J95>F95,J95-F95,0) -> 0 | L95: =IF(J95<F95,F95-J95,0) -> 0 | M95: - | N95: =E95-I95 -> -3278.84 | S95: 33993 | U95: =J95-S95 -> -33993 | W95: 12.16 | X95: =G95-W95 -> -12.16
A96: 51 | B96: Skirting with Granite stones | G96: =ESTIMATE!I776 -> 0 | H96: Sqm | I96: =ESTIMATE!K776 -> 3022.02 | J96: =ROUND(G96*I96,0) -> 0 | K96: =IF(J96>F96,J96-F96,0) -> 0 | L96: =IF(J96<F96,F96-J96,0) -> 0 | M96: - | N96: =E96-I96 -> -3022.02 | S96: 11672 | U96: =J96-S96 -> -11672 | W96: 4.46 | X96: =G96-W96 -> -4.46
A97: 71 | B97: Flooring with Terrazo tiles | G97: =ESTIMATE!I791 -> 0 | H97: Sqm | I97: =ESTIMATE!K791 -> 787.52 | J97: =ROUND(G97*I97,0) -> 0 | K97: =IF(J97>F97,J97-F97,0) -> 0 | L97: =IF(J97<F97,F97-J97,0) -> 0 | M97: - | N97: =E97-I97 -> -787.52 | S97: 5003 | U97: =J97-S97 -> -5003 | W97: 13.88 | X97: =G97-W97 -> -13.88
A98: 72 | B98: skirting to internal walls with Terrazo tiles | G98: =ESTIMATE!I801 -> 0 | H98: Sqm | I98: =ESTIMATE!K801 -> 813.06 | J98: =ROUND(G98*I98,0) -> 0 | K98: =IF(J98>F98,J98-F98,0) -> 0 | L98: =IF(J98<F98,F98-J98,0) -> 0 | M98: - | N98: =E98-I98 -> -813.06 | S98: 0 | U98: =J98-S98 -> 0 | W98: 0 | X98: =G98-W98 -> 0
A99: 5 | B99: Flooring with Ceramic non skid tiles | C99: 2.16 | D99: Sqm | E99: 830.52 | F99: =ROUND(C99*E99,0) -> 1794 | G99: =ESTIMATE!I806 -> 0 | H99: Sqm | I99: =ESTIMATE!K806 -> 889.81 | J99: =ROUND(G99*I99,0) -> 0 | K99: =IF(J99>F99,J99-F99,0) -> 0 | L99: =IF(J99<F99,F99-J99,0) -> 1794 | M99: - | N99: =E99-I99 -> -59.29 | S99: 6476 | U99: =J99-S99 -> -6476 | W99: 9.24 | X99: =G99-W99 -> -9.24
A100: 6 | B100: Dadoing with Glazed tiles | C100: 11.02 | D100: Sqm | E100: 516.43 | F100: =ROUND(C100*E100,0) -> 5691 | G100: =ESTIMATE!I812 -> 0 | H100: Sqm | I100: =ESTIMATE!K812 -> 509.65 | J100: =ROUND(G100*I100,0) -> 0 | K100: =IF(J100>F100,J100-F100,0) -> 0 | L100: =IF(J100<F100,F100-J100,0) -> 5691 | M100: - | N100: =E100-I100 -> 6.78 | S100: 20815 | U100: =J100-S100 -> -20815 | W100: 42.84 | X100: =G100-W100 -> -42.84
...

Sheet CR
A1: COMPLETION REPORT
A2: ='lead 24-25'!B2&'lead 24-25'!C2 -> Name of the Work: Completion of incomplete Anganwadi building in Paletipalli village of P.C.Palli Mandal.
J3: Est Rs. | K3: ='lead 24-25'!K4 -> 15.00 Lakhs
A4: S.No | B4: Description of the work | C4: As per working estimate | G4: As per M.Book | K4: Difference | M4: Remarks
C5: Quantity | E5: Rate | F5: Amount | G5: Quantity | I5: Rate | J5: Amount | K5: Excess | L5: Less
A6: 1 | B6: 2 | C6: 3 | E6: 4 | F6: 5 | G6: 6 | I6: 7 | J6: 8 | K6: 9 | L6: 10 | M6: 11
B7: Construction of First Floor | J7: =ROUND(G7*I7,0) -> 0 | K7: =IF(J7>F7,J7-F7,0) -> 0 | L7: =IF(J7<F7,F7-J7,0) -> 0 | M7: - | N7: =E7-I7 -> 0 | S7: 0 | U7: =J7-S7 -> 0 | X7: =G7-W7 -> 0
A8: 1 | B8: impervious coat over roof slab-12mm | C8: =G8 -> 0 | D8: Sqm | E8: =I8 -> 406.34 | F8: =ROUND(C8*E8,0) -> 0 | G8: =ESTIMATE!I588 -> 0 | H8: Sqm | I8: =ESTIMATE!K588 -> 406.34 | J8: =ROUND(G8*I8,2) -> 0 | K8: =IF(J8>F8,J8-F8,0) -> 0 | L8: =IF(J8<F8,F8-J8,0) -> 0 | M8: - | N8: =E8-I8 -> 0 | S8: 43353 | U8: =J8-S8 -> -43353 | W8: 117.23 | X8: =G8-W8 -> -117.23
A9: 2 | B9: Plastering 12mm thick double coat | C9: =G9 -> 0 | D9: Sqm | E9: =I9 -> 521.53 | F9: =ROUND(C9*E9,0) -> 0 | G9: =ESTIMATE!I726 -> 0 | H9: Sqm | I9: =ESTIMATE!K726 -> 521.53 | J9: =ROUND(G9*I9,2) -> 0 | K9: =IF(J9>F9,J9-F9,0) -> 0 | L9: =IF(J9<F9,F9-J9,0) -> 0 | M9: - | N9: =E9-I9 -> 0 | S9: 73418 | U9: =J9-S9 -> -73418 | W9: 281.21 | X9: =G9-W9 -> -281.21
A10: 3 | B10: Flooring with vitrified tiles | C10: =G10 -> 0 | D10: Sqm | E10: =I10 -> 1284.36 | F10: =ROUND(C10*E10,0) -> 0 | G10: =ESTIMATE!I748 -> 0 | H10: Sqm | I10: =ESTIMATE!K748 -> 1284.36 | J10: =ROUND(G10*I10,2) -> 0 | K10: =IF(J10>F10,J10-F10,0) -> 0 | L10: =IF(J10<F10,F10-J10,0) -> 0 | M10: - | N10: =E10-I10 -> 0 | S10: 105936 | U10: =J10-S10 -> -105936 | W10: 105.51 | X10: =G10-W10 -> -105.51
A11: 4 | B11: Providing skirting to internal walls to 15 cm height | C11: =G11 -> 0 | D11: Sqm | E11: =I11 -> 1279.49 | F11: =ROUND(C11*E11,0) -> 0 | G11: =ESTIMATE!I763 -> 0 | H11: Sqm | I11: =ESTIMATE!K763 -> 1279.49 | J11: =ROUND(G11*I11,2) -> 0 | K11: =IF(J11>F11,J11-F11,0) -> 0 | L11: =IF(J11<F11,F11-J11,0) -> 0 | M11: - | N11: =E11-I11 -> 0 | S11: 9527 | U11: =J11-S11 -> -9527 | W11: 9.44 | X11: =G11-W11 -> -9.44
A12: 5 | B12: Flooring with Ceramic non skid tiles | C12: =G12 -> 0 | D12: Sqm | E12: =I12 -> 889.81 | F12: =ROUND(C12*E12,0) -> 0 | G12: =ESTIMATE!I806 -> 0 | H12: Sqm | I12: =ESTIMATE!K806 -> 889.81 | J12: =ROUND(G12*I12,2) -> 0 | K12: =IF(J12>F12,J12-F12,0) -> 0 | L12: =IF(J12<F12,F12-J12,0) -> 0 | M12: - | N12: =E12-I12 -> 0 | S12: 6476 | U12: =J12-S12 -> -6476 | W12: 9.24 | X12: =G12-W12 -> -9.24
A13: 6 | B13: Dadoing with Glazed tiles | C13: =G13 -> 0 | D13: Sqm | E13: =I13 -> 509.65 | F13: =ROUND(C13*E13,0) -> 0 | G13: =ESTIMATE!I812 -> 0 | H13: Sqm | I13: =ESTIMATE!K812 -> 509.65 | J13: =ROUND(G13*I13,2) -> 0 | K13: =IF(J13>F13,J13-F13,0) -> 0 | L13: =IF(J13<F13,F13-J13,0) -> 0 | M13: - | N13: =E13-I13 -> 0 | S13: 20815 | U13: =J13-S13 -> -20815 | W13: 42.84 | X13: =G13-W13 -> -42.84
A14: 7 | B14: Providing and applying synthetic plaster putty | C14: =G14 -> 0 | D14: Sqm | E14: =I14 -> 199.95 | F14: =ROUND(C14*E14,0) -> 0 | G14: =ESTIMATE!I877 -> 0 | H14: Sqm | I14: =ESTIMATE!K877 -> 199.95 | J14: =ROUND(G14*I14,2) -> 0 | K14: =IF(J14>F14,J14-F14,0) -> 0 | L14: =IF(J14<F14,F14-J14,0) -> 0 | M14: - | N14: =E14-I14 -> 0 | S14: 68284 | U14: =J14-S14 -> -68284 | W14: 436.57 | X14: =G14-W14 -> -436.57
A15: 8 | B15: Painting with Emulsion paint for inernal walls | C15: =G15 -> 0 | D15: Sqm | E15: =I15 -> 201.45 | F15: =ROUND(C15*E15,0) -> 0 | G15: =ESTIMATE!I908 -> 0 | H15: Sqm | I15: =ESTIMATE!K908 -> 201.45 | J15: =ROUND(G15*I15,2) -> 0 | K15: =IF(J15>F15,J15-F15,0) -> 0 | L15: =IF(J15<F15,F15-J15,0) -> 0 | M15: - | N15: =E15-I15 -> 0 | S15: 0 | U15: =J15-S15 -> 0 | W15: 0 | X15: =G15-W15 -> 0
A16: 9 | B16: Painting with Emulsion paint for external walls | C16: =G16 -> 0 | D16: Sqm | E16: =I16 -> 276.7 | F16: =ROUND(C16*E16,0) -> 0 | G16: =ESTIMATE!I916 -> 0 | H16: Sqm | I16: =ESTIMATE!K916 -> 276.7 | J16: =ROUND(G16*I16,2) -> 0 | K16: =IF(J16>F16,J16-F16,0) -> 0 | L16: =IF(J16<F16,F16-J16,0) -> 0 | M16: - | N16: =E16-I16 -> 0 | S16: 29548 | U16: =J16-S16 -> -29548 | W16: 157.73 | X16: =G16-W16 -> -157.73
A17: 10 | B17: Supplying and fixing Gyp Board Suspended regular single layer false ceiling | C17: =G17 -> 0 | D17: Sqm | E17: =I17 -> 1760.41 | F17: =ROUND(C17*E17,0) -> 0 | G17: =ESTIMATE!I922 -> 0 | H17: Sqm | I17: =ESTIMATE!K922 -> 1760.41 | J17: =ROUND(G17*I17,2) -> 0 | K17: =IF(J17>F17,J17-F17,0) -> 0 | L17: =IF(J17<F17,F17-J17,0) -> 0 | M17: - | N17: =E17-I17 -> 0
A18: 11 | B18: Providing and fixing 28 -30 MM thick solid Wood PolymerComposite(WPC) door | C18: =G18 -> 6.3 | D18: Sqm | E18: =I18 -> 8363.11 | F18: =ROUND(C18*E18/1,0) -> 52688 | G18: =ESTIMATE!I1360 -> 6.3 | H18: Sqm | I18: =ESTIMATE!K1360 -> 8363.11 | J18: =ROUND(G18*I18,2) -> 52687.59 | K18: =IF(J18>F18,J18-F18,0) -> 0 | L18: =IF(J18<F18,F18-J18,0) -> 0.41 | M18: - | N18: =E18-I18 -> 0 | S18: 189353 | U18: =J18-S18 -> -136665.41 | W18: 31.5 | X18: =G18-W18 -> -25.2
A19: 12 | B19: Providing and fixing factory made uPVC windows 2track | C19: =G19 -> 0 | D19: Sqm | E19: =I19 -> 6698 | F19: =ROUND(C19*E19/1,0) -> 0 | G19: =ESTIMATE!I1386 -> 0 | H19: Sqm | I19: =ESTIMATE!K1386 -> 6698 | J19: =ROUND(G19*I19,2) -> 0 | K19: =IF(J19>F19,J19-F19,0) -> 0 | L19: =IF(J19<F19,F19-J19,0) -> 0 | M19: - | N19: =E19-I19 -> 0
A20: 13 | B20: Supplying and fixing of ventilator | C20: =G20 -> 0 | D20: No | E20: =I20 -> 591.9 | F20: =ROUND(C20*E20/1,0) -> 0 | G20: =ESTIMATE!I1395 -> 0 | H20: No | I20: =ESTIMATE!K1395 -> 591.9 | J20: =ROUND(G20*I20,2) -> 0 | K20: =IF(J20>F20,J20-F20,0) -> 0 | L20: =IF(J20<F20,F20-J20,0) -> 0 | M20: - | N20: =E20-I20 -> 0 | S20: 0 | U20: =J20-S20 -> 0 | X20: =G20-W20 -> 0
A21: 14 | B21: Supplying & fixing of Iron Grills | C21: =G21 -> 0 | D21: Kg | E21: =I21 -> 116.46 | F21: =ROUND(C21*E21/1,0) -> 0 | G21: =ESTIMATE!I1403 -> 0 | H21: kgs | I21: =ESTIMATE!K1403 -> 116.46 | J21: =ROUND(G21*I21,2) -> 0 | K21: =IF(J21>F21,J21-F21,0) -> 0 | L21: =IF(J21<F21,F21-J21,0) -> 0 | M21: - | N21: =E21-I21 -> 0 | S21: 39023 | U21: =J21-S21 -> -39023 | W21: 32.42 | X21: =G21-W21 -> -32.42
A22: 15 | B22: S&F of 25mm dia CPVC pipes | C22: =G22 -> 0 | D22: Rm | E22: =I22 -> 222 | F22: =ROUND(C22*E22,0) -> 0 | G22: =ESTIMATE!I1439 -> 0 | H22: Rm | I22: =ESTIMATE!K1439 -> 222 | J22: =ROUND(G22*I22,2) -> 0 | K22: =IF(J22>F22,J22-F22,0) -> 0 | L22: =IF(J22<F22,F22-J22,0) -> 0 | M22: - | N22: =E22-I22 -> 0 | S22: 4920 | U22: =J22-S22 -> -4920 | W22: 40 | X22: =G22-W22 -> -40
A23: 16 | B23: Labour charges for CPVC PIPes | C23: =G23 -> 0 | D23: Rm | E23: =I23 -> 35 | F23: =ROUND(C23*E23,0) -> 0 | G23: =ESTIMATE!I1453 -> 0 | H23: Rm | I23: =ESTIMATE!K1453 -> 35 | J23: =ROUND(G23*I23,2) -> 0 | K23: =IF(J23>F23,J23-F23,0) -> 0 | L23: =IF(J23<F23,F23-J23,0) -> 0 | M23: - | N23: =E23-I23 -> 0 | S23: 2480 | U23: =J23-S23 -> -2480 | W23: 80 | X23: =G23-W23 -> -80
A24: 17 | B24: S&F of Bib Type Taps | C24: =G24 -> 0 | D24: No | E24: =I24 -> 387 | F24: =ROUND(C24*E24,0) -> 0 | G24: =ESTIMATE!I1457 -> 0 | H24: No | I24: =ESTIMATE!K1457 -> 387 | J24: =ROUND(G24*I24,2) -> 0 | K24: =IF(J24>F24,J24-F24,0) -> 0 | L24: =IF(J24<F24,F24-J24,0) -> 0 | M24: - | N24: =E24-I24 -> 0 | S24: 698 | U24: =J24-S24 -> -698 | W24: 2 | X24: =G24-W24 -> -2
A25: 18 | B25: S&F of 110mm dia PVC Pipes | C25: =G25 -> 0 | D25: Rm | E25: =I25 -> 149 | F25: =ROUND(C25*E25,0) -> 0 | G25: =ESTIMATE!I1470 -> 0 | H25: Rm | I25: =ESTIMATE!K1470 -> 149 | J25: =ROUND(G25*I25,2) -> 0 | K25: =IF(J25>F25,J25-F25,0) -> 0 | L25: =IF(J25<F25,F25-J25,0) -> 0 | M25: - | N25: =E25-I25 -> 0 | S25: 820 | U25: =J25-S25 -> -820 | W25: 6 | X25: =G25-W25 -> -6
A26: 19 | B26: S&F of 75mm dia PVC Pipes | C26: =G26 -> 0 | D26: Rm | E26: =I26 -> 89 | F26: =ROUND(C26*E26,0) -> 0 | G26: =ESTIMATE!I1478 -> 0 | H26: Rm | I26: =ESTIMATE!K1478 -> 89 | J26: =ROUND(G26*I26,2) -> 0 | K26: =IF(J26>F26,J26-F26,0) -> 0 | L26: =IF(J26<F26,F26-J26,0) -> 0 | M26: - | N26: =E26-I26 -> 0 | S26: 488 | U26: =J26-S26 -> -488 | W26: 6 | X26: =G26-W26 -> -6
A27: 20 | B27: Labour charges for PVC PIPes | C27: =G27 -> 0 | D27: Rm | E27: =I27 -> 84 | F27: =ROUND(C27*E27,0) -> 0 | G27: =ESTIMATE!I1483 -> 0 | H27: Rm | I27: =ESTIMATE!K1483 -> 84 | J27: =ROUND(G27*I27,2) -> 0 | K27: =IF(J27>F27,J27-F27,0) -> 0 | L27: =IF(J27<F27,F27-J27,0) -> 0 | M27: - | N27: =E27-I27 -> 0 | S27: 840 | U27: =J27-S27 -> -840 | W27: 12 | X27: =G27-W27 -> -12
A28: 21 | B28: S&F of European type water closet | C28: =G28 -> 0 | D28: No | E28: =I28 -> 5297 | F28: =ROUND(C28*E28,0) -> 0 | G28: =ESTIMATE!I1487 -> 0 | H28: No | I28: =ESTIMATE!K1487 -> 5297 | J28: =ROUND(G28*I28,2) -> 0 | K28: =IF(J28>F28,J28-F28,0) -> 0 | L28: =IF(J28<F28,F28-J28,0) -> 0 | M28: - | N28: =E28-I28 -> 0 | S28: 9552 | U28: =J28-S28 -> -9552 | W28: 2 | X28: =G28-W28 -> -2
A29: 22 | B29: S&F of Wash basin | C29: =G29 -> 0 | D29: No | E29: =I29 -> 2025 | F29: =ROUND(C29*E29,0) -> 0 | G29: =ESTIMATE!I1499 -> 0 | H29: No | I29: =ESTIMATE!K1499 -> 2025 | J29: =ROUND(G29*I29,2) -> 0 | K29: =IF(J29>F29,J29-F29,0) -> 0 | L29: =IF(J29<F29,F29-J29,0) -> 0 | M29: - | N29: =E29-I29 -> 0 | S29: 3654 | U29: =J29-S29 -> -3654 | W29: 2 | X29: =G29-W29 -> -2
A30: 23 | B30: Nahany trap with Jali- PVC/SWR Pipe fittings | C30: =G30 -> 0 | D30: No | E30: =I30 -> 115 | F30: =ROUND(C30*E30,0) -> 0 | G30: =ESTIMATE!I1502 -> 0 | H30: No | I30: =ESTIMATE!K1502 -> 115 | J30: =ROUND(G30*I30,2) -> 0 | K30: =IF(J30>F30,J30-F30,0) -> 0 | L30: =IF(J30<F30,F30-J30,0) -> 0 | M30: - | N30: =E30-I30 -> 0 | S30: 230 | U30: =J30-S30 -> -230 | W30: 2 | X30: =G30-W30 -> -2
A31: 24 | B31: 200/18 SWG Module box w for 8 Module box | C31: =G31 -> 3 | D31: No | E31: =I31 -> 230.64 | F31: =ROUND(C31*E31,0) -> 692 | G31: =ESTIMATE!I1566 -> 3 | H31: No | I31: =ESTIMATE!K1566 -> 230.64 | J31: =ROUND(G31*I31,2) -> 691.92 | K31: =IF(J31>F31,J31-F31,0) -> 0 | L31: =IF(J31<F31,F31-J31,0) -> 0.08 | M31: - | N31: =E31-I31 -> 0 | S31: 510 | U31: =J31-S31 -> 181.92 | W31: 3 | X31: =G31-W31 -> 0
A32: 25 | B32: Wiring with run of 2 of 14/0.3mm (1.0 Sq.mm) | C32: =G32 -> 9 | D32: poi | E32: =I32 -> 557.66 | F32: =ROUND(C32*E32,0) -> 5019 | G32: =ESTIMATE!I1592 -> 9 | H32: Poi | I32: =ESTIMATE!K1592 -> 557.66 | J32: =ROUND(G32*I32,2) -> 5018.94 | K32: =IF(J32>F32,J32-F32,0) -> 0 | L32: =IF(J32<F32,F32-J32,0) -> 0.06 | M32: - | N32: =E32-I32 -> 0 | S32: 29164 | U32: =J32-S32 -> -24145.06 | W32: 65 | X32: =G32-W32 -> -56
A33: 26 | B33: Wiring with run of 2 of 14/0.3mm (1.0 Sq.mm) | C33: =G33 -> 3 | D33: poi | E33: =I33 -> 582.66 | F33: =ROUND(C33*E33,0) -> 1748 | G33: =ESTIMATE!I1596 -> 3 | H33: Poi | I33: =ESTIMATE!K1596 -> 582.66 | J33: =ROUND(G33*I33,2) -> 1747.98 | K33: =IF(J33>F33,J33-F33,0) -> 0 | L33: =IF(J33<F33,F33-J33,0) -> 0.02 | M33: - | N33: =E33-I33 -> 0 | S33: 0 | U33: =J33-S33 -> 1747.98 | W33: 0 | X33: =G33-W33 -> 3
A34: 27 | B34: Supply and Run of 2 of 36/0.3mm (2.50 Sq.mm) | C34: =G34 -> 90 | D34: Rm | E34: =I34 -> 100.19 | F34: =ROUND(C34*E34,0) -> 9017 | G34: =ESTIMATE!I1600 -> 90 | H34: Rm | I34: =ESTIMATE!K1600 -> 100.19 | J34: =ROUND(G34*I34,2) -> 9017.1 | K34: =IF(J34>F34,J34-F34,0) -> 0.1 | L34: =IF(J34<F34,F34-J34,0) -> 0 | M34: - | N34: =E34-I34 -> 0 | S34: 18954 | U34: =J34-S34 -> -9936.9 | W34: 291.9 | X34: =G34-W34 -> -201.9
A35: 28 | B35: Supply and Run of 2 of 56/0.3mm (4.00 Sq.mm) | C35: =G35 -> 0 | D35: Rm | E35: =I35 -> 133.97 | F35: =ROUND(C35*E35,0) -> 0 | G35: =ESTIMATE!I1604 -> 0 | H35: Rm | I35: =ESTIMATE!K1604 -> 133.97 | J35: =ROUND(G35*I35,2) -> 0 | K35: =IF(J35>F35,J35-F35,0) -> 0 | L35: =IF(J35<F35,F35-J35,0) -> 0 | M35: - | N35: =E35-I35 -> 0 | S35: 3349 | U35: =J35-S35 -> -3349 | W35: 33.95 | X35: =G35-W35 -> -33.95
A36: 29 | B36: Supply of Cover frames for 8 module box | C36: =G36 -> 3 | D36: no | E36: =I36 -> 223.82 | F36: =ROUND(C36*E36,0) -> 671 | G36: =ESTIMATE!I1615 -> 3 | H36: No | I36: =ESTIMATE!K1615 -> 223.82 | J36: =ROUND(G36*I36,2) -> 671.46 | K36: =IF(J36>F36,J36-F36,0) -> 0.46 | L36: =IF(J36<F36,F36-J36,0) -> 0 | M36: - | N36: =E36-I36 -> 0 | S36: 0 | U36: =J36-S36 -> 671.46 | W36: 0 | X36: =G36-W36 -> 3
A37: 30 | B37: Supply and fixing of 6A 3/2 pin wall plug socket | C37: =G37 -> 3 | D37: No | E37: =I37 -> 156.56 | F37: =ROUND(C37*E37,0) -> 470 | G37: =ESTIMATE!I1639 -> 3 | H37: No | I37: =ESTIMATE!K1639 -> 156.56 | J37: =ROUND(G37*I37,2) -> 469.68 | K37: =IF(J37>F37,J37-F37,0) -> 0 | L37: =IF(J37<F37,F37-J37,0) -> 0.32 | M37: - | N37: =E37-I37 -> 0 | S37: 7263 | U37: =J37-S37 -> -6793.32 | W37: 26 | X37: =G37-W37 -> -23
A38: 31 | B38: Supply and fixing of 16A 3/2 pin wall plug socket | C38: =G38 -> 0 | D38: No | E38: =I38 -> 437.5 | F38: =ROUND(C38*E38,0) -> 0 | G38: =ESTIMATE!I1635 -> 0 | H38: No | I38: =ESTIMATE!K1635 -> 437.5 | J38: =ROUND(G38*I38,2) -> 0 | K38: =IF(J38>F38,J38-F38,0) -> 0 | L38: =IF(J38<F38,F38-J38,0) -> 0 | M38: - | N38: =E38-I38 -> 0 | S38: 7263 | U38: =J38-S38 -> -7263 | W38: 26 | X38: =G38-W38 -> -26
A39: 32 | B39: Supply and fixing of 6A flush type Neon Indicator. | C39: =G39 -> 3 | D39: No | E39: =I39 -> 23.86 | F39: =ROUND(C39*E39,0) -> 72 | G39: =ESTIMATE!I1646 -> 3 | H39: No | I39: =ESTIMATE!K1646 -> 23.86 | J39: =ROUND(G39*I39,2) -> 71.58 | K39: =IF(J39>F39,J39-F39,0) -> 0 | L39: =IF(J39<F39,F39-J39,0) -> 0.42 | M39: - | N39: =E39-I39 -> 0 | S39: 2090 | U39: =J39-S39 -> -2018.42 | W39: 15 | X39: =G39-W39 -> -12
A40: 33 | B40: S&F of ISI mark batten holder / angle holder | C40: =G40 -> 4 | D40: No | E40: =I40 -> 154.8 | F40: =ROUND(C40*E40,0) -> 619 | G40: =ESTIMATE!I1650 -> 4 | H40: No | I40: =ESTIMATE!K1650 -> 154.8 | J40: =ROUND(G40*I40,2) -> 619.2 | K40: =IF(J40>F40,J40-F40,0) -> 0.2 | L40: =IF(J40<F40,F40-J40,0) -> 0 | M40: - | N40: =E40-I40 -> 0 | S40: 1674 | U40: =J40-S40 -> -1054.8 | W40: 24 | X40: =G40-W40 -> -20
A41: 34 | B41: S&F of ceiling fan | C41: =G41 -> 3 | D41: No | E41: =I41 -> 3780.03 | F41: =ROUND(C41*E41,0) -> 11340 | G41: =ESTIMATE!I1654 -> 3 | H41: No | I41: =ESTIMATE!K1654 -> 3780.03 | J41: =ROUND(G41*I41,2) -> 11340.09 | K41: =IF(J41>F41,J41-F41,0) -> 0.09 | L41: =IF(J41<F41,F41-J41,0) -> 0 | M41: - | N41: =E41-I41 -> 0 | S41: 37536 | U41: =J41-S41 -> -26195.91 | W41: 16 | X41: =G41-W41 -> -13
A42: 35 | B42: Fan hook | C42: =G42 -> 3 | D42: No | E42: =I42 -> 293.84 | F42: =ROUND(C42*E42,0) -> 882 | G42: =ESTIMATE!I1658 -> 3 | H42: No | I42: =ESTIMATE!K1658 -> 293.84 | J42: =ROUND(G42*I42,2) -> 881.52 | K42: =IF(J42>F42,J42-F42,0) -> 0 | L42: =IF(J42<F42,F42-J42,0) -> 0.48 | M42: - | N42: =E42-I42 -> 0 | S42: 2096 | U42: =J42-S42 -> -1214.48 | W42: 16 | X42: =G42-W42 -> -13
A43: 36 | B43: S&F of Tube light | C43: =G43 -> 3 | D43: No | E43: =I43 -> 458.87 | F43: =ROUND(C43*E43,0) -> 1377 | G43: =ESTIMATE!I1689 -> 3 | H43: No | I43: =ESTIMATE!K1689 -> 458.87 | J43: =ROUND(G43*I43,2) -> 1376.61 | K43: =IF(J43>F43,J43-F43,0) -> 0 | L43: =IF(J43<F43,F43-J43,0) -> 0.39 | M43: - | N43: =E43-I43 -> 0 | S43: 12090 | U43: =J43-S43 -> -10713.39 | W43: 30 | X43: =G43-W43 -> -27
A44: 37 | B44: Provision for QC @0.5% | F44: =CS!J249 -> 6148 | J44: =ESTIMATE!M1716 -> 6148 | K44: =IF(J44>F44,J44-F44,0) -> 0 | L44: =IF(J44<F44,F44-J44,0) -> 0 | M44: - | N44: =E44-I44 -> 0 | S44: 20301 | U44: =J44-S44 -> -14153 | X44: =G44-W44 -> 0
A45: 38 | B45: Provision for GST charges @ 18% | F45: =CS!J250 -> 221749 | J45: =ESTIMATE!M1717 -> 221749 | K45: =IF(J45>F45,J45-F45,0) -> 0 | L45: =IF(J45<F45,F45-J45,0) -> 0 | M45: - | N45: =E45-I45 -> 0
A46: 39 | B46: Provision for Supervision charges @ 3% | F46: =CS!J251 -> #REF! | J46: =ESTIMATE!#REF! -> #REF! | K46: =IF(J46>F46,J46-F46,0) -> #REF! | L46: =IF(J46<F46,F46-J46,0) -> #REF! | M46: - | N46: =E46-I46 -> 0
A47: 40 | B47: Provision for Seignorage charges | F47: =CS!J252 -> 2427 | J47: =ESTIMATE!M1714 -> 2427 | K47: =IF(J47>F47,J47-F47,0) -> 0 | L47: =IF(J47<F47,F47-J47,0) -> 0 | M47: - | N47: =E47-I47 -> 0 | S47: 26478 | U47: =J47-S47 -> -24051 | X47: =G47-W47 -> 0
A48: 41 | B48: Unforseen items such as if any | F48: =CS!J255 -> 40165 | K48: =IF(J48>F48,J48-F48,0) -> 0 | L48: =IF(J48<F48,F48-J48,0) -> 40165 | M48: - | N48: =E48-I48 -> 0 | S48: -122011 | U48: =J48-S48 -> 122011
C49: As per working estimate | F49: =SUM(F7:F48) -> #REF! | J49: =SUM(J7:J48) -> #REF! | K49: =SUM(K7:K48) -> #REF! | L49: =SUM(L7:L48) -> #REF!
C50: As per M.Book | F50: =J49 -> #REF! | L50: =K49 -> #REF!
B51: TOTAL | C51: Difference in estimate | F51: =F49-F50 -> #REF! | L51: =L49-L50 -> #REF!
H54: ='lead 24-25'!H32 -> Deputy Executive Engineer | K54: ='lead 24-25'!K32 -> Assistant Engineer
H55: ='lead 24-25'!H33 -> PRI Sub Division | K55: ='lead 24-25'!K33 -> Mandal Praja parishad
H56: ='lead 24-25'!H34 -> Kanigiri | K56: ='lead 24-25'!K34 -> P.C.Palli

Sheet check slip
A1: ZILLA PARISHAD CHECK SLIP IN TRIPLICATE
B3: Name of the Grant: ZPGF 15% Office Maintenance Grant. | E3: Serial No. of the Bill: 1st & Final
A4: 1 | B4: Measurement Books | D4: : | E4: 190/A/ZP/20
A5: 2 | B5: Name of the Sub Diviaion | D5: : | E5: PRI Sub Division: Kanigiri
A6: 3 | B6: Name of the Work:- | D6: : | E6: ='C-1 '!E7:G7 -> Completion of incomplete Anganwadi building in Paletipalli village of P.C.Palli Mandal.
A7: 4 | B7: Name of the village and Mandal | D7: : | E7: Kanigiri
A8: 5 | B8: Admn. Sanction No. & Date | D8: : | E8: ='C-1 '!E10:G10 -> Rc.No.P4/127-VOL-2/2022 Dt. 14.12.2022 of the Chief Executive Officer, Zilla Parishad, Prakasam District, Ongole
A9: 6 | B9: Tech. Sanction No. & Date | D9: : | E9: ='C-1 '!E11:G11 -> DR No. /2022-23 Dt 20.01.2023 of the Executive Engineer, PRI Division, Kandukur
A10: 7 | B10: Agt.No. & Date | D10: : | E10: ='C-1 '!E12:G12 -> No. /2022-23 Dt 06.02.2023 of the Executive Engineer, PRI Division, Kandukur
A11: 8 | B11: Estimate Amount | D11: : | E11: ='C-1 '!E9:G9 -> 15.00 Lakhs
A12: 9 | B12: Value of work done | D12: :
A13: 10 | B13: Date of Recoring along with Page Number by Section officer | D13: :
A14: 11 | B14: Date of Recoring along with Page Number by Dy.Executive engineer | D14: :
A15: 12 | B15: Date of Agreement | D15: : | E15: 06.02.2023
A16: 13 | B16: Nature of Contract | D16: : | E16: ='C-1 '!E13:G13 -> G.Anok, Nominee, Habitation works committee, Challagiragala
A17: 14 | B17: Amount already paid | D17: :
A18: 15 | B18: Amount to be paid | D18: :
A19: 16 | B19: Whether digital photos were taken or not | D19: : | E19: Yes
A20: 17 | B20: Whether display board placed at work spot | D20: : | E20: Yes
A21: 18 | B21: Date of Completion of work | D21: :

Sheet C-1 
E1: Sub Divisional Bill No.
A2: SUB DIVISION CHECK SLIP TO ACCOMPANYING ALL WORK BILLS
B3: Name of the Grant: | C3: ZPGF 15% Office Maintenance Grant. | F3: S.No. of the Bill: 1st & Final
B4: Connected M.Book Nos: 190/A/ZP/20
A5: 1 | B5: Name of the Sub Division | D5: : | E5: Kanigiri
A6: 2 | B6: Name of the Mandal | D6: : | E6: Kanigiri
A7: 3 | B7: Name of the Work:- | D7: : | E7: ='lead 24-25'!C2 -> Completion of incomplete Anganwadi building in Paletipalli village of P.C.Palli Mandal.
A8: 4 | B8: Work ID No. | D8: :
A9: 5 | B9: Estimate Amount | D9: : | E9: ='lead 24-25'!K4 -> 15.00 Lakhs
A10: 6 | B10: Admn. Sanction No. & Date | D10: : | E10: Rc.No.P4/127-VOL-2/2022 Dt. 14.12.2022 of the Chief Executive Officer, Zilla Parishad, Prakasam District, Ongole
A11: 7 | B11: Tech. Sanction No. & Date | D11: : | E11: DR No. /2022-23 Dt 20.01.2023 of the Executive Engineer, PRI Division, Kandukur
A12: 8 | B12: Agreement No. & Date & Value or work commencement order reference for NREGS | D12: : | E12: No. /2022-23 Dt 06.02.2023 of the Executive Engineer, PRI Division, Kandukur
A13: 9 | B13: Name & Address of the Contractor with PAN No. | D13: : | E13: G.Anok, Nominee, Habitation works committee, Challagiragala
A14: 10 | B14: Bank Account Number (For NREGS works) | D14: : | E14: -
A15: 11 | B15: No of Musters enclosed to this bill for NREGS works | D15: : | E15: Nil
A16: 12 | B16: Working estimate Amount | D16: : | E16: =E9 -> 15.00 Lakhs
A17: 13 | B17: Supplimental Agt. No./Dt & Value | D17: :
A18: 14 | B18: Nature Contract | D18: :
A19: 15 | B19: Date of Agreement i.e DHS | D19: :
A20: 16 | B20: Date fixed for completion (DFC) | D20: :
A21: 17 | B21: Date of last recording of Measurement of Present bill | D21: :
A22: 18 | B22: Whether the work is completed with in the Agreement period, if not sanction of EOAT period & Reference nO. & date & Fine if any | D22: : | E22: Yes
A23: 19 | B23: Date of Measurements recorded in M.Book by section Officer | D23: : | E23: Date of Check measured by Dy. Executive Engineer | F23: Date of Check measured by Executive Engineer
B24: P.No. | C24: Date | E24: Date | F24: P.No. | G24: Date
A29: 20 | B29: Super Check Measurement of work (Date/MB Page NO. & % of value)
B30: i) By Executive Engineer | D30: :
B31: ii) By Superintending Engineer | D31: :
A32: 21 | B32: Whether the Supercheck measurement statement enclosed | D32: :
A33: 22 | B33: Whether the Contractor has accepted the measurements | D33: : | E33: Yes
A34: 23 | B34: Whether the contractor signed the bill | D34: : | E34: Yes
A35: 24 | B35: Whether released & Discharge certificate furnished by the Contractor for Final Bill | D35: : | E35: Yes
A36: 25 | B36: QC inspection Date & Recovery proposed if any | D36: : | E36: No
A37: 26 | B37: Other Remarks of the DEE | D37: : | E37: No
B42: DIVISIONAL CHECK
A43: 27 | B43: Seineorage charges amount & OTP on Sand Vide Page of M.B. | D43: :
A44: 28 | B44: Whether the photos of the work in three stages Name board. Km, HM stones for NREGS work enclosed. | D44: :
A45: 29 | B45: EMD details DDs (or) B.G, if B.G its No. / Dt & Validity. Whether extended if EOAT is sanctioned | D45: :
A46: 30 | B46: Insurance policty No. Date, Amount & Validity Whether the insurance is extended if EOAT is sanctioned (For Tender works) | D46: :
A47: 31 | B47: Whether T.A Appointment letters willingness & qualification certificates furnished or not Mensioned the Name ( for Tender works) | D47: :
A48: 32 | B48: Wheter the DEE has furnished the certificate in M.Book for engagement of techncial agents with Name (For tender works) | D48: :
A49: 33 | B49: Whether the contractor opted under VAT composition and produced the CTO letter or No | D49: :
A50: 34 | B50: Whether the asset Handling over to the concerned Dept certificate furnished. | D50: :
A51: 35 | B51: Super Check Measurement of work (Date/MB Page NO. & % of value)
B52: i) BY Executive Engineer | D52: :
B53: ii) By Superintending Engineer | D53: :
A54: 36 | B54: Whether the Supercheck measurement statement enclosed | D54: :
A55: 37 | B55: Completion Reporst are received along with final bills | D55: : | E55: Amount Approved by Date
A56: 38 | B56: Whether the Quantities and Rate are as per approved estimate | D56: :
A57: 39 | B57: Remarks of the case worker in B.D. | D57: :

Sheet CC f
A1: CONTRACT CERTIFICATE
G2: ='C-1 '!C3 -> ZPGF 15% Office Maintenance Grant.
B4: ='lead 24-25'!B2&'lead 24-25'!C2 -> Name of the Work: Completion of incomplete Anganwadi building in Paletipalli village of P.C.Palli Mandal.
B5: Name of the Contractor : G.Anok, Nominee, Habitation works committee, Challagiragala
B6: Voucher : CC 1st & Final
B7: Last Certificate if any :
B8: Month :
B9: Number and month of the last schedule if any :-
B10: Mandal : Kanigiri | E10: Amount of estimate : Rs. 5.00 Lakhs | H10: Voucher No:
B11: Overseer's No. | E11: Authority Covering list No. | H11: Schedule No.
A13: S.No | B13: Quantity executed or Supplied | E13: Description of Items. | F13: Rate in Rs. | G13: Per | H13: Amount | J13: Remarks
B14: Upto Date | D14: Since last certificate | H14: Upto Date in Rs. | I14: Since last certificate in Rs.
A16: 1 | B16: =CR!G8 -> 0 | C16: Sqm | E16: Providing impervious coat to exposed RCC Roof Slab surface with CM (1:3) 12mm thick with 1Kg of water proof compound per bag of Cement laid over roof when it is green including c/c of all materials and labour charges for mixing mortar, laying, rendering smooth and thread lining of wall & slab etc complete for finished item of work (APSS 901,903) | F16: =CR!I8 -> 406.34 | G16: 1Sqm | H16: =ROUND(B16*F16,2) -> 0
A17: 2 | B17: =CR!G9 -> 0 | C17: Sqm | E17: Plastering to brick masonary wall with 12mm thick double coat in CM (1:5) 8 mm thick base coat and CM (1:3) of 4mm thick top coat with dubara sponge finish including c/c of all materials including all operational, incidental and labour charges such as mixing cement mortar and curing etc complete for finished item of work (APSS 901, 903 & 904) | F17: =CR!I9 -> 521.53 | G17: 1Sqm | H17: =ROUND(B17*F17,2) -> 0
A18: 3 | B18: =CR!G10 -> 0 | C18: Sqm | E18: Flooring with Porcelain Vitrified tiles stain free double charged of 1st quality and of size not less than 600X600X8mm thickness glossy finish premium colours, set over base coat of CM (1:8), 12mm thick over already laid CC bed / RCC Roof slab, including neat Cement slurry of honey like consistency spread @ 3.30 Kgs per Sqm & jointed with neat white Cement paste to full depth mixed with pigment of matching shade including c/c of all materials like Cement, Sand and Water and tiles etc complete including labour charges etc complete for finished item of work | F18: =CR!I10 -> 1284.36 | G18: 1Sqm | H18: =ROUND(B18*F18,2) -> 0
A19: 4 | B19: =CR!G11 -> 0 | C19: Sqm | E19: Providing Skirting to internal walls to 15cm height / risers of steps with Porcelain Vitrified tiles length equal to flooring stones, set over base coat of CM (1:5) 12mm thick with Cement slurry of honey like consistency spread @ 3.30 Kgs per Sqm & jointed with white Cement paste mixed with pigment of matching shade to full depth, including c/c of materials like Cement, Sand and Water and tiles etc complete for finished item of work | F19: =CR!I11 -> 1279.49 | G19: 1Sqm | H19: =ROUND(B19*F19,2) -> 0
A20: 5 | B20: =CR!G12 -> 0 | C20: Sqm | E20: Flooring with Ceramic non skid tiles of not less than 7-8mm thick 1st quality laid over floor bed / VRCC slab set over base coat of CM (1:8), 12mm thick and neat grey Cement slurry of honey like consistency spread @ 3.30 Kgs per Sqm & jointed with neat white Cement paste to full depth mixed with pigment of matching shade including c/c of all materials to site including cost of mixing of mortar and watering and levelling to proper slope and curing including all labour charges etc for finished item of work | F20: =CR!I12 -> 889.81 | G20: 1Sqm | H20: =ROUND(B20*F20,2) -> 0
A21: 6 | B21: =CR!G13 -> 0 | C21: Sqm | E21: Providing Daddooing to walls with 5 to 7mm thick Glazed Ceramic wall tiles of 1st quality of 6mm thick set over base coat of CM (1:3) 12mm thick with Cement slurry of honey like consistency spread @ 3.30 Kgs per Sqm & jointed with neat white Cement paste to full depth mixed with pigment of matching shade including c/c of all materials to site, cost of all materials like tiles, Cement, sand and water etc complete for finished item of work | F21: =CR!I13 -> 509.65 | G21: 1Sqm | H21: =ROUND(B21*F21,2) -> 0
A22: 7 | B22: =CR!G14 -> 0 | C22: Sqm | E22: Providing and applying Wall putty of White Cement or Polymer or Cement based of average 1 to 2 mm thickness over plastered surface to prepare the surface even and smooth after thoroughly brushing the surface to remove all dirt and remains of loose powdered materials, applying emery paper, Sand the surface, clean & wipe off loose dust, applying knifing paste filler by putty knife / muslin pad, air dry for 2 - 3 hrs, sand with 180 and 320 No., emery paper for the surface preparation including cost and conveyance of all materials and all operational, incidental and all labour charges etc., complete for finished item of work in all floors for internal walls | F22: =CR!I14 -> 199.95 | G22: 1Sqm | H22: =ROUND(B22*F22,2) -> 0
A23: 8 | B23: =CR!G15 -> 0 | C23: Sqm | E23: Painting to new walls with 2 coats of acrylic Emulsion paint Asian or equivalent and shade over Priming coat with Cement primer water base interior Gr-1 Asian or equivalent on new plastered surface after throughly brushing the surace remove all dirt and remains of loose powdered materials including cost and conveyance of all materials to worksite and all oparational, incidental, labour charges etc complete for finished item of work as per SS 911 for internal walls | F23: =CR!I15 -> 201.45 | G23: 1Sqm | H23: =ROUND(B23*F23,2) -> 0
A24: 9 | B24: =CR!G16 -> 0 | C24: Sqm | E24: Painting to new walls with 2 coats of acrylic Emulsion paint Asian or equivalent and shade over Priming coat with Cement primer water base interior Gr-1 Asian or equivalent on new plastered surface after throughly brushing the surace remove all dirt and remains of loose powdered materials including cost and conveyance of all materials to worksite and all oparational, incidental, labour charges etc complete for finished item of work as per SS 911 for external walls | F24: =CR!I16 -> 276.7 | G24: 1Sqm | H24: =ROUND(B24*F24,2) -> 0
A25: 10 | B25: =CR!G17 -> 0 | C25: Sqm | E25: Supplying and fixing Gyp Board Suspended regular single layer false ceiling (GS-MFSC-4.1 as per India Gypsum) using 12.5 mm thick Gyp Board conforming to IS 2095 - 1982 fixing to Gyp steel GI perimeter channels of size 20 mm x 27 mm x 30 mm(web) of 0.55 mm thick along the perimeter of ceiling screw fixed to brick work/ partition at 610 mm c/c and suspending the frame work using Intermediate channels (45 mm x 15mm x 15mm x 0.9 mm) from soffit at 1220 mm c/c with ceiling angle (25 mm x 10 mm x 0.55 mm) fixed with GI Cleat and steel expansion fasteners & connecting clip to the ceiling channels (with knurled web of 51.5 mm x 26 mm x 10.5 mm x 0.55 mm) fixed in direction perpendicular to the intermediate channel at 457 mm c/c and fixing the 12.5 mm tapered edge Gypboard with 25 mm drywall screws at 230 mm c/c & jointing and finishing using joint compound and paper tape to have a flush look including filling the tapered & square edges with jointing compound, two coats of drywall topcoat complete for finished item of work as per Idia Gypsum Ltd specification. | F25: =CR!I17 -> 1760.41 | G25: 1Sqm | H25: =ROUND(B25*F25,2) -> 0
A26: 11 | B26: =CR!G18 -> 6.3 | C26: Sqm | E26: Supply and fixing of Wood Polymer Composite(WPC) fixing 28 -30 MM thick solid Wood Polymer Composite (WPC) double extruded door shutter with 3MM top and bottom rigid layer with an overall density of 750kg/Cum. It will be fixed to the frame using 3 inch /4 inch hinges. A minimum of 4 hinges will be required etc., complete | F26: =CR!I18 -> 8363.11 | G26: 1Sqm | H26: =ROUND(B26*F26,2) -> 52687.59
A27: 12 | B27: =CR!G19 -> 0 | C27: Sqm | E27: Providing and fixing factory made uPVC white colour sliding glazed windowupto 1.50 m in height dimension comprising of uPVC multi-chamberedframe with in-built roller track and sash extruded profiles duly reinforcedwith 1.60 ± 0.2 mm thick galvanized mild steel section made from rollforming process of required length (shape & size according to uPVCprofile), appropriate dimension of uPVC extruded glazing beads anduPVC extruded interlocks, EPDM gasket, wool pile, zinc alloy (whitepowder coated) touch locks withhook, zinc alloy body with single nylonrollers (weight bearing capacity to be 40 kg), G.I fasteners 100 x 8 mmsize for fixing frame to finished wall and necessary stainless steel screwsetc. Profile of frame & sash shall be mitred cut and fusion welded at allcorners, including drilling of holes for fixing hardware's and drainage ofwater etc. After fixing frame the gap between frame and adjacent finishedwall shall be filled with weather proof silicon sealent over backer rod ofrequired size and of approved quality, all complete as per approved drawing& direction of Engineer-in-Charge inclusive of cost of Single / double glass panes,and silicon sealent Two track two panels sliding window made of (small series) frame 52 x 44 mm &sash 32 x 60 mm both having wall thickness of 1.9 ± 0.2 mm and single glazing bead of appropriate dimension. (Area of window upto 1.75 sqm) | F27: =CR!I19 -> 6698 | G27: 1Sqm | H27: =ROUND(B27*F27,2) -> 0
... A51: 36 | B51: =CR!G43 -> 3 | C51: No | E51: Supply and Transportation and fixing of 1200 mm length,Box type powder coatedtube light luminaire with necessary wiring suitable for fixing 2 Nos retrofit T8 LED tubes but without tube and choke | F51: =CR!I43 -> 458.87 | G51: 1No | H51: =ROUND(B51*F51,2) -> 1376.61
E79: Total value o work done or suplies made to date | G79: = | H79: =SUM(H15:H78) -> 84593.67 | I79: =SUM(I15:I78) -> 0 | L79: =SUM(L15:L78) -> 0
E80: Deduct value of work supplies shown on last certificate. | G80: = | H80: =L79 -> 0 | I80: Or
E81: Net value of work/supplies since lst certificate | G81: = | H81: =H79-H80 -> 84593.67 | I81: =ROUND(H81,0) -> 84594
B82: Signature of Contractor | H82: Date…………..……200
D83: Certificate that the proceeding claim is correct that the necessary measurements have been made by me on 200 and record on page 885/B/ZP/18 and the work has been satisfactory performed | F83: CHECK MEASUREMENT CERTIFICATE
D85: Certified also that the materials billed for have been recived and brought to account. | F85: Certified that the work and materials were duly Checked and Measured by me on (Date………….)
D86: Date………….. OFFICE INCHARGE | F86: Date………………200 | I86: DESIGNATION
E88: ='lead 24-25'!K32 -> Assistant Engineer
E89: ='lead 24-25'!K33 -> Mandal Praja parishad
E90: ='lead 24-25'!K34 -> P.C.Palli

Sheet ccbc 
A1: MEMORANDUM OF PAYMENTS MADE | G1: Rs. | H1: P. | I1: Rs. | J1: P.
B2: Total value of work done
B3: Amount of prevont payment from last certificate No………………….
C4: of | D4: Forward
C5: With accouts for…………………………………
C6: Fines and other deduction up to date
A8: Payments now made | C8: By Cash
C9: By Cheque No………………..
C10: By Value of Stock supplied
C11: Balance due
A12: Allotment of the year | D12: Rs P
A13: Expenditure included in this bill
C15: Balance availabe
A17: PAY RUPEES ( ) RECEIVED ( )
E18: Only as final payments in settlement of all demands
E19: ……………………………………………………………………………….
E21: ……………………………………………………………………………….
E23: Witness
A25: Head Clerk | D25: Presented of | E25: ……………………………………………………………………………….
E27: ……………………………………………………………………………….
A29: Head Account | D29: Engineer | E29: ……………………………………………………………………………….
E31: ……………………………………………………………………………….
G32: Date ………………………….. | J32: Payee……………………
I34: AUDIT ENFACEMENT
I35: Admitted Rs. ………………………….
I36: Objected Rs. ………………………….
I37: Total Rs. ………………..…………….
D38: Date | G38: 200 | J38: Auditor
D39: INVERNACULAR
B40: DISTRICT ENGINEET'S REMARKS
C41: NOTES
C42: 1. This form is intended for use in the case of running account i.e for works in progress or supplies in course
B43: of delivery when the liability is discharged in full single payment Form No. of A should be used.
C44: 2. Payment will be made only up to nineteenth of the total value of the work done. The balance being returned
B45: as a security both for the due performance of the contracts or to cover posible over payment which may be detected on cheque measurement in the case of work whose estimated cost does not exceed Rs. 50/- Payment may be made in full
B46: on the measuring officer's certificate subject to subsequent check measurement by the proper check measuring authority.
C47: 3. In calculating the amount of each item dur to the contractor in this bill, sums of five pieces or less shall be
B48: omitted and sums exceeding five pieces shall be recorded.
C49: 4. Payment made in case of sum exceeding Rs. 100/- should be attested by two witness and for smaller sum
B50: by one witness payment made by cheque to recognised firms of institutions need not be so witnessed.
C51: 5. When the payee signs in the vernacullar the amount acknowledged should also noted in the some vernacullar
B52: as well as in English.
C53: 6. In the case of other than well known firms all parties must sign if there by more the on contractor or the payee
B54: must produce a power of atorney from the firm.
C55: 7. No contract certificate bearing no remarks should be accepted if any corrections are necessary the incorrect
B56: figures should be neatly scored out and initialed by the officer concerned in the case of corrections made in the Engineers office the Head Accountant may be authorised no attest those due to clerical errors Etc. But the Engineer should affix his
B57: initials coare osnin the rate column as well as those in the total or the bill and the pass order. This rule applies MUIATIS MUTANDIS to payments from miscellaneous grants.
C58: 8. In case in which the materials billed for are taken over charged an officer other than the officer sign in the
B59: certificate from of the bill the names of the form should be noted in the remarks column of the bill necessary amendment being made at the same time of the excluding portion of the certificate relating to materials.

Sheet CERT
A1: 1) Name of the Work: | C1: ='lead 24-25'!C2 -> Completion of incomplete Anganwadi building in Paletipalli village of P.C.Palli Mandal.
A2: 2) Estimate Cost: | C2: ='lead 24-25'!K4 -> 15.00 Lakhs
A3: 3) Grant: | C3: ='C-1 '!C3 -> ZPGF 15% Office Maintenance Grant.
A8: CERTIFICATES
A10: 1 | B10: Certified that the work was completed in all respects as per agreement conditions.
A11: 2 | B11: Certified that there are no recoveries to be effected in this ill other than now proposed
A12: 3 | B12: Certified that there were no liabilities outstanding against the contractor
A13: 4 | B13: Certified that all the materials required have been conveyed to site form specified quarries as noted in the lead statement appended to agreement and estimates
A14: 5 | B14: Certified that no departmental machinery were issued to the work
D17: Deputy Executive Engineer, | G17: ='lead 24-25'!K32 -> Assistant Engineer
D18: PRI Sub Division: Kanigiri | G18: ='lead 24-25'!K33 -> Mandal Praja parishad
G19: ='lead 24-25'!K34 -> P.C.Palli

Sheet Seigneorage (2)
A1: Seigniorage Charges MGNREGS Grant
A2: ='lead 24-25'!B2&'lead 24-25'!C2 -> Name of the Work: Completion of incomplete Anganwadi building in Paletipalli village of P.C.Palli Mandal.
A3: S No | B3: Description of the work | C3: Ground Floor | D3: First Floor | E3: second floor | F3: Total Quantity | H3: 40mm Metal | I3: 20mm HBG Chips | J3: 20mm-12mm Chips | K3: Rough Stone | L3: Sand Concrete | M3: Sand Mortar | N3: Sand Plastering | O3: Sand Filling | P3: S.Earth | Q3: Bricks | R3: Gravel | S3: Cement Qty in Kg | T3: Cement required
A4: 1 | B4: Earthwork Excavation | F4: =C4+D4 -> 0 | G4: M3 | H4: 0 | I4: 0 | J4: 0 | K4: 0 | L4: 0 | M4: 0 | N4: 0 | O4: 0 | P4: 0 | Q4: 0 | R4: =F4 -> 0 | S4: 0 | T4: 0
A5: 1 | B5: Sand Filling | C5: =ESTIMATE!I81 -> 1.53 | F5: =SUM(C5:E5) -> 1.53 | G5: M3 | H5: 0 | I5: 0 | J5: 0 | K5: 0 | L5: 0 | M5: 0 | N5: 0 | O5: =F5 -> 1.53 | P5: 0 | Q5: 0 | R5: 0 | S5: 0 | T5: 0
A6: 2 | B6: Selected earth | C6: =ESTIMATE!I62 -> 0 | F6: =SUM(C6:E6) -> 0 | G6: M3 | H6: 0 | I6: 0 | J6: 0 | K6: 0 | L6: 0 | M6: 0 | N6: 0 | O6: 0 | P6: =F6 -> 0 | Q6: 0 | R6: 0 | S6: 0 | T6: 0
A7: 4 | B7: Gravel filling | C7: =ESTIMATE!I72 -> 0 | F7: =SUM(C7:E7) -> 0 | G7: M3 | H7: 0 | I7: 0 | J7: 0 | K7: 0 | L7: 0 | M7: 0 | N7: 0 | O7: 0 | Q7: 0 | R7: =F7 -> 0 | S7: 0 | T7: 0
A8: 3 | B8: PCC (1:4:8) | C8: =ESTIMATE!I45 -> 5.45 | F8: =SUM(C8:E8) -> 5.45 | G8: M3 | H8: =ROUND(F8*0.9,2) -> 4.91 | I8: 0 | J8: 0 | K8: 0 | L8: =ROUND(F8*0.45,2) -> 2.45 | M8: 0 | N8: 0 | O8: 0 | P8: 0 | Q8: 0 | R8: 0 | S8: =ROUND(F8*T8/50,2) -> 17.66 | T8: 162 | U8: Kg
A9: 4 | B9: PCC (1:5:10) | C9: =ESTIMATE!I56 -> 0 | F9: =SUM(C9:E9) -> 0 | G9: M3 | H9: =ROUND(F9*0.9,2) -> 0 | I9: 0 | J9: 0 | K9: 0 | L9: =ROUND(F9*0.45,2) -> 0 | M9: 0 | N9: 0 | O9: 0 | P9: 0 | Q9: 0 | R9: 0 | S9: =ROUND(F9*T9/50,2) -> 0 | T9: 129.6 | U9: Kg
A10: 4 | B10: RCC Footings | C10: =ESTIMATE!I96 -> 0 | F10: =SUM(C10:E10) -> 0 | G10: M3 | H10: 0 | I10: =ROUND(F10*0.8,2) -> 0 | J10: 0 | K10: 0 | L10: =ROUND(F10*0.4,2) -> 0 | M10: 0 | N10: 0 | O10: 0 | P10: 0 | Q10: 0 | R10: 0 | S10: =ROUND(F10*T10/50,2) -> 0 | T10: ='DATA 2024-25'!E139 -> 330 | U10: Kg
A11: 5 | B11: RCC Pedastals | C11: =ESTIMATE!I100 -> 0 | F11: =SUM(C11:E11) -> 0 | G11: M3 | H11: 0 | I11: =ROUND(F11*0.8,2) -> 0 | J11: 0 | K11: 0 | L11: =ROUND(F11*0.4,2) -> 0 | M11: 0 | N11: 0 | O11: 0 | P11: 0 | Q11: 0 | R11: 0 | S11: =ROUND(F11*T11/50,2) -> 0 | T11: =$T$10 -> 330 | U11: Kg
A12: 6 | B12: RCC Columns | C12: =ESTIMATE!I106 -> 0 | D12: =ESTIMATE!I528 -> 0 | E12: =ESTIMATE!I933 -> 0 | F12: =SUM(C12:E12) -> 0 | G12: M3 | H12: 0 | I12: =ROUND(F12*0.8,2) -> 0 | J12: 0 | K12: 0 | L12: =ROUND(F12*0.4,2) -> 0 | M12: 0 | N12: 0 | O12: 0 | P12: 0 | Q12: 0 | R12: 0 | S12: =ROUND(F12*T12/50,2) -> 0 | T12: =$T$10 -> 330 | U12: Kg
A13: 7 | B13: RCC Plinth Beam | C13: =ESTIMATE!I113 -> 0 | F13: =SUM(C13:E13) -> 0 | G13: M3 | H13: 0 | I13: =ROUND(F13*0.8,2) -> 0 | J13: 0 | K13: 0 | L13: =ROUND(F13*0.4,2) -> 0 | M13: 0 | N13: 0 | O13: 0 | P13: 0 | Q13: 0 | R13: 0 | S13: =ROUND(F13*T13/50,2) -> 0 | T13: =$T$10 -> 330 | U13: Kg
A14: 8 | B14: RCC Roof Beams | C14: =ESTIMATE!I121 -> 3.35 | D14: =ESTIMATE!I534 -> 0 | E14: =ESTIMATE!I939 -> 0 | F14: =SUM(C14:E14) -> 3.35 | G14: M3 | H14: 0 | I14: =ROUND(F14*0.8,2) -> 2.68 | J14: 0 | K14: 0 | L14: =ROUND(F14*0.4,2) -> 1.34 | M14: 0 | N14: 0 | O14: 0 | P14: 0 | Q14: 0 | R14: 0 | S14: =ROUND(F14*T14/50,2) -> 22.11 | T14: =$T$10 -> 330 | U14: Kg
A15: 9 | B15: RCC Landing Slab 150mm th | C15: =ROUND(ESTIMATE!I127*0.15,2) -> 0 | D15: =ROUND(ESTIMATE!I542*0.15,2) -> 0 | E15: =ROUND(ESTIMATE!I947*0.15,2) -> 0 | F15: =SUM(C15:E15) -> 0 | G15: M2 | H15: 0 | I15: =ROUND(F15*0.8,2) -> 0 | J15: 0 | K15: 0 | L15: =ROUND(F15*0.4,2) -> 0 | M15: 0 | N15: 0 | O15: 0 | P15: 0 | Q15: 0 | R15: 0 | S15: =ROUND(F15*T15/50,2) -> 0 | T15: =ROUND(T14,2) -> 330 | U15: Kg
A16: 10 | B16: RCC Roof Slab 125mm th | C16: =ROUND(ESTIMATE!I131*0.125,2) -> 8.65 | D16: =ROUND(ESTIMATE!I546*0.125,2) -> 0 | E16: =ROUND(ESTIMATE!I952*0.125,2) -> 0 | F16: =SUM(C16:E16) -> 8.65 | G16: M2 | H16: 0 | I16: =ROUND(F16*0.8,2) -> 6.92 | J16: 0 | K16: 0 | L16: =ROUND(F16*0.4,2) -> 3.46 | M16: 0 | N16: 0 | O16: 0 | P16: 0 | Q16: 0 | R16: 0 | S16: =ROUND(F16*T16/50,2) -> 57.09 | T16: =ROUND(T14,2) -> 330 | U16: Kg
A17: 14 | B17: RCC Roof Slab 100mm th | C17: =ROUND(ESTIMATE!I136*0.1,2) -> 0 | D17: =ROUND(ESTIMATE!I551*0.1,2) -> 0 | E17: =ROUND(ESTIMATE!I957*0.1,2) -> 0 | F17: =SUM(C17:E17) -> 0 | G17: M2 | H17: 0 | I17: =ROUND(F17*0.8,2) -> 0 | J17: 0 | K17: 0 | L17: =ROUND(F17*0.4,2) -> 0 | M17: 0 | N17: 0 | O17: 0 | P17: 0 | Q17: 0 | R17: 0 | S17: =ROUND(F17*T17/50,2) -> 0 | T17: =T16 -> 330 | U17: Kg
A18: 9 | B18: Precasted slab 50mm | C18: =ROUND(ESTIMATE!I142*0.05,2) -> 0 | D18: =ROUND(ESTIMATE!I562*0.05,2) -> 0 | E18: =ROUND(ESTIMATE!I968*0.05,2) -> 0 | F18: =SUM(C18:E18) -> 0 | G18: M2 | H18: 0 | I18: =ROUND(F18*0.8,2) -> 0 | J18: 0 | K18: 0 | L18: =ROUND(F18*0.4,2) -> 0 | M18: 0 | N18: 0 | O18: 0 | P18: 0 | Q18: 0 | R18: 0 | S18: =ROUND(F18*T18/50,2) -> 0 | T18: =T17 -> 330 | U18: Kg
A19: 16 | B19: Precasted slab 25mm | C19: =ROUND(ESTIMATE!I153*0.025,2) -> 0 | D19: =ROUND(ESTIMATE!I573*0.025,2) -> 0 | E19: =ROUND(ESTIMATE!I979*0.025,2) -> 0 | F19: =SUM(C19:E19) -> 0 | G19: M2 | H19: 0 | I19: =ROUND(F19*0.8,2) -> 0 | J19: 0 | K19: 0 | L19: =ROUND(F19*0.4,2) -> 0 | M19: 0 | N19: 0 | O19: 0 | P19: 0 | Q19: 0 | R19: 0 | S19: =ROUND(F19*T19/50,2) -> 0 | T19: =T18 -> 330 | U19: Kg
A20: 11 | B20: RCC Lintels | C20: =ESTIMATE!I160 -> 0.6 | D20: =ESTIMATE!I578 -> 0 | E20: =ESTIMATE!I987 -> 0 | F20: =SUM(C20:E20) -> 0.6 | G20: M3 | H20: 0 | I20: =ROUND(F20*0.8,2) -> 0.48 | J20: 0 | K20: 0 | L20: =ROUND(F20*0.4,2) -> 0.24 | M20: 0 | N20: 0 | O20: 0 | P20: 0 | Q20: 0 | R20: 0 | S20: =ROUND(F20*T20/50,2) -> 3.96 | T20: =$T$10 -> 330 | U20: Kg
A21: 12 | B21: RCC Sunshades | C21: =ESTIMATE!I165 -> 9.6 | D21: =ESTIMATE!I582 -> 0 | E21: =ESTIMATE!I992 -> 0 | F21: =SUM(C21:E21) -> 9.6 | G21: RM | H21: 0 | I21: =ROUND(F21*0.0375*0.8,2) -> 0.29 | J21: 0 | K21: 0 | L21: =ROUND(F21*0.0375*0.4,2) -> 0.14 | M21: 0 | N21: 0 | O21: 0 | P21: 0 | Q21: 0 | R21: 0 | S21: =ROUND(F21*T21/50,2) -> 2.38 | T21: =T20*0.0375 -> 12.375 | U21: Kg
A22: 1 | B22: Acco Plaster'g CM (1:3) 12mm | C22: =ESTIMATE!I169 -> 69.19 | D22: =ESTIMATE!I588 -> 0 | E22: =ESTIMATE!I997 -> 0 | F22: =SUM(C22:E22) -> 69.19 | G22: M2 | H22: 0 | I22: 0 | J22: 0 | K22: 0 | L22: 0 | M22: 0 | N22: =ROUND(ROUND((0.015*1.05),3)*ROUND(F22,2),2) -> 1.11 | O22: 0 | P22: 0 | Q22: 0 | R22: 0 | S22: =ROUND(F22*T22/50,2) -> 9.96 | T22: 7.2 | U22: Kg
A23: 12 | B23: Acco Plaster'g CM (1:3) 20mm | C23: =ESTIMATE!I175 -> 0 | D23: =ESTIMATE!I594 -> 0 | E23: =ESTIMATE!I1003 -> 0 | F23: =SUM(C23:E23) -> 0 | G23: M2 | H23: 0 | I23: 0 | J23: 0 | K23: 0 | L23: 0 | M23: 0 | N23: =ROUND(ROUND((0.021*1.05),3)*ROUND(F23,2),2) -> 0 | O23: 0 | P23: 0 | Q23: 0 | R23: 0 | S23: =ROUND(F23*T23/50,2) -> 0 | T23: 10.08 | U23: Kg
A24: 15 | B24: Rough stone | C24: =ESTIMATE!I185 -> 0 | F24: =SUM(C24:E24) -> 0 | G24: M3 | H24: 0 | I24: 0 | J24: 0 | K24: =ROUND(F24*1.1,2) -> 0 | L24: 0 | M24: =ROUND(F24*0.33,2) -> 0 | N24: 0 | O24: 0 | P24: 0 | R24: 0 | S24: =ROUND(F24*T24/50,2) -> 0 | T24: 59.4 | U24: Kg
A25: 14 | B25: BM CM (1:8) Super | C25: =ESTIMATE!I212 -> 19.08 | D25: =ESTIMATE!I606 -> 0 | E25: =ESTIMATE!I1020 -> 0 | F25: =SUM(C25:E25) -> 19.08 | G25: M3 | H25: 0 | I25: 0 | J25: 0 | K25: 0 | L25: 0 | M25: =ROUND(F25*0.2,2) -> 3.82 | N25: 0 | O25: 0 | P25: 0 | Q25: =ROUND(F25*512/1000,2) -> 9.77 | R25: 0 | S25: =ROUND(F25*T25/50,2) -> 13.74 | T25: 36 | U25: Kg
A26: 15 | B26: BM CM (1:6) | C26: =ESTIMATE!I220 -> 0 | D26: =ESTIMATE!I631 -> 0 | E26: =ESTIMATE!I1029 -> 0 | F26: =SUM(C26:E26) -> 0 | G26: M3 | H26: 0 | I26: 0 | J26: 0 | K26: 0 | L26: 0 | M26: =ROUND(F26*0.2,2) -> 0 | N26: 0 | O26: 0 | P26: 0 | Q26: =ROUND(F26*512/1000,2) -> 0 | R26: 0 | S26: =ROUND(F26*T26/50,2) -> 0 | T26: 48 | U26: Kg
A27: 16 | B27: BM CM (1:6) 115mm | C27: =ESTIMATE!I226 -> 0 | D27: =ESTIMATE!I658 -> 0 | E27: =ESTIMATE!I1034 -> 0 | F27: =SUM(C27:E27) -> 0 | G27: M2 | H27: 0 | I27: 0 | J27: 0 | K27: 0 | L27: 0 | M27: =ROUND(F27*0.022,2) -> 0 | N27: 0 | O27: 0 | P27: 0 | Q27: =ROUND(F27*512*0.1/1000,2) -> 0 | R27: 0 | S27: =ROUND(F27*T27/50,2) -> 0 | T27: 10.6 | U27: Kg
A28: 16 | B28: Fly cement bricks | C28: =ESTIMATE!I234 -> 0 | D28: =ESTIMATE!I669 -> 0 | E28: =ESTIMATE!I1045 -> 0 | F28: =SUM(C28:E28) -> 0 | G28: M3 | H28: 0 | I28: 0 | J28: 0 | K28: 0 | L28: 0 | M28: =ROUND(F28*0.1*1.05,2) -> 0 | N28: 0 | O28: 0 | P28: 0 | Q28: =ROUND(F28*110/1000,2) -> 0 | R28: 0 | S28: =ROUND(F28*T28/50,2) -> 0 | T28: 24 | U28: Kg
A29: 26 | B29: RCM drop wall | C29: =ESTIMATE!I239 -> 0 | D29: =ESTIMATE!I675 -> 0 | F29: =SUM(C29:E29) -> 0 | G29: M2 | H29: 0 | I29: 0 | J29: 0 | K29: 0 | L29: 0 | M29: 0 | N29: =ROUND(F29*((0.015*1.05)+(0.025*1.05)),2) -> 0 | O29: 0 | P29: 0 | Q29: 0 | R29: 0 | S29: =ROUND(F29*T29/50,2) -> 0 | T29: 20.89 | U29: Kg
A30: 17 | B30: Ceiling Plaster CM (1:3) 12mm | C30: =ESTIMATE!I256 -> 79.63 | D30: =ESTIMATE!I683 -> 0 | E30: =ESTIMATE!I1055 -> 0 | F30: =SUM(C30:E30) -> 79.63 | G30: M2 | H30: 0 | I30: 0 | J30: 0 | K30: 0 | L30: 0 | M30: 0 | N30: =ROUND(ROUND((0.015*1.05),3)*ROUND(F30,2),2) -> 1.27 | O30: 0 | P30: 0 | Q30: 0 | R30: 0 | S30: =ROUND(F30*T30/50,2) -> 11.47 | T30: 7.2 | U30: Kg
A31: 18 | B31: Plaster'ing CM (1:5) 12mm th | C31: =ESTIMATE!I272 -> 0 | D31: =ESTIMATE!I693 -> 0 | E31: =ESTIMATE!I1096 -> 0 | F31: =SUM(C31:E31) -> 0 | G31: M2 | H31: 0 | I31: 0 | J31: 0 | K31: 0 | L31: 0 | M31: 0 | N31: =ROUND(ROUND((0.015*1.05),3)*ROUND(F31,2),2) -> 0 | O31: 0 | P31: 0 | Q31: 0 | R31: 0 | S31: =ROUND(F31*T31/50,2) -> 0 | T31: 4.32 | U31: Kg
A32: 19 | B32: Plaster'ing 20mm thick single | C32: =ESTIMATE!I277 -> 0 | D32: =ESTIMATE!I701 -> 0 | E32: =ESTIMATE!I1101 -> 0 | F32: =SUM(C32:E32) -> 0 | G32: M2 | H32: 0 | I32: 0 | J32: 0 | K32: 0 | L32: 0 | M32: 0 | N32: =ROUND(ROUND((0.021*1.05),3)*ROUND(F32,2),2) -> 0 | O32: 0 | P32: 0 | Q32: 0 | R32: 0 | S32: =ROUND(F32*T32/50,2) -> 0 | T32: 6.05 | U32: Kg
A33: 2 | B33: Plaster'ing 12mm thick double | C33: =ESTIMATE!I290 -> 100.18 | D33: =ESTIMATE!I726 -> 0 | E33: =ESTIMATE!I1108 -> 0 | F33: =SUM(C33:E33) -> 100.18 | G33: M2 | H33: 0 | I33: 0 | J33: 0 | K33: 0 | L33: 0 | M33: 0 | N33: =ROUND(F33*0.015*1,2) -> 1.5 | O33: 0 | P33: 0 | Q33: 0 | R33: 0 | S33: =ROUND(F33*T33/50,2) -> 10.2 | T33: 5.09 | U33: Kg
A34: 21 | B34: Plaster'ing 20mm thick double | C34: =ESTIMATE!I307 -> 119.98 | D34: =ESTIMATE!I734 -> 0 | E34: =ESTIMATE!I1117 -> 0 | F34: =SUM(C34:E34) -> 119.98 | G34: M2 | H34: 0 | I34: 0 | J34: 0 | K34: 0 | L34: 0 | M34: 0 | N34: =ROUND(F34*0.022*1,2) -> 2.64 | O34: 0 | P34: 0 | Q34: 0 | R34: 0 | S34: =ROUND(F34*T34/50,2) -> 13.8 | T34: 5.75 | U34: Kg
A35: 32 | B35: CC Steps | C35: =ESTIMATE!I324 -> 0 | D35: =ESTIMATE!I740 -> 0 | E35: =ESTIMATE!I1123 -> 0 | F35: =SUM(C35:E35) -> 0 | G35: M3 | H35: 0 | I35: =ROUND(F35*0.8,2) -> 0 | J35: 0 | K35: 0 | L35: =ROUND(F35*0.4,2) -> 0 | M35: 0 | N35: 0 | O35: 0 | P35: 0 | Q35: 0 | R35: 0 | S35: =ROUND(F35*T35/50,2) -> 0 | T35: =$T$10 -> 330 | U35: Kg
A36: 3 | B36: Flooring Vetrified Tiles | C36: =ESTIMATE!I333 -> 50.23 | D36: =ESTIMATE!I748 -> 0 | E36: =ESTIMATE!I1133 -> 0 | F36: =SUM(C36:E36) -> 50.23 | G36: M2 | H36: 0 | I36: 0 | J36: 0 | K36: 0 | L36: 0 | M36: =ROUND(F36*0.014,2) -> 0.7 | N36: 0 | O36: 0 | P36: 0 | Q36: 0 | R36: 0 | S36: =ROUND(F36*T36/50,2) -> 6.09 | T36: 6.06 | U36: Kg
A37: 4 | B37: Skirting Vetrified Tiles | C37: =ESTIMATE!I346 -> 5.25 | D37: =ESTIMATE!I763 -> 0 | E37: =ESTIMATE!I1142 -> 0 | F37: =SUM(C37:E37) -> 5.25 | G37: M2 | H37: 0 | I37: 0 | J37: 0 | K37: 0 | L37: 0 | M37: =ROUND(F37*0.012,2) -> 0.06 | N37: 0 | O37: 0 | P37: 0 | Q37: 0 | R37: 0 | S37: =ROUND(F37*T37/50,2) -> 0.71 | T37: 6.756 | U37: Kg
A38: 21 | B38: Flooring Granite stone | C38: =ESTIMATE!I353 -> 0 | D38: =ESTIMATE!I770 -> 0 | E38: =ESTIMATE!I1153 -> 0 | F38: =SUM(C38:E38) -> 0 | G38: M2 | H38: 0 | I38: 0 | J38: 0 | K38: 0 | L38: 0 | M38: =ROUND(F38*0.014,2) -> 0 | N38: 0 | O38: 0 | P38: 0 | Q38: 0 | R38: 0 | S38: =ROUND(F38*T38/50,2) -> 0 | T38: 7.5 | U38: Kg
A39: 22 | B39: Skirting Granite stone | C39: =ESTIMATE!I360 -> 0 | D39: =ESTIMATE!I776 -> 0 | E39: =ESTIMATE!I1162 -> 0 | F39: =SUM(C39:E39) -> 0 | G39: M2 | H39: 0 | I39: 0 | J39: 0 | K39: 0 | L39: 0 | M39: =ROUND(F39*0.012,2) -> 0 | N39: 0 | O39: 0 | P39: 0 | Q39: 0 | R39: 0 | S39: =ROUND(F39*T39/50,2) -> 0 | T39: 9.06 | U39: Kg
A40: 37 | B40: Flooring Terrazo tiles | C40: =ESTIMATE!I372 -> 0 | D40: =ESTIMATE!I791 -> 0 | E40: =ESTIMATE!I1177 -> 0 | F40: =SUM(C40:E40) -> 0 | G40: M2 | H40: 0 | I40: 0 | J40: 0 | K40: 0 | L40: 0 | M40: =ROUND(F40*0.014,2) -> 0 | N40: 0 | O40: 0 | P40: 0 | Q40: 0 | R40: 0 | S40: =ROUND(F40*T40/50,2) -> 0 | T40: 7.5 | U40: Kg
A41: 38 | B41: Skirting Terrazo tiles | C41: =ESTIMATE!I382 -> 0 | D41: =ESTIMATE!I801 -> 0 | E41: =ESTIMATE!I1187 -> 0 | F41: =SUM(C41:E41) -> 0 | G41: M2 | H41: 0 | I41: 0 | J41: 0 | K41: 0 | L41: 0 | M41: =ROUND(F41*0.012,2) -> 0 | N41: 0 | O41: 0 | P41: 0 | Q41: 0 | R41: 0 | S41: =ROUND(F41*T41/50,2) -> 0 | T41: 6.756 | U41: Kg
A42: 5 | B42: Ceramic Tiles Flooring | C42: =ESTIMATE!I386 -> 0 | D42: =ESTIMATE!I806 -> 0 | E42: =ESTIMATE!I1201 -> 0 | F42: =SUM(C42:E42) -> 0 | G42: M2 | H42: 0 | I42: 0 | J42: 0 | K42: 0 | L42: 0 | M42: =ROUND(F42*0.012,2) -> 0 | N42: 0 | O42: 0 | P42: 0 | Q42: 0 | R42: 0 | S42: =ROUND(F42*T42/50,2) -> 0 | T42: 5.46 | U42: Kg
A43: 6 | B43: Daddooing wall tiles | C43: =ESTIMATE!I392 -> 0 | D43: =ESTIMATE!I812 -> 0 | E43: =ESTIMATE!I1207 -> 0 | F43: =SUM(C43:E43) -> 0 | G43: M2 | H43: 0 | I43: 0 | J43: 0 | K43: 0 | L43: 0 | M43: =ROUND(F43*0.012,2) -> 0 | N43: 0 | O43: 0 | P43: 0 | Q43: 0 | R43: 0 | S43: =ROUND(F43*T43/50,2) -> 0 | T43: 9.06 | U43: Kg
A44: 22 | B44: Pressed tiles | C44: =ESTIMATE!I397 -> 0 | D44: =ESTIMATE!I820 -> 0 | E44: =ESTIMATE!I1215 -> 0 | F44: =SUM(C44:E44) -> 0 | G44: M2 | H44: 0 | I44: 0 | J44: 0 | K44: 0 | L44: 0 | M44: =ROUND(F44*0.008*1,2) -> 0 | N44: 0 | O44: 0 | P44: 0 | Q44: 0 | R44: 0 | S44: =ROUND(F44*T44/50,2) -> 0 | T44: 2.76 | U44: Kg
F46: Total Qty | H46: =SUM(H4:H45) -> 4.91 | I46: =SUM(I4:I45) -> 10.37 | J46: =SUM(J4:J45) -> 0 | K46: =SUM(K4:K45) -> 0 | L46: =SUM(L4:L45) -> 7.63 | M46: =SUM(M4:M45) -> 4.58 | N46: =SUM(N4:N45) -> 6.52 | O46: =SUM(O4:O45) -> 1.53 | ... S46: =SUM(S4:S45) -> 169.17 | T46: Bags
F47: Rate / M3 | H47: 90 | I47: 90 | J47: 90 | K47: 90 | L47: 100 | M47: 100 | N47: 100 | O47: 100 | P47: 45 | Q47: 80 | R47: 45 | S47: =ROUND((S46*50)/1000,2) -> 8.46 | T47: MT
G48: Rs | H48: =ROUND(H46*H47,0) -> 442 | I48: =ROUND(I46*I47,0) -> 933 | J48: =ROUND(J46*J47,0) -> 0 | K48: =ROUND(K46*K47,0) -> 0 | L48: =ROUND(L46*L47,0) -> 763 | M48: =ROUND(M46*M47,0) -> 458 | N48: =ROUND(N46*N47,0) -> 652 | O48: =ROUND(O46*O47,0) -> 153 | P48: =ROUND(P46*P47,0) -> 0 | Q48: =ROUND(Q46*Q47/1,0) -> 782 | R48: =ROUND(R46*R47,0) -> 0
F49: Total | G49: Rs | H49: =SUM(H48:R48) -> 4183
M53: ='lead 24-25'!$H$32 -> Deputy Executive Engineer | R53: ='lead 24-25'!$K$32 -> Assistant Engineer
M54: ='lead 24-25'!$H$33 -> PRI Sub Division | R54: ='lead 24-25'!$K$33 -> Mandal Praja parishad
M55: ='lead 24-25'!$H$34 -> Kanigiri | R55: ='lead 24-25'!$K$34 -> P.C.Palli

Sheet RE-DE
A1: RELEASE AND DISCHARGE CERTIFICATE
A2: I do here by release and discharge with the Executive Engineer / Dy.Executive Engineer, PRI Division/ Sub Division, Kandukur all claims and demand what so ever arising out of the work or contracts with the contract vide Agt.No. 12 /2022-23 Dt 06.02.2023 with full and final settlement of my all claims and demands of the work
G7: Contractor
